Workbook

Sheet Summary Sheet
C1: WEEK | G1: WEEK | K1: WEEK | O1: WEEK | S1: WEEK | W1: WEEK | AA1: WEEK | AE1: WEEK | AI1: WEEK | AM1: WEEK | AQ1: WEEK | AU1: WEEK | AY1: WEEK | BC1: WEEK | BG1: WEEK | BK1: WEEK | BO1: WEEK | BS1: WEEK | BW1: WEEK | CA1: WEEK | CE1: WEEK | CI1: WEEK | CM1: WEEK | CQ1: WEEK | CU1: WEEK | CY1: WEEK | DC1: WEEK | DG1: WEEK | DK1: WEEK | DO1: WEEK | DS1: WEEK
C2: W01_2022 | G2: W02_2022 | K2: W03_2022 | O2: =VLOOKUP(O3,#REF!,3,0) -> #REF! | S2: =VLOOKUP(S3,#REF!,3,0) -> #REF! | W2: =VLOOKUP(W3,#REF!,3,0) -> #REF! | AA2: =VLOOKUP(AA3,#REF!,3,0) -> #REF! | AE2: =VLOOKUP(AE3,#REF!,3,0) -> #REF! | AI2: =VLOOKUP(AI3,#REF!,3,0) -> #REF! | AM2: =VLOOKUP(AM3,#REF!,3,0) -> #REF! | AQ2: =VLOOKUP(AQ3,#REF!,3,0) -> #REF! | AU2: =VLOOKUP(AU3,#REF!,3,0) -> #REF! | AY2: =VLOOKUP(AY3,#REF!,3,0) -> #REF! | BC2: =VLOOKUP(BC3,#REF!,3,0) -> #REF! | BG2: =VLOOKUP(BG3,#REF!,3,0) -> #REF! | BK2: =VLOOKUP(BK3,#REF!,3,0) -> #REF! | BO2: =VLOOKUP(BO3,#REF!,3,0) -> #REF! | BS2: =VLOOKUP(BS3,#REF!,3,0) -> #REF! | BW2: =VLOOKUP(BW3,#REF!,3,0) -> #REF! | CA2: =VLOOKUP(CA3,#REF!,3,0) -> #REF! | CE2: =VLOOKUP(CE3,#REF!,3,0) -> #REF! | CI2: =VLOOKUP(CI3,#REF!,3,0) -> #REF! | CM2: =VLOOKUP(CM3,#REF!,3,0) -> #REF! | CQ2: =VLOOKUP(CQ3,#REF!,3,0) -> #REF! | CU2: =VLOOKUP(CU3,#REF!,3,0) -> #REF! | CY2: =VLOOKUP(CY3,#REF!,3,0) -> #REF! | DC2: =VLOOKUP(DC3,#REF!,3,0) -> #REF! | DG2: =VLOOKUP(DG3,#REF!,3,0) -> #REF! | DK2: =VLOOKUP(DK3,#REF!,3,0) -> #REF! | DO2: =VLOOKUP(DO3,#REF!,3,0) -> #REF! | DS2: =VLOOKUP(DS3,#REF!,3,0) -> #REF!
C3: 44562 | G3: =C4+1 -> 44569 | K3: =G4+1 -> 44576 | O3: =K4+1 -> 44583 | S3: =O4+1 -> 44590 | W3: =S4+1 -> 44597 | AA3: =W4+1 -> 44604 | AE3: =AA4+1 -> 44611 | AI3: =AE4+1 -> 44618 | AM3: =AI4+1 -> 44625 | AQ3: =AM4+1 -> 44632 | AU3: =AQ4+1 -> 44639 | AY3: =AU4+1 -> 44646 | BC3: =AY4+1 -> 44653 | BG3: =BC4+1 -> 44660 | BK3: =BG4+1 -> 44667 | BO3: =BK4+1 -> 44674 | BS3: =BO4+1 -> 44681 | BW3: =BS4+1 -> 44688 | CA3: =BW4+1 -> 44695 | CE3: =CA4+1 -> 44702 | CI3: =CE4+1 -> 44709 | CM3: =CI4+1 -> 44716 | CQ3: =CM4+1 -> 44723 | CU3: =CQ4+1 -> 44730 | CY3: =CU4+1 -> 44737 | DC3: =CY4+1 -> 44744 | DG3: =DC4+1 -> 44751 | DK3: =DG4+1 -> 44758 | DO3: =DK4+1 -> 44765 | DS3: =DO4+1 -> 44772
C4: 44568 | G4: =G3+6 -> 44575 | K4: =K3+6 -> 44582 | O4: =O3+6 -> 44589 | S4: =S3+6 -> 44596 | W4: =W3+6 -> 44603 | AA4: =AA3+6 -> 44610 | AE4: =AE3+6 -> 44617 | AI4: =AI3+6 -> 44624 | AM4: =AM3+6 -> 44631 | AQ4: =AQ3+6 -> 44638 | AU4: =AU3+6 -> 44645 | AY4: =AY3+6 -> 44652 | BC4: =BC3+6 -> 44659 | BG4: =BG3+6 -> 44666 | BK4: =BK3+6 -> 44673 | BO4: =BO3+6 -> 44680 | BS4: =BS3+6 -> 44687 | BW4: =BW3+6 -> 44694 | CA4: =CA3+6 -> 44701 | CE4: =CE3+6 -> 44708 | CI4: =CI3+6 -> 44715 | CM4: =CM3+6 -> 44722 | CQ4: =CQ3+6 -> 44729 | CU4: =CU3+6 -> 44736 | CY4: =CY3+6 -> 44743 | DC4: =DC3+6 -> 44750 | DG4: =DG3+6 -> 44757 | DK4: =DK3+6 -> 44764 | DO4: =DO3+6 -> 44771 | DS4: =DS3+6 -> 44778
C5: RON | D5: USD | E5: EUR | F5: Total EUR | G5: RON | H5: USD | I5: EUR | J5: Total EUR | K5: RON | L5: USD | M5: EUR | N5: Total EUR | O5: RON | P5: USD | Q5: EUR | R5: Total EUR | S5: RON | T5: USD | U5: EUR | V5: Total EUR | W5: RON | X5: USD | Y5: EUR | Z5: Total EUR | AA5: RON | AB5: USD | AC5: EUR | AD5: Total EUR | AE5: RON | AF5: USD | AG5: EUR | AH5: Total EUR | AI5: RON | AJ5: USD | AK5: EUR | AL5: Total EUR | AM5: RON | AN5: USD | AO5: EUR | AP5: Total EUR | AQ5: RON | AR5: USD | AS5: EUR | AT5: Total EUR | AU5: RON | AV5: USD | AW5: EUR | AX5: Total EUR | AY5: RON | AZ5: USD | BA5: EUR | BB5: Total EUR | BC5: RON | BD5: USD | BE5: EUR | BF5: Total EUR | BG5: RON | BH5: USD | BI5: EUR | BJ5: Total EUR | BK5: RON | BL5: USD | BM5: EUR | BN5: Total EUR | BO5: RON | BP5: USD | BQ5: EUR | BR5: Total EUR | BS5: RON | BT5: USD | BU5: EUR | BV5: Total EUR | BW5: RON | BX5: USD | BY5: EUR | BZ5: Total EUR | CA5: RON | CB5: USD | CC5: EUR | CD5: Total EUR | CE5: RON | CF5: USD | CG5: EUR | CH5: Total EUR | CI5: RON | CJ5: USD | CK5: EUR | CL5: Total EUR | CM5: RON | CN5: USD | CO5: EUR | CP5: Total EUR | CQ5: RON | CR5: USD | CS5: EUR | CT5: Total EUR | CU5: RON | CV5: USD | CW5: EUR | CX5: Total EUR | CY5: RON | CZ5: USD | DA5: EUR | DB5: Total EUR | DC5: RON | DD5: USD | DE5: EUR | DF5: Total EUR | DG5: RON | DH5: USD | DI5: EUR | DJ5: Total EUR | DK5: RON | DL5: USD | DM5: EUR | DN5: Total EUR | DO5: RON | DP5: USD | DQ5: EUR | DR5: Total EUR | DS5: RON | DT5: USD | DU5: EUR | DV5: Total EUR
B7: I. Beginning Balance of Cash | C7: 0 | D7: 0 | G7: =+Vertical_Cash_flow!#REF! -> #REF! | H7: =+Vertical_Cash_flow!#REF! -> #REF! | I7: =+Vertical_Cash_flow!#REF! -> #REF! | J7: =+Vertical_Cash_flow!#REF! -> #REF! | K7: =+Vertical_Cash_flow!#REF! -> #REF! | L7: =+Vertical_Cash_flow!#REF! -> #REF! | M7: =+Vertical_Cash_flow!#REF! -> #REF! | N7: =+Vertical_Cash_flow!#REF! -> #REF! | ... BN7: =+Vertical_Cash_flow!#REF! -> #REF! | BO7: =+Vertical_Cash_flow!C17 -> 602723.44 | BP7: =+Vertical_Cash_flow!D17 -> -297580.16 | BQ7: =+Vertical_Cash_flow!G17 -> 2682661.9 | BR7: =+Vertical_Cash_flow!H17 -> 804798.57 | BS7: =+Vertical_Cash_flow!#REF! -> #REF! | BT7: =+Vertical_Cash_flow!#REF! -> #REF! | BU7: =+Vertical_Cash_flow!#REF! -> #REF! | BV7: =+Vertical_Cash_flow!#REF! -> #REF! | BW7: =+Vertical_Cash_flow!#REF! -> #REF! | BX7: =+Vertical_Cash_flow!#REF! -> #REF! | BY7: =+Vertical_Cash_flow!#REF! -> #REF! | BZ7: =+Vertical_Cash_flow!#REF! -> #REF! | ... DV7: =+Vertical_Cash_flow!#REF! -> #REF!
A9: Планиран | B9: Planned Receipts Operatonal Activities | G9: =Vertical_Cash_flow!#REF! -> #REF! | H9: =Vertical_Cash_flow!#REF! -> #REF! | I9: =Vertical_Cash_flow!#REF! -> #REF! | J9: =Vertical_Cash_flow!#REF! -> #REF! | K9: =Vertical_Cash_flow!#REF! -> #REF! | L9: =Vertical_Cash_flow!#REF! -> #REF! | M9: =Vertical_Cash_flow!#REF! -> #REF! | N9: =Vertical_Cash_flow!#REF! -> #REF! | ... BN9: =Vertical_Cash_flow!#REF! -> #REF! | BO9: =Vertical_Cash_flow!C76 -> 745788.58 | BP9: =Vertical_Cash_flow!D76 -> 1270000 | BQ9: =Vertical_Cash_flow!G76 -> 3159059.1 | BR9: =Vertical_Cash_flow!H76 -> 947717.74 | BS9: =Vertical_Cash_flow!#REF! -> #REF! | BT9: =Vertical_Cash_flow!#REF! -> #REF! | BU9: =Vertical_Cash_flow!#REF! -> #REF! | BV9: =Vertical_Cash_flow!#REF! -> #REF! | BW9: =Vertical_Cash_flow!#REF! -> #REF! | BX9: =Vertical_Cash_flow!#REF! -> #REF! | BY9: =Vertical_Cash_flow!#REF! -> #REF! | BZ9: =Vertical_Cash_flow!#REF! -> #REF! | ... DV9: =Vertical_Cash_flow!#REF! -> #REF!
A10: Планиран | B10: Planned Outflows Operational Activities | G10: =-Vertical_Cash_flow!#REF! -> #REF! | H10: =-Vertical_Cash_flow!#REF! -> #REF! | I10: =-Vertical_Cash_flow!#REF! -> #REF! | J10: =-Vertical_Cash_flow!#REF! -> #REF! | K10: =-Vertical_Cash_flow!#REF! -> #REF! | L10: =-Vertical_Cash_flow!#REF! -> #REF! | M10: =-Vertical_Cash_flow!#REF! -> #REF! | N10: =-Vertical_Cash_flow!#REF! -> #REF! | ... BN10: =-Vertical_Cash_flow!#REF! -> #REF! | BO10: =-Vertical_Cash_flow!C122 -> -1345890.6 | BP10: =-Vertical_Cash_flow!D122 -> -1420729 | BQ10: =-Vertical_Cash_flow!G122 -> -4434609.1 | BR10: =-Vertical_Cash_flow!H122 -> -1330382.7 | BS10: =-Vertical_Cash_flow!#REF! -> #REF! | BT10: =-Vertical_Cash_flow!#REF! -> #REF! | BU10: =-Vertical_Cash_flow!#REF! -> #REF! | BV10: =-Vertical_Cash_flow!#REF! -> #REF! | BW10: =-Vertical_Cash_flow!#REF! -> #REF! | BX10: =-Vertical_Cash_flow!#REF! -> #REF! | BY10: =-Vertical_Cash_flow!#REF! -> #REF! | BZ10: =-Vertical_Cash_flow!#REF! -> #REF! | ... DV10: =-Vertical_Cash_flow!#REF! -> #REF!
A11: Планиран | B11: Investment Activities | C11: 0 | D11: 0 | E11: 0 | F11: 0 | G11: =-Vertical_Cash_flow!#REF! -> #REF! | H11: =-Vertical_Cash_flow!#REF! -> #REF! | I11: =-Vertical_Cash_flow!#REF! -> #REF! | J11: =-Vertical_Cash_flow!#REF! -> #REF! | K11: =-Vertical_Cash_flow!#REF! -> #REF! | L11: =-Vertical_Cash_flow!#REF! -> #REF! | M11: =-Vertical_Cash_flow!#REF! -> #REF! | N11: =-Vertical_Cash_flow!#REF! -> #REF! | ... BN11: =-Vertical_Cash_flow!#REF! -> #REF! | BO11: =-Vertical_Cash_flow!C132 -> 0 | BP11: =-Vertical_Cash_flow!D132 -> 0 | BQ11: =-Vertical_Cash_flow!G132 -> 0 | BR11: =-Vertical_Cash_flow!H132 -> 0 | BS11: =-Vertical_Cash_flow!#REF! -> #REF! | BT11: =-Vertical_Cash_flow!#REF! -> #REF! | BU11: =-Vertical_Cash_flow!#REF! -> #REF! | BV11: =-Vertical_Cash_flow!#REF! -> #REF! | BW11: =-Vertical_Cash_flow!#REF! -> #REF! | BX11: =-Vertical_Cash_flow!#REF! -> #REF! | BY11: =-Vertical_Cash_flow!#REF! -> #REF! | BZ11: =-Vertical_Cash_flow!#REF! -> #REF! | ... DV11: =-Vertical_Cash_flow!#REF! -> #REF!
A12: Планиран | B12: Financing Activities | C12: 0 | D12: 0 | E12: 0 | F12: 0 | G12: =Vertical_Cash_flow!#REF! -> #REF! | H12: =Vertical_Cash_flow!#REF! -> #REF! | I12: =Vertical_Cash_flow!#REF! -> #REF! | J12: =Vertical_Cash_flow!#REF! -> #REF! | K12: =Vertical_Cash_flow!#REF! -> #REF! | L12: =Vertical_Cash_flow!#REF! -> #REF! | M12: =Vertical_Cash_flow!#REF! -> #REF! | N12: =Vertical_Cash_flow!#REF! -> #REF! | ... BN12: =Vertical_Cash_flow!#REF! -> #REF! | BO12: =Vertical_Cash_flow!C139 -> 0 | BP12: =Vertical_Cash_flow!D139 -> 8283.7626 | BQ12: =Vertical_Cash_flow!G139 -> 8283.7626 | BR12: =Vertical_Cash_flow!H139 -> 2485.1288 | BS12: =Vertical_Cash_flow!#REF! -> #REF! | BT12: =Vertical_Cash_flow!#REF! -> #REF! | BU12: =Vertical_Cash_flow!#REF! -> #REF! | BV12: =Vertical_Cash_flow!#REF! -> #REF! | BW12: =Vertical_Cash_flow!#REF! -> #REF! | BX12: =Vertical_Cash_flow!#REF! -> #REF! | BY12: =Vertical_Cash_flow!#REF! -> #REF! | BZ12: =Vertical_Cash_flow!#REF! -> #REF! | ... DV12: =Vertical_Cash_flow!#REF! -> #REF!
B14: II. Closing Balance of Cash (Planned) | G14: =SUM(G7:G12) -> #REF! | H14: =SUM(H7:H12) -> #REF! | I14: =SUM(I7:I12) -> #REF! | J14: =SUM(J7:J12) -> #REF! | K14: =SUM(K7:K12) -> #REF! | L14: =SUM(L7:L12) -> #REF! | M14: =SUM(M7:M12) -> #REF! | N14: =SUM(N7:N12) -> #REF! | ... DV14: =SUM(DV7:DV12) -> #REF!
B16: Unutilized Part of Overdraft (if applicable) | F16: 0 | J16: =+(#REF!-#REF!)*1.95583 -> #REF! | N16: =+(#REF!-#REF!)*1.95583 -> #REF! | R16: =+(#REF!-#REF!)*1.95583 -> #REF! | V16: =+(#REF!-#REF!)*1.95583 -> #REF! | Z16: =+(#REF!-#REF!)*1.95583 -> #REF! | AD16: =+(#REF!-#REF!)*1.95583 -> #REF! | AH16: =+(#REF!-#REF!)*1.95583 -> #REF! | AL16: =+(#REF!-#REF!)*1.95583 -> #REF! | AP16: =+(#REF!-#REF!)*1.95583 -> #REF! | AT16: =+(#REF!-#REF!)*1.95583 -> #REF! | AX16: =+(#REF!-#REF!)*1.95583 -> #REF! | BB16: =+(#REF!-#REF!)*1.95583 -> #REF! | BF16: =+(#REF!-#REF!)*1.95583 -> #REF! | BJ16: =+(#REF!-#REF!)*1.95583 -> #REF! | BN16: =+(#REF!-#REF!)*1.95583 -> #REF! | BR16: =+(#REF!-#REF!)*1.95583 -> #REF! | BV16: =+(#REF!-#REF!)*1.95583 -> #REF! | BZ16: =+(#REF!-#REF!)*1.95583 -> #REF! | CD16: =+(#REF!-#REF!)*1.95583 -> #REF! | CH16: =+(#REF!-#REF!)*1.95583 -> #REF! | CL16: =+(#REF!-#REF!)*1.95583 -> #REF! | CP16: =+(#REF!-#REF!)*1.95583 -> #REF! | CT16: =+(#REF!-#REF!)*1.95583 -> #REF! | CX16: =+(#REF!-#REF!)*1.95583 -> #REF! | DB16: =+(#REF!-#REF!)*1.95583 -> #REF! | DF16: =+(#REF!-#REF!)*1.95583 -> #REF! | DJ16: =+(#REF!-#REF!)*1.95583 -> #REF! | DN16: =+(#REF!-#REF!)*1.95583 -> #REF! | DR16: =+(#REF!-#REF!)*1.95583 -> #REF! | DV16: =+(#REF!-#REF!)*1.95583 -> #REF!
B18: To be Covered by Monbat for the week | J18: =IF(J14+J16<0,J14+J16,0) -> #REF! | N18: =IF(N14+N16<0,N14+N16,0) -> #REF! | R18: =IF(R14+R16<0,R14+R16,0) -> #REF! | V18: =IF(V14+V16<0,V14+V16,0) -> #REF! | Z18: =IF(Z14+Z16<0,Z14+Z16,0) -> #REF! | AD18: =IF(AD14+AD16<0,AD14+AD16,0) -> #REF! | AH18: =IF(AH14+AH16<0,AH14+AH16,0) -> #REF! | AL18: =IF(AL14+AL16<0,AL14+AL16,0) -> #REF! | AP18: =IF(AP14+AP16<0,AP14+AP16,0) -> #REF! | AT18: =IF(AT14+AT16<0,AT14+AT16,0) -> #REF! | AX18: =IF(AX14+AX16<0,AX14+AX16,0) -> #REF! | BB18: =IF(BB14+BB16<0,BB14+BB16,0) -> #REF! | BF18: =IF(BF14+BF16<0,BF14+BF16,0) -> #REF! | BJ18: =IF(BJ14+BJ16<0,BJ14+BJ16,0) -> #REF! | BN18: =IF(BN14+BN16<0,BN14+BN16,0) -> #REF! | BR18: =IF(BR14+BR16<0,BR14+BR16,0) -> #REF! | BV18: =IF(BV14+BV16<0,BV14+BV16,0) -> #REF! | BZ18: =IF(BZ14+BZ16<0,BZ14+BZ16,0) -> #REF! | CD18: =IF(CD14+CD16<0,CD14+CD16,0) -> #REF! | CH18: =IF(CH14+CH16<0,CH14+CH16,0) -> #REF! | CL18: =IF(CL14+CL16<0,CL14+CL16,0) -> #REF! | CP18: =IF(CP14+CP16<0,CP14+CP16,0) -> #REF! | CT18: =IF(CT14+CT16<0,CT14+CT16,0) -> #REF! | CX18: =IF(CX14+CX16<0,CX14+CX16,0) -> #REF! | DB18: =IF(DB14+DB16<0,DB14+DB16,0) -> #REF! | DF18: =IF(DF14+DF16<0,DF14+DF16,0) -> #REF! | DJ18: =IF(DJ14+DJ16<0,DJ14+DJ16,0) -> #REF! | DN18: =IF(DN14+DN16<0,DN14+DN16,0) -> #REF! | DR18: =IF(DR14+DR16<0,DR14+DR16,0) -> #REF! | DV18: =IF(DV14+DV16<0,DV14+DV16,0) -> #REF!
B19: To be Covered by Monbat with accumulation | J19: =F19+J18 -> #REF! | N19: =J19+N18 -> #REF! | R19: =N19+R18 -> #REF! | V19: =R19+V18 -> #REF! | Z19: =V19+Z18 -> #REF! | AD19: =Z19+AD18 -> #REF! | AH19: =AD19+AH18 -> #REF! | AL19: =AH19+AL18 -> #REF! | AP19: =AL19+AP18 -> #REF! | AT19: =AP19+AT18 -> #REF! | AX19: =AT19+AX18 -> #REF! | BB19: =AX19+BB18 -> #REF! | BF19: =BB19+BF18 -> #REF! | BJ19: =BF19+BJ18 -> #REF! | BN19: =BJ19+BN18 -> #REF! | BR19: =BN19+BR18 -> #REF! | BV19: =BR19+BV18 -> #REF! | BZ19: =BV19+BZ18 -> #REF! | CD19: =BZ19+CD18 -> #REF! | CH19: =CD19+CH18 -> #REF! | CL19: =CH19+CL18 -> #REF! | CP19: =CL19+CP18 -> #REF! | CT19: =CP19+CT18 -> #REF! | CX19: =CT19+CX18 -> #REF! | DB19: =CX19+DB18 -> #REF! | DF19: =DB19+DF18 -> #REF! | DJ19: =DF19+DJ18 -> #REF! | DN19: =DJ19+DN18 -> #REF! | DR19: =DN19+DR18 -> #REF! | DV19: =DR19+DV18 -> #REF!

Sheet Vertical_Cash_flow
B1: Applicable Exchange rates
B2: 0.3 | C2: Input EUR / TND rate | E2: =1/3.3859 -> 0.29534245 | H2: Dr Cash | N2: Dr Cash | T2: Dr Cash | Z2: Dr Cash | AF2: Dr Cash | AL2: Dr Cash | AR2: Dr Cash | AX2: Dr Cash
B3: 0.33 | C3: Input USD / TND rate | E3: =1/3.092 -> 0.32341527 | H3: Cr Cash | N3: Cr Cash | T3: Cr Cash | Z3: Cr Cash | AF3: Cr Cash | AL3: Cr Cash | AR3: Cr Cash | AX3: Cr Cash
C4: Input GBP / TND rate | E4: =1/3.9203 -> 0.25508252
B7: Fill In manually all cells marked with Orange | C7: Automatically Calculated
B9: NOUR CONSOLIDATED | C9: Planned Data | I9: Planned Data | O9: Planned Data | U9: Planned Data | AA9: Planned Data | AG9: Planned Data | AM9: Planned Data | AS9: Planned Data
B10: Cash Flow Forecast | C10: WEEK | I10: WEEK | O10: WEEK | U10: WEEK | AA10: WEEK | AG10: WEEK | AM10: WEEK | AS10: WEEK
B11: All Amounts Are Showed in EUR | C11: =VLOOKUP(C12,Mapping!$L$1:$M$904,2,0) -> W21_2024 | I11: =VLOOKUP(I12,Mapping!$L$1:$M$1100,2,0) -> W22_2024 | O11: =VLOOKUP(O12,Mapping!$L$1:$M$1100,2,0) -> W23_2024 | U11: =VLOOKUP(U12,Mapping!$L$1:$M$1100,2,0) -> W24_2024 | AA11: =VLOOKUP(AA12,Mapping!$L$1:$M$1100,2,0) -> W25_2024 | AG11: =VLOOKUP(AG12,Mapping!$L$1:$M$1100,2,0) -> W26_2024 | AM11: =VLOOKUP(AM12,Mapping!$L$1:$M$1100,2,0) -> W27_2024 | AS11: =VLOOKUP(AS12,Mapping!$L$1:$M$1100,2,0) -> W28_2024
C12: 45432 | I12: =C13+3 -> 45439 | O12: =I13+3 -> 45446 | U12: =O13+3 -> 45453 | AA12: =U13+3 -> 45460 | AG12: =AA13+3 -> 45467 | AM12: =AG13+3 -> 45474 | AS12: =AM13+3 -> 45481 | AZ12: Total for 8 Weeks
C13: =C12+4 -> 45436 | I13: =I12+4 -> 45443 | O13: =O12+4 -> 45450 | U13: =U12+4 -> 45457 | AA13: =AA12+4 -> 45464 | AG13: =AG12+4 -> 45471 | AM13: =AM12+4 -> 45478 | AS13: =AS12+4 -> 45485
C14: SND | D14: SNA | E14: SNA | F14: SNA | G14: Total | H14: Total EUR | I14: SND | J14: SNA | K14: SNA | L14: SNA | M14: Total | N14: Total EUR | O14: SND | P14: SNA | Q14: SNA | R14: SNA | S14: Total | T14: Total EUR | U14: SND | V14: SNA | W14: SNA | X14: SNA | Y14: Total | Z14: Total EUR | AA14: SND | AB14: SNA | AC14: SNA | AD14: SNA | AE14: Total | AF14: Total EUR | AG14: SND | AH14: SNA | AI14: SNA | AJ14: SNA | AK14: Total | AL14: Total EUR | AM14: SND | AN14: SNA | AO14: SNA | AP14: SNA | AQ14: Total | AR14: Total EUR | AS14: SND | AT14: SNA | AU14: SNA | AV14: SNA | AW14: Total | AX14: Total EUR
B15: =NOW() -> 45441.403 | C15: TND | D15: TND | E15: EUR | F15: USD | G15: TND | H15: Total EUR | I15: TND | J15: TND | K15: EUR | L15: USD | M15: TND | N15: Total EUR | O15: TND | P15: TND | Q15: EUR | R15: USD | S15: TND | T15: Total EUR | U15: TND | V15: TND | W15: EUR | X15: USD | Y15: TND | Z15: Total EUR | AA15: TND | AB15: TND | AC15: EUR | AD15: USD | AE15: TND | AF15: Total EUR | AG15: TND | AH15: TND | AI15: EUR | AJ15: USD | AK15: TND | AL15: Total EUR | AM15: TND | AN15: TND | AO15: EUR | AP15: USD | AQ15: TND | AR15: Total EUR | AS15: TND | AT15: TND | AU15: EUR | AV15: USD | AW15: TND | AX15: Total EUR
B16: Applicable exchange rate | C16: =B2 -> 0.3 | D16: =B2 -> 0.3 | E16: 1 | F16: =B3 -> 0.33 | I16: =C16 -> 0.3 | J16: =D16 -> 0.3 | K16: =E16 -> 1 | L16: =F16 -> 0.33 | O16: =I16 -> 0.3 | P16: =J16 -> 0.3 | Q16: =K16 -> 1 | R16: =L16 -> 0.33 | U16: =O16 -> 0.3 | V16: =P16 -> 0.3 | W16: =Q16 -> 1 | X16: =R16 -> 0.33 | AA16: =U16 -> 0.3 | AB16: =V16 -> 0.3 | AC16: =W16 -> 1 | AD16: =X16 -> 0.33 | AG16: =AA16 -> 0.3 | AH16: =AB16 -> 0.3 | AI16: =AC16 -> 1 | AJ16: =AD16 -> 0.33 | AM16: =AG16 -> 0.3 | AN16: =AH16 -> 0.3 | AO16: =AI16 -> 1 | AP16: =AJ16 -> 0.33 | AS16: =AM16 -> 0.3 | AT16: =AN16 -> 0.3 | AU16: =AO16 -> 1 | AV16: =AP16 -> 0.33
A17: Refer to sheet | B17: I. Beginning Cash Balance (including facility utilization above authorized limit only) | C17: =SUM(C21:C33)-C34 -> 602723.44 | D17: =SUM(D21:D33)-D34 -> -297580.16 | E17: =SUM(E21:E33) -> 712446.72 | F17: =SUM(F21:F33) -> 889.75 | G17: =C17+D17+E17/C16+F17/F16 -> 2682661.9 | H17: =G17*C16 -> 804798.57 | I17: =SUM(I21:I31) -> 2621.426 | J17: =SUM(J21:J31) -> -456592.92 | K17: =SUM(K21:K31) -> 574014.81 | L17: =SUM(L21:L31) -> 889.75 | M17: =I17+J17+K17/I16+L17/L16 -> 1462107.4 | N17: =M17*I16 -> 438632.22 | O17: =SUM(O21:O31) -> 1465.782 | P17: =SUM(P21:P31) -> -211222.95 | Q17: =SUM(Q21:Q31) -> 430143.32 | R17: =SUM(R21:R31) -> 889.75 | S17: =O17+P17+Q17/O16+R17/R16 -> 1226750.1 | T17: =S17*O16 -> 368025.03 | U17: =SUM(U21:U31) -> 2872.623 | V17: =SUM(V21:V31) -> -916120.85 | W17: =SUM(W21:W31) -> 274287.16 | X17: =SUM(X21:X31) -> 889.75 | Y17: =U17+V17+W17/U16+X17/X16 -> 3738.5187 | Z17: =Y17*U16 -> 1121.5556 | AA17: =SUM(AA21:AA31) -> 2386.2266 | AB17: =SUM(AB21:AB31) -> -1101323.1 | AC17: =SUM(AC21:AC31) -> 282628.82 | AD17: =SUM(AD21:AD31) -> 889.75 | AE17: =AA17+AB17+AC17/AA16+AD17/AD16 -> -154144.58 | AF17: =AE17*AA16 -> -46243.374 | AG17: =SUM(AG21:AG31) -> 4219.1906 | AH17: =SUM(AH21:AH31) -> -463197.17 | AI17: =SUM(AI21:AI31) -> 375938.15 | AJ17: =SUM(AJ21:AJ31) -> 889.75 | AK17: =AG17+AH17+AI17/AG16+AJ17/AJ16 -> 796845.4 | AL17: =AK17*AG16 -> 239053.62 | AM17: =SUM(AM21:AM31) -> 1464.8226 | AN17: =SUM(AN21:AN31) -> -1218097.3 | AO17: =SUM(AO21:AO31) -> 704641.88 | AP17: =SUM(AP21:AP31) -> 889.75 | AQ17: =AM17+AN17+AO17/AM16+AP17/AP16 -> 1134870 | AR17: =AQ17*AM16 -> 340461 | AS17: =SUM(AS21:AS31) -> 1961.0586 | AT17: =SUM(AT21:AT31) -> -766116.47 | AU17: =SUM(AU21:AU31) -> 554164.4 | AV17: =SUM(AV21:AV31) -> 889.75 | AW17: =AS17+AT17+AU17/AS16+AV17/AV16 -> 1085755.5 | AX17: =AW17*AS16 -> 325726.64
A19: N/A (Fill in beginning of each week based on available bank balance and facility utilization) | B19: i. Cash balance - petty cash
B20: ii. Cash balance at bank accounts
B21: SND Bank account - STB MEG | I21: =+C172 -> 2621.426 | O21: =I172 -> 1465.782 | U21: =O172 -> 2872.623 | AA21: =U172 -> 2386.2266 | AG21: =AA172 -> 4219.1906 | AM21: =AG172 -> 1464.8226 | AS21: =AM172 -> 1961.0586
B22: SNA Bank account - STB | D22: 12925.084 | J22: =+D153 -> -456592.92 | P22: =J153 -> -211222.95 | V22: =P153 -> -916120.85 | AB22: =V153 -> -1101323.1 | AH22: =AB153 -> -463197.17 | AN22: =AH153 -> -1218097.3 | AT22: =AN153 -> -766116.47
B23: SNA Bank account -STB Zriba | D23: 0
B24: SNA Bank account -QNB | C24: 211312.77 | D24: 26350.048
B25: SNA Bank account -STB MEG | D25: 0
B26: SNA Bank account - EURO MEG | E26: 712441.03 | K26: =E172 -> 574014.81 | Q26: =K172 -> 430143.32 | W26: =Q172 -> 274287.16 | AC26: =W172 -> 282628.82 | AI26: =AC172 -> 375938.15 | AO26: =AI172 -> 704641.88 | AU26: =AO172 -> 554164.4
B27: SNA Bank account - USD MEG | F27: 889.75 | L27: =F172 -> 889.75 | R27: =L172 -> 889.75 | X27: =R172 -> 889.75 | AD27: =X172 -> 889.75 | AJ27: =AD172 -> 889.75 | AP27: =AJ172 -> 889.75 | AV27: =AP172 -> 889.75
B28: SNR Bank account - STB MEG
B29: TIP Bank account - STB MEG | D29: 7497.564
B30: NBI Bank account - STB MEG | D30: 2637.208
B31: NBI Bank account - EURO MEG | E31: 5.69
B33: iii. Bank Facility Balance | C33: -608589.33 | D33: -3346990.1 | E33: 0 | F33: 0 | I33: =+C148 -> -1208691.3 | J33: =+D148 -> -3506002.8 | K33: =E148 -> 0 | L33: =F148 -> 0 | O33: =I148 -> -1209847 | P33: =J148 -> -3260632.9 | Q33: =K148 -> 0 | R33: =L148 -> 0 | U33: =O148 -> -1208440.1 | V33: =P148 -> -3965530.8 | W33: =Q148 -> 0 | X33: =R148 -> 0 | AA33: =U148 -> -1208926.5 | AB33: =V148 -> -4150733 | AC33: =W148 -> 0 | AD33: =X148 -> 0 | AG33: =AA148 -> -1207093.6 | AH33: =AB148 -> -3512607.1 | AI33: =AC148 -> 0 | AJ33: =AD148 -> 0 | AM33: =AG148 -> -1209847.9 | AN33: =AH148 -> -4267507.2 | AO33: =AI148 -> 0 | AP33: =AJ148 -> 0 | AS33: =AM148 -> -1209351.7 | AT33: =AN148 -> -3815526.4 | AU33: =AO148 -> 0 | AV33: =AP148 -> 0
B34: Facility authorization limit | C34: -1000000 | D34: -3000000 | I34: -1000000 | J34: -3000000 | O34: -1000000 | P34: -3000000 | U34: -1000000 | V34: -3000000 | AA34: -1000000 | AB34: -3000000 | AG34: -1000000 | AH34: -3000000 | AM34: -1000000 | AN34: -3000000 | AS34: -1000000 | AT34: -3000000
B36: A.CASH FLOW FROM OPERATIONS
B37: A.1 Cash Inflows
A38: Maturing receivables
B39: i. Receipts form Clients - In progress (EN COURS) | C39: =SUM(C40:C43) -> 87434.754 | D39: =SUM(D40:D43) -> 0 | E39: =SUM(E40:E43) -> 0 | F39: =SUM(F40:F43) -> 0 | G39: =SUM(G40:G43) -> 87434.754 | H39: =SUM(H40:H43) -> 26230.426 | I39: =SUM(I40:I43) -> 0 | J39: =SUM(J40:J43) -> 0 | ... AX39: =SUM(AX40:AX43) -> 0 | AZ39: =SUM(G39,S39,Y39,AE39,AK39,AQ39,AW39,M39) -> 87434.754
B40: Cheque | C40: =SUMIFS('Maturing receivables'!$K:$K,'Maturing receivables'!$S:$S,Vertical_Cash_flow!C$11,'Maturing receivables'!$J:$J,Vertical_Cash_flow!C$15,'Maturing receivables'!$A:$A,Vertical_Cash_flow!$C$14,'Maturing receivables'!$G:$G,Vertical_Cash_flow!$B40,'Maturing receivables'!$F:$F,Vertical_Cash_flow!$B$39) -> 87434.754 | D40: =SUMIFS('Maturing receivables'!$K:$K,'Maturing receivables'!$S:$S,Vertical_Cash_flow!C$11,'Maturing receivables'!$J:$J,Vertical_Cash_flow!D$15,'Maturing receivables'!$A:$A,Vertical_Cash_flow!$D$14,'Maturing receivables'!$G:$G,Vertical_Cash_flow!$B40,'Maturing receivables'!$F:$F,Vertical_Cash_flow!$B$39) -> 0 | E40: =SUMIFS('Maturing receivables'!$K:$K,'Maturing receivables'!$S:$S,Vertical_Cash_flow!C$11,'Maturing receivables'!$J:$J,Vertical_Cash_flow!E$15,'Maturing receivables'!$A:$A,Vertical_Cash_flow!$E$14,'Maturing receivables'!$G:$G,Vertical_Cash_flow!$B40,'Maturing receivables'!$F:$F,Vertical_Cash_flow!$B$39) -> 0 | F40: =SUMIFS('Maturing receivables'!$K:$K,'Maturing receivables'!$S:$S,Vertical_Cash_flow!C$11,'Maturing receivables'!$J:$J,Vertical_Cash_flow!F$15,'Maturing receivables'!$A:$A,Vertical_Cash_flow!$F$14,'Maturing receivables'!$G:$G,Vertical_Cash_flow!$B40,'Maturing receivables'!$F:$F,Vertical_Cash_flow!$B$39) -> 0 | G40: =C40+D40+E40/$C$16+F40/$F$16 -> 87434.754 | H40: =G40*$C$16 -> 26230.426 | I40: =SUMIFS('Maturing receivables'!$K:$K,'Maturing receivables'!$S:$S,Vertical_Cash_flow!I$11,'Maturing receivables'!$J:$J,Vertical_Cash_flow!I$15,'Maturing receivables'!$A:$A,Vertical_Cash_flow!$C$14,'Maturing receivables'!$G:$G,Vertical_Cash_flow!$B40,'Maturing receivables'!$F:$F,Vertical_Cash_flow!$B$39) -> 0 | J40: =SUMIFS('Maturing receivables'!$K:$K,'Maturing receivables'!$S:$S,Vertical_Cash_flow!I$11,'Maturing receivables'!$J:$J,Vertical_Cash_flow!J$15,'Maturing receivables'!$A:$A,Vertical_Cash_flow!$D$14,'Maturing receivables'!$G:$G,Vertical_Cash_flow!$B40,'Maturing receivables'!$F:$F,Vertical_Cash_flow!$B$39) -> 0 | K40: =SUMIFS('Maturing receivables'!$K:$K,'Maturing receivables'!$S:$S,Vertical_Cash_flow!I$11,'Maturing receivables'!$J:$J,Vertical_Cash_flow!K$15,'Maturing receivables'!$A:$A,Vertical_Cash_flow!$E$14,'Maturing receivables'!$G:$G,Vertical_Cash_flow!$B40,'Maturing receivables'!$F:$F,Vertical_Cash_flow!$B$39) -> 0 | L40: =SUMIFS('Maturing receivables'!$K:$K,'Maturing receivables'!$S:$S,Vertical_Cash_flow!I$11,'Maturing receivables'!$J:$J,Vertical_Cash_flow!L$15,'Maturing receivables'!$A:$A,Vertical_Cash_flow!$F$14,'Maturing receivables'!$G:$G,Vertical_Cash_flow!$B40,'Maturing receivables'!$F:$F,Vertical_Cash_flow!$B$39) -> 0 | M40: =I40+J40+K40/$C$16+L40/$F$16 -> 0 | N40: =M40*$C$16 -> 0 | O40: =SUMIFS('Maturing receivables'!$K:$K,'Maturing receivables'!$S:$S,Vertical_Cash_flow!O$11,'Maturing receivables'!$J:$J,Vertical_Cash_flow!O$15,'Maturing receivables'!$A:$A,Vertical_Cash_flow!$C$14,'Maturing receivables'!$G:$G,Vertical_Cash_flow!$B40,'Maturing receivables'!$F:$F,Vertical_Cash_flow!$B$39) -> 0 | P40: =SUMIFS('Maturing receivables'!$K:$K,'Maturing receivables'!$S:$S,Vertical_Cash_flow!O$11,'Maturing receivables'!$J:$J,Vertical_Cash_flow!P$15,'Maturing receivables'!$A:$A,Vertical_Cash_flow!$D$14,'Maturing receivables'!$G:$G,Vertical_Cash_flow!$B40,'Maturing receivables'!$F:$F,Vertical_Cash_flow!$B$39) -> 0 | Q40: =SUMIFS('Maturing receivables'!$K:$K,'Maturing receivables'!$S:$S,Vertical_Cash_flow!O$11,'Maturing receivables'!$J:$J,Vertical_Cash_flow!Q$15,'Maturing receivables'!$A:$A,Vertical_Cash_flow!$E$14,'Maturing receivables'!$G:$G,Vertical_Cash_flow!$B40,'Maturing receivables'!$F:$F,Vertical_Cash_flow!$B$39) -> 0 | R40: =SUMIFS('Maturing receivables'!$K:$K,'Maturing receivables'!$S:$S,Vertical_Cash_flow!O$11,'Maturing receivables'!$J:$J,Vertical_Cash_flow!R$15,'Maturing receivables'!$A:$A,Vertical_Cash_flow!$F$14,'Maturing receivables'!$G:$G,Vertical_Cash_flow!$B40,'Maturing receivables'!$F:$F,Vertical_Cash_flow!$B$39) -> 0 | S40: =O40+P40+Q40/$C$16+R40/$F$16 -> 0 | T40: =S40*$C$16 -> 0 | U40: =SUMIFS('Maturing receivables'!$K:$K,'Maturing receivables'!$S:$S,Vertical_Cash_flow!U$11,'Maturing receivables'!$J:$J,Vertical_Cash_flow!U$15,'Maturing receivables'!$A:$A,Vertical_Cash_flow!$C$14,'Maturing receivables'!$G:$G,Vertical_Cash_flow!$B40,'Maturing receivables'!$F:$F,Vertical_Cash_flow!$B$39) -> 0 | V40: =SUMIFS('Maturing receivables'!$K:$K,'Maturing receivables'!$S:$S,Vertical_Cash_flow!U$11,'Maturing receivables'!$J:$J,Vertical_Cash_flow!V$15,'Maturing receivables'!$A:$A,Vertical_Cash_flow!$D$14,'Maturing receivables'!$G:$G,Vertical_Cash_flow!$B40,'Maturing receivables'!$F:$F,Vertical_Cash_flow!$B$39) -> 0 | W40: =SUMIFS('Maturing receivables'!$K:$K,'Maturing receivables'!$S:$S,Vertical_Cash_flow!U$11,'Maturing receivables'!$J:$J,Vertical_Cash_flow!W$15,'Maturing receivables'!$A:$A,Vertical_Cash_flow!$E$14,'Maturing receivables'!$G:$G,Vertical_Cash_flow!$B40,'Maturing receivables'!$F:$F,Vertical_Cash_flow!$B$39) -> 0 | X40: =SUMIFS('Maturing receivables'!$K:$K,'Maturing receivables'!$S:$S,Vertical_Cash_flow!U$11,'Maturing receivables'!$J:$J,Vertical_Cash_flow!X$15,'Maturing receivables'!$A:$A,Vertical_Cash_flow!$F$14,'Maturing receivables'!$G:$G,Vertical_Cash_flow!$B40,'Maturing receivables'!$F:$F,Vertical_Cash_flow!$B$39) -> 0 | Y40: =U40+V40+W40/$C$16+X40/$F$16 -> 0 | Z40: =Y40*$C$16 -> 0 | AA40: =SUMIFS('Maturing receivables'!$K:$K,'Maturing receivables'!$S:$S,Vertical_Cash_flow!AA$11,'Maturing receivables'!$J:$J,Vertical_Cash_flow!AA$15,'Maturing receivables'!$A:$A,Vertical_Cash_flow!$C$14,'Maturing receivables'!$G:$G,Vertical_Cash_flow!$B40,'Maturing receivables'!$F:$F,Vertical_Cash_flow!$B$39) -> 0 | AB40: =SUMIFS('Maturing receivables'!$K:$K,'Maturing receivables'!$S:$S,Vertical_Cash_flow!AA$11,'Maturing receivables'!$J:$J,Vertical_Cash_flow!AB$15,'Maturing receivables'!$A:$A,Vertical_Cash_flow!$D$14,'Maturing receivables'!$G:$G,Vertical_Cash_flow!$B40,'Maturing receivables'!$F:$F,Vertical_Cash_flow!$B$39) -> 0 | AC40: =SUMIFS('Maturing receivables'!$K:$K,'Maturing receivables'!$S:$S,Vertical_Cash_flow!AA$11,'Maturing receivables'!$J:$J,Vertical_Cash_flow!AC$15,'Maturing receivables'!$A:$A,Vertical_Cash_flow!$E$14,'Maturing receivables'!$G:$G,Vertical_Cash_flow!$B40,'Maturing receivables'!$F:$F,Vertical_Cash_flow!$B$39) -> 0 | AD40: =SUMIFS('Maturing receivables'!$K:$K,'Maturing receivables'!$S:$S,Vertical_Cash_flow!AA$11,'Maturing receivables'!$J:$J,Vertical_Cash_flow!AD$15,'Maturing receivables'!$A:$A,Vertical_Cash_flow!$F$14,'Maturing receivables'!$G:$G,Vertical_Cash_flow!$B40,'Maturing receivables'!$F:$F,Vertical_Cash_flow!$B$39) -> 0 | AE40: =AA40+AB40+AC40/$C$16+AD40/$F$16 -> 0 | AF40: =AE40*$C$16 -> 0 | AG40: =SUMIFS('Maturing receivables'!$K:$K,'Maturing receivables'!$S:$S,Vertical_Cash_flow!AG$11,'Maturing receivables'!$J:$J,Vertical_Cash_flow!AG$15,'Maturing receivables'!$A:$A,Vertical_Cash_flow!$C$14,'Maturing receivables'!$G:$G,Vertical_Cash_flow!$B40,'Maturing receivables'!$F:$F,Vertical_Cash_flow!$B$39) -> 0 | AH40: =SUMIFS('Maturing receivables'!$K:$K,'Maturing receivables'!$S:$S,Vertical_Cash_flow!AG$11,'Maturing receivables'!$J:$J,Vertical_Cash_flow!AH$15,'Maturing receivables'!$A:$A,Vertical_Cash_flow!$D$14,'Maturing receivables'!$G:$G,Vertical_Cash_flow!$B40,'Maturing receivables'!$F:$F,Vertical_Cash_flow!$B$39) -> 0 | AI40: =SUMIFS('Maturing receivables'!$K:$K,'Maturing receivables'!$S:$S,Vertical_Cash_flow!AG$11,'Maturing receivables'!$J:$J,Vertical_Cash_flow!AI$15,'Maturing receivables'!$A:$A,Vertical_Cash_flow!$E$14,'Maturing receivables'!$G:$G,Vertical_Cash_flow!$B40,'Maturing receivables'!$F:$F,Vertical_Cash_flow!$B$39) -> 0 | AJ40: =SUMIFS('Maturing receivables'!$K:$K,'Maturing receivables'!$S:$S,Vertical_Cash_flow!AG$11,'Maturing receivables'!$J:$J,Vertical_Cash_flow!AJ$15,'Maturing receivables'!$A:$A,Vertical_Cash_flow!$F$14,'Maturing receivables'!$G:$G,Vertical_Cash_flow!$B40,'Maturing receivables'!$F:$F,Vertical_Cash_flow!$B$39) -> 0 | AK40: =AG40+AH40+AI40/$C$16+AJ40/$F$16 -> 0 | AL40: =AK40*$C$16 -> 0 | AM40: =SUMIFS('Maturing receivables'!$K:$K,'Maturing receivables'!$S:$S,Vertical_Cash_flow!AM$11,'Maturing receivables'!$J:$J,Vertical_Cash_flow!AM$15,'Maturing receivables'!$A:$A,Vertical_Cash_flow!$C$14,'Maturing receivables'!$G:$G,Vertical_Cash_flow!$B40,'Maturing receivables'!$F:$F,Vertical_Cash_flow!$B$39) -> 0 | AN40: =SUMIFS('Maturing receivables'!$K:$K,'Maturing receivables'!$S:$S,Vertical_Cash_flow!AM$11,'Maturing receivables'!$J:$J,Vertical_Cash_flow!AN$15,'Maturing receivables'!$A:$A,Vertical_Cash_flow!$D$14,'Maturing receivables'!$G:$G,Vertical_Cash_flow!$B40,'Maturing receivables'!$F:$F,Vertical_Cash_flow!$B$39) -> 0 | AO40: =SUMIFS('Maturing receivables'!$K:$K,'Maturing receivables'!$S:$S,Vertical_Cash_flow!AM$11,'Maturing receivables'!$J:$J,Vertical_Cash_flow!AO$15,'Maturing receivables'!$A:$A,Vertical_Cash_flow!$E$14,'Maturing receivables'!$G:$G,Vertical_Cash_flow!$B40,'Maturing receivables'!$F:$F,Vertical_Cash_flow!$B$39) -> 0 | AP40: =SUMIFS('Maturing receivables'!$K:$K,'Maturing receivables'!$S:$S,Vertical_Cash_flow!AM$11,'Maturing receivables'!$J:$J,Vertical_Cash_flow!AP$15,'Maturing receivables'!$A:$A,Vertical_Cash_flow!$F$14,'Maturing receivables'!$G:$G,Vertical_Cash_flow!$B40,'Maturing receivables'!$F:$F,Vertical_Cash_flow!$B$39) -> 0 | AQ40: =AM40+AN40+AO40/$C$16+AP40/$F$16 -> 0 | AR40: =AQ40*$C$16 -> 0 | AS40: =SUMIFS('Maturing receivables'!$K:$K,'Maturing receivables'!$S:$S,Vertical_Cash_flow!AS$11,'Maturing receivables'!$J:$J,Vertical_Cash_flow!AS$15,'Maturing receivables'!$A:$A,Vertical_Cash_flow!$C$14,'Maturing receivables'!$G:$G,Vertical_Cash_flow!$B40,'Maturing receivables'!$F:$F,Vertical_Cash_flow!$B$39) -> 0 | AT40: =SUMIFS('Maturing receivables'!$K:$K,'Maturing receivables'!$S:$S,Vertical_Cash_flow!AS$11,'Maturing receivables'!$J:$J,Vertical_Cash_flow!AT$15,'Maturing receivables'!$A:$A,Vertical_Cash_flow!$D$14,'Maturing receivables'!$G:$G,Vertical_Cash_flow!$B40,'Maturing receivables'!$F:$F,Vertical_Cash_flow!$B$39) -> 0 | AU40: =SUMIFS('Maturing receivables'!$K:$K,'Maturing receivables'!$S:$S,Vertical_Cash_flow!AS$11,'Maturing receivables'!$J:$J,Vertical_Cash_flow!AU$15,'Maturing receivables'!$A:$A,Vertical_Cash_flow!$E$14,'Maturing receivables'!$G:$G,Vertical_Cash_flow!$B40,'Maturing receivables'!$F:$F,Vertical_Cash_flow!$B$39) -> 0 | AV40: =SUMIFS('Maturing receivables'!$K:$K,'Maturing receivables'!$S:$S,Vertical_Cash_flow!AS$11,'Maturing receivables'!$J:$J,Vertical_Cash_flow!AV$15,'Maturing receivables'!$A:$A,Vertical_Cash_flow!$F$14,'Maturing receivables'!$G:$G,Vertical_Cash_flow!$B40,'Maturing receivables'!$F:$F,Vertical_Cash_flow!$B$39) -> 0 | AW40: =AS40+AT40+AU40/$C$16+AV40/$F$16 -> 0 | AX40: =AW40*$C$16 -> 0 | AZ40: =SUM(G40,S40,Y40,AE40,AK40,AQ40,AW40,M40) -> 87434.754
B41: Escompte | C41: =SUMIFS('Maturing receivables'!$K:$K,'Maturing receivables'!$S:$S,Vertical_Cash_flow!C$11,'Maturing receivables'!$J:$J,Vertical_Cash_flow!C$15,'Maturing receivables'!$A:$A,Vertical_Cash_flow!$C$14,'Maturing receivables'!$G:$G,Vertical_Cash_flow!$B41,'Maturing receivables'!$F:$F,Vertical_Cash_flow!$B$39) -> 0 | D41: =SUMIFS('Maturing receivables'!$K:$K,'Maturing receivables'!$S:$S,Vertical_Cash_flow!C$11,'Maturing receivables'!$J:$J,Vertical_Cash_flow!D$15,'Maturing receivables'!$A:$A,Vertical_Cash_flow!$D$14,'Maturing receivables'!$G:$G,Vertical_Cash_flow!$B41,'Maturing receivables'!$F:$F,Vertical_Cash_flow!$B$39) -> 0 | E41: =SUMIFS('Maturing receivables'!$K:$K,'Maturing receivables'!$S:$S,Vertical_Cash_flow!C$11,'Maturing receivables'!$J:$J,Vertical_Cash_flow!E$15,'Maturing receivables'!$A:$A,Vertical_Cash_flow!$E$14,'Maturing receivables'!$G:$G,Vertical_Cash_flow!$B41,'Maturing receivables'!$F:$F,Vertical_Cash_flow!$B$39) -> 0 | F41: =SUMIFS('Maturing receivables'!$K:$K,'Maturing receivables'!$S:$S,Vertical_Cash_flow!C$11,'Maturing receivables'!$J:$J,Vertical_Cash_flow!F$15,'Maturing receivables'!$A:$A,Vertical_Cash_flow!$F$14,'Maturing receivables'!$G:$G,Vertical_Cash_flow!$B41,'Maturing receivables'!$F:$F,Vertical_Cash_flow!$B$39) -> 0 | G41: =C41+D41+E41/$C$16+F41/$F$16 -> 0 | H41: =G41*$C$16 -> 0 | I41: =SUMIFS('Maturing receivables'!$K:$K,'Maturing receivables'!$S:$S,Vertical_Cash_flow!I$11,'Maturing receivables'!$J:$J,Vertical_Cash_flow!I$15,'Maturing receivables'!$A:$A,Vertical_Cash_flow!$C$14,'Maturing receivables'!$G:$G,Vertical_Cash_flow!$B41,'Maturing receivables'!$F:$F,Vertical_Cash_flow!$B$39) -> 0 | J41: =SUMIFS('Maturing receivables'!$K:$K,'Maturing receivables'!$S:$S,Vertical_Cash_flow!I$11,'Maturing receivables'!$J:$J,Vertical_Cash_flow!J$15,'Maturing receivables'!$A:$A,Vertical_Cash_flow!$D$14,'Maturing receivables'!$G:$G,Vertical_Cash_flow!$B41,'Maturing receivables'!$F:$F,Vertical_Cash_flow!$B$39) -> 0 | K41: =SUMIFS('Maturing receivables'!$K:$K,'Maturing receivables'!$S:$S,Vertical_Cash_flow!I$11,'Maturing receivables'!$J:$J,Vertical_Cash_flow!K$15,'Maturing receivables'!$A:$A,Vertical_Cash_flow!$E$14,'Maturing receivables'!$G:$G,Vertical_Cash_flow!$B41,'Maturing receivables'!$F:$F,Vertical_Cash_flow!$B$39) -> 0 | L41: =SUMIFS('Maturing receivables'!$K:$K,'Maturing receivables'!$S:$S,Vertical_Cash_flow!I$11,'Maturing receivables'!$J:$J,Vertical_Cash_flow!L$15,'Maturing receivables'!$A:$A,Vertical_Cash_flow!$F$14,'Maturing receivables'!$G:$G,Vertical_Cash_flow!$B41,'Maturing receivables'!$F:$F,Vertical_Cash_flow!$B$39) -> 0 | M41: =I41+J41+K41/$C$16+L41/$F$16 -> 0 | N41: =M41*$C$16 -> 0 | O41: =SUMIFS('Maturing receivables'!$K:$K,'Maturing receivables'!$S:$S,Vertical_Cash_flow!O$11,'Maturing receivables'!$J:$J,Vertical_Cash_flow!O$15,'Maturing receivables'!$A:$A,Vertical_Cash_flow!$C$14,'Maturing receivables'!$G:$G,Vertical_Cash_flow!$B41,'Maturing receivables'!$F:$F,Vertical_Cash_flow!$B$39) -> 0 | P41: =SUMIFS('Maturing receivables'!$K:$K,'Maturing receivables'!$S:$S,Vertical_Cash_flow!O$11,'Maturing receivables'!$J:$J,Vertical_Cash_flow!P$15,'Maturing receivables'!$A:$A,Vertical_Cash_flow!$D$14,'Maturing receivables'!$G:$G,Vertical_Cash_flow!$B41,'Maturing receivables'!$F:$F,Vertical_Cash_flow!$B$39) -> 0 | Q41: =SUMIFS('Maturing receivables'!$K:$K,'Maturing receivables'!$S:$S,Vertical_Cash_flow!O$11,'Maturing receivables'!$J:$J,Vertical_Cash_flow!Q$15,'Maturing receivables'!$A:$A,Vertical_Cash_flow!$E$14,'Maturing receivables'!$G:$G,Vertical_Cash_flow!$B41,'Maturing receivables'!$F:$F,Vertical_Cash_flow!$B$39) -> 0 | R41: =SUMIFS('Maturing receivables'!$K:$K,'Maturing receivables'!$S:$S,Vertical_Cash_flow!O$11,'Maturing receivables'!$J:$J,Vertical_Cash_flow!R$15,'Maturing receivables'!$A:$A,Vertical_Cash_flow!$F$14,'Maturing receivables'!$G:$G,Vertical_Cash_flow!$B41,'Maturing receivables'!$F:$F,Vertical_Cash_flow!$B$39) -> 0 | S41: =O41+P41+Q41/$C$16+R41/$F$16 -> 0 | T41: =S41*$C$16 -> 0 | U41: =SUMIFS('Maturing receivables'!$K:$K,'Maturing receivables'!$S:$S,Vertical_Cash_flow!U$11,'Maturing receivables'!$J:$J,Vertical_Cash_flow!U$15,'Maturing receivables'!$A:$A,Vertical_Cash_flow!$C$14,'Maturing receivables'!$G:$G,Vertical_Cash_flow!$B41,'Maturing receivables'!$F:$F,Vertical_Cash_flow!$B$39) -> 0 | V41: =SUMIFS('Maturing receivables'!$K:$K,'Maturing receivables'!$S:$S,Vertical_Cash_flow!U$11,'Maturing receivables'!$J:$J,Vertical_Cash_flow!V$15,'Maturing receivables'!$A:$A,Vertical_Cash_flow!$D$14,'Maturing receivables'!$G:$G,Vertical_Cash_flow!$B41,'Maturing receivables'!$F:$F,Vertical_Cash_flow!$B$39) -> 0 | W41: =SUMIFS('Maturing receivables'!$K:$K,'Maturing receivables'!$S:$S,Vertical_Cash_flow!U$11,'Maturing receivables'!$J:$J,Vertical_Cash_flow!W$15,'Maturing receivables'!$A:$A,Vertical_Cash_flow!$E$14,'Maturing receivables'!$G:$G,Vertical_Cash_flow!$B41,'Maturing receivables'!$F:$F,Vertical_Cash_flow!$B$39) -> 0 | X41: =SUMIFS('Maturing receivables'!$K:$K,'Maturing receivables'!$S:$S,Vertical_Cash_flow!U$11,'Maturing receivables'!$J:$J,Vertical_Cash_flow!X$15,'Maturing receivables'!$A:$A,Vertical_Cash_flow!$F$14,'Maturing receivables'!$G:$G,Vertical_Cash_flow!$B41,'Maturing receivables'!$F:$F,Vertical_Cash_flow!$B$39) -> 0 | Y41: =U41+V41+W41/$C$16+X41/$F$16 -> 0 | Z41: =Y41*$C$16 -> 0 | AA41: =SUMIFS('Maturing receivables'!$K:$K,'Maturing receivables'!$S:$S,Vertical_Cash_flow!AA$11,'Maturing receivables'!$J:$J,Vertical_Cash_flow!AA$15,'Maturing receivables'!$A:$A,Vertical_Cash_flow!$C$14,'Maturing receivables'!$G:$G,Vertical_Cash_flow!$B41,'Maturing receivables'!$F:$F,Vertical_Cash_flow!$B$39) -> 0 | AB41: =SUMIFS('Maturing receivables'!$K:$K,'Maturing receivables'!$S:$S,Vertical_Cash_flow!AA$11,'Maturing receivables'!$J:$J,Vertical_Cash_flow!AB$15,'Maturing receivables'!$A:$A,Vertical_Cash_flow!$D$14,'Maturing receivables'!$G:$G,Vertical_Cash_flow!$B41,'Maturing receivables'!$F:$F,Vertical_Cash_flow!$B$39) -> 0 | AC41: =SUMIFS('Maturing receivables'!$K:$K,'Maturing receivables'!$S:$S,Vertical_Cash_flow!AA$11,'Maturing receivables'!$J:$J,Vertical_Cash_flow!AC$15,'Maturing receivables'!$A:$A,Vertical_Cash_flow!$E$14,'Maturing receivables'!$G:$G,Vertical_Cash_flow!$B41,'Maturing receivables'!$F:$F,Vertical_Cash_flow!$B$39) -> 0 | AD41: =SUMIFS('Maturing receivables'!$K:$K,'Maturing receivables'!$S:$S,Vertical_Cash_flow!AA$11,'Maturing receivables'!$J:$J,Vertical_Cash_flow!AD$15,'Maturing receivables'!$A:$A,Vertical_Cash_flow!$F$14,'Maturing receivables'!$G:$G,Vertical_Cash_flow!$B41,'Maturing receivables'!$F:$F,Vertical_Cash_flow!$B$39) -> 0 | AE41: =AA41+AB41+AC41/$C$16+AD41/$F$16 -> 0 | AF41: =AE41*$C$16 -> 0 | AG41: =SUMIFS('Maturing receivables'!$K:$K,'Maturing receivables'!$S:$S,Vertical_Cash_flow!AG$11,'Maturing receivables'!$J:$J,Vertical_Cash_flow!AG$15,'Maturing receivables'!$A:$A,Vertical_Cash_flow!$C$14,'Maturing receivables'!$G:$G,Vertical_Cash_flow!$B41,'Maturing receivables'!$F:$F,Vertical_Cash_flow!$B$39) -> 0 | AH41: =SUMIFS('Maturing receivables'!$K:$K,'Maturing receivables'!$S:$S,Vertical_Cash_flow!AG$11,'Maturing receivables'!$J:$J,Vertical_Cash_flow!AH$15,'Maturing receivables'!$A:$A,Vertical_Cash_flow!$D$14,'Maturing receivables'!$G:$G,Vertical_Cash_flow!$B41,'Maturing receivables'!$F:$F,Vertical_Cash_flow!$B$39) -> 0 | AI41: =SUMIFS('Maturing receivables'!$K:$K,'Maturing receivables'!$S:$S,Vertical_Cash_flow!AG$11,'Maturing receivables'!$J:$J,Vertical_Cash_flow!AI$15,'Maturing receivables'!$A:$A,Vertical_Cash_flow!$E$14,'Maturing receivables'!$G:$G,Vertical_Cash_flow!$B41,'Maturing receivables'!$F:$F,Vertical_Cash_flow!$B$39) -> 0 | AJ41: =SUMIFS('Maturing receivables'!$K:$K,'Maturing receivables'!$S:$S,Vertical_Cash_flow!AG$11,'Maturing receivables'!$J:$J,Vertical_Cash_flow!AJ$15,'Maturing receivables'!$A:$A,Vertical_Cash_flow!$F$14,'Maturing receivables'!$G:$G,Vertical_Cash_flow!$B41,'Maturing receivables'!$F:$F,Vertical_Cash_flow!$B$39) -> 0 | AK41: =AG41+AH41+AI41/$C$16+AJ41/$F$16 -> 0 | AL41: =AK41*$C$16 -> 0 | AM41: =SUMIFS('Maturing receivables'!$K:$K,'Maturing receivables'!$S:$S,Vertical_Cash_flow!AM$11,'Maturing receivables'!$J:$J,Vertical_Cash_flow!AM$15,'Maturing receivables'!$A:$A,Vertical_Cash_flow!$C$14,'Maturing receivables'!$G:$G,Vertical_Cash_flow!$B41,'Maturing receivables'!$F:$F,Vertical_Cash_flow!$B$39) -> 0 | AN41: =SUMIFS('Maturing receivables'!$K:$K,'Maturing receivables'!$S:$S,Vertical_Cash_flow!AM$11,'Maturing receivables'!$J:$J,Vertical_Cash_flow!AN$15,'Maturing receivables'!$A:$A,Vertical_Cash_flow!$D$14,'Maturing receivables'!$G:$G,Vertical_Cash_flow!$B41,'Maturing receivables'!$F:$F,Vertical_Cash_flow!$B$39) -> 0 | AO41: =SUMIFS('Maturing receivables'!$K:$K,'Maturing receivables'!$S:$S,Vertical_Cash_flow!AM$11,'Maturing receivables'!$J:$J,Vertical_Cash_flow!AO$15,'Maturing receivables'!$A:$A,Vertical_Cash_flow!$E$14,'Maturing receivables'!$G:$G,Vertical_Cash_flow!$B41,'Maturing receivables'!$F:$F,Vertical_Cash_flow!$B$39) -> 0 | AP41: =SUMIFS('Maturing receivables'!$K:$K,'Maturing receivables'!$S:$S,Vertical_Cash_flow!AM$11,'Maturing receivables'!$J:$J,Vertical_Cash_flow!AP$15,'Maturing receivables'!$A:$A,Vertical_Cash_flow!$F$14,'Maturing receivables'!$G:$G,Vertical_Cash_flow!$B41,'Maturing receivables'!$F:$F,Vertical_Cash_flow!$B$39) -> 0 | AQ41: =AM41+AN41+AO41/$C$16+AP41/$F$16 -> 0 | AR41: =AQ41*$C$16 -> 0 | AS41: =SUMIFS('Maturing receivables'!$K:$K,'Maturing receivables'!$S:$S,Vertical_Cash_flow!AS$11,'Maturing receivables'!$J:$J,Vertical_Cash_flow!AS$15,'Maturing receivables'!$A:$A,Vertical_Cash_flow!$C$14,'Maturing receivables'!$G:$G,Vertical_Cash_flow!$B41,'Maturing receivables'!$F:$F,Vertical_Cash_flow!$B$39) -> 0 | AT41: =SUMIFS('Maturing receivables'!$K:$K,'Maturing receivables'!$S:$S,Vertical_Cash_flow!AS$11,'Maturing receivables'!$J:$J,Vertical_Cash_flow!AT$15,'Maturing receivables'!$A:$A,Vertical_Cash_flow!$D$14,'Maturing receivables'!$G:$G,Vertical_Cash_flow!$B41,'Maturing receivables'!$F:$F,Vertical_Cash_flow!$B$39) -> 0 | AU41: =SUMIFS('Maturing receivables'!$K:$K,'Maturing receivables'!$S:$S,Vertical_Cash_flow!AS$11,'Maturing receivables'!$J:$J,Vertical_Cash_flow!AU$15,'Maturing receivables'!$A:$A,Vertical_Cash_flow!$E$14,'Maturing receivables'!$G:$G,Vertical_Cash_flow!$B41,'Maturing receivables'!$F:$F,Vertical_Cash_flow!$B$39) -> 0 | AV41: =SUMIFS('Maturing receivables'!$K:$K,'Maturing receivables'!$S:$S,Vertical_Cash_flow!AS$11,'Maturing receivables'!$J:$J,Vertical_Cash_flow!AV$15,'Maturing receivables'!$A:$A,Vertical_Cash_flow!$F$14,'Maturing receivables'!$G:$G,Vertical_Cash_flow!$B41,'Maturing receivables'!$F:$F,Vertical_Cash_flow!$B$39) -> 0 | AW41: =AS41+AT41+AU41/$C$16+AV41/$F$16 -> 0 | AX41: =AW41*$C$16 -> 0 | AZ41: =SUM(G41,S41,Y41,AE41,AK41,AQ41,AW41,M41) -> 0
B42: Espece | C42: =SUMIFS('Maturing receivables'!$K:$K,'Maturing receivables'!$S:$S,Vertical_Cash_flow!C$11,'Maturing receivables'!$J:$J,Vertical_Cash_flow!C$15,'Maturing receivables'!$A:$A,Vertical_Cash_flow!$C$14,'Maturing receivables'!$G:$G,Vertical_Cash_flow!$B42,'Maturing receivables'!$F:$F,Vertical_Cash_flow!$B$39) -> 0 | D42: =SUMIFS('Maturing receivables'!$K:$K,'Maturing receivables'!$S:$S,Vertical_Cash_flow!C$11,'Maturing receivables'!$J:$J,Vertical_Cash_flow!D$15,'Maturing receivables'!$A:$A,Vertical_Cash_flow!$D$14,'Maturing receivables'!$G:$G,Vertical_Cash_flow!$B42,'Maturing receivables'!$F:$F,Vertical_Cash_flow!$B$39) -> 0 | E42: =SUMIFS('Maturing receivables'!$K:$K,'Maturing receivables'!$S:$S,Vertical_Cash_flow!C$11,'Maturing receivables'!$J:$J,Vertical_Cash_flow!E$15,'Maturing receivables'!$A:$A,Vertical_Cash_flow!$E$14,'Maturing receivables'!$G:$G,Vertical_Cash_flow!$B42,'Maturing receivables'!$F:$F,Vertical_Cash_flow!$B$39) -> 0 | F42: =SUMIFS('Maturing receivables'!$K:$K,'Maturing receivables'!$S:$S,Vertical_Cash_flow!C$11,'Maturing receivables'!$J:$J,Vertical_Cash_flow!F$15,'Maturing receivables'!$A:$A,Vertical_Cash_flow!$F$14,'Maturing receivables'!$G:$G,Vertical_Cash_flow!$B42,'Maturing receivables'!$F:$F,Vertical_Cash_flow!$B$39) -> 0 | G42: =C42+D42+E42/$C$16+F42/$F$16 -> 0 | H42: =G42*$C$16 -> 0 | I42: =SUMIFS('Maturing receivables'!$K:$K,'Maturing receivables'!$S:$S,Vertical_Cash_flow!I$11,'Maturing receivables'!$J:$J,Vertical_Cash_flow!I$15,'Maturing receivables'!$A:$A,Vertical_Cash_flow!$C$14,'Maturing receivables'!$G:$G,Vertical_Cash_flow!$B42,'Maturing receivables'!$F:$F,Vertical_Cash_flow!$B$39) -> 0 | J42: =SUMIFS('Maturing receivables'!$K:$K,'Maturing receivables'!$S:$S,Vertical_Cash_flow!I$11,'Maturing receivables'!$J:$J,Vertical_Cash_flow!J$15,'Maturing receivables'!$A:$A,Vertical_Cash_flow!$D$14,'Maturing receivables'!$G:$G,Vertical_Cash_flow!$B42,'Maturing receivables'!$F:$F,Vertical_Cash_flow!$B$39) -> 0 | K42: =SUMIFS('Maturing receivables'!$K:$K,'Maturing receivables'!$S:$S,Vertical_Cash_flow!I$11,'Maturing receivables'!$J:$J,Vertical_Cash_flow!K$15,'Maturing receivables'!$A:$A,Vertical_Cash_flow!$E$14,'Maturing receivables'!$G:$G,Vertical_Cash_flow!$B42,'Maturing receivables'!$F:$F,Vertical_Cash_flow!$B$39) -> 0 | L42: =SUMIFS('Maturing receivables'!$K:$K,'Maturing receivables'!$S:$S,Vertical_Cash_flow!I$11,'Maturing receivables'!$J:$J,Vertical_Cash_flow!L$15,'Maturing receivables'!$A:$A,Vertical_Cash_flow!$F$14,'Maturing receivables'!$G:$G,Vertical_Cash_flow!$B42,'Maturing receivables'!$F:$F,Vertical_Cash_flow!$B$39) -> 0 | M42: =I42+J42+K42/$C$16+L42/$F$16 -> 0 | N42: =M42*$C$16 -> 0 | O42: =SUMIFS('Maturing receivables'!$K:$K,'Maturing receivables'!$S:$S,Vertical_Cash_flow!O$11,'Maturing receivables'!$J:$J,Vertical_Cash_flow!O$15,'Maturing receivables'!$A:$A,Vertical_Cash_flow!$C$14,'Maturing receivables'!$G:$G,Vertical_Cash_flow!$B42,'Maturing receivables'!$F:$F,Vertical_Cash_flow!$B$39) -> 0 | P42: =SUMIFS('Maturing receivables'!$K:$K,'Maturing receivables'!$S:$S,Vertical_Cash_flow!O$11,'Maturing receivables'!$J:$J,Vertical_Cash_flow!P$15,'Maturing receivables'!$A:$A,Vertical_Cash_flow!$D$14,'Maturing receivables'!$G:$G,Vertical_Cash_flow!$B42,'Maturing receivables'!$F:$F,Vertical_Cash_flow!$B$39) -> 0 | Q42: =SUMIFS('Maturing receivables'!$K:$K,'Maturing receivables'!$S:$S,Vertical_Cash_flow!O$11,'Maturing receivables'!$J:$J,Vertical_Cash_flow!Q$15,'Maturing receivables'!$A:$A,Vertical_Cash_flow!$E$14,'Maturing receivables'!$G:$G,Vertical_Cash_flow!$B42,'Maturing receivables'!$F:$F,Vertical_Cash_flow!$B$39) -> 0 | R42: =SUMIFS('Maturing receivables'!$K:$K,'Maturing receivables'!$S:$S,Vertical_Cash_flow!O$11,'Maturing receivables'!$J:$J,Vertical_Cash_flow!R$15,'Maturing receivables'!$A:$A,Vertical_Cash_flow!$F$14,'Maturing receivables'!$G:$G,Vertical_Cash_flow!$B42,'Maturing receivables'!$F:$F,Vertical_Cash_flow!$B$39) -> 0 | S42: =O42+P42+Q42/$C$16+R42/$F$16 -> 0 | T42: =S42*$C$16 -> 0 | U42: =SUMIFS('Maturing receivables'!$K:$K,'Maturing receivables'!$S:$S,Vertical_Cash_flow!U$11,'Maturing receivables'!$J:$J,Vertical_Cash_flow!U$15,'Maturing receivables'!$A:$A,Vertical_Cash_flow!$C$14,'Maturing receivables'!$G:$G,Vertical_Cash_flow!$B42,'Maturing receivables'!$F:$F,Vertical_Cash_flow!$B$39) -> 0 | V42: =SUMIFS('Maturing receivables'!$K:$K,'Maturing receivables'!$S:$S,Vertical_Cash_flow!U$11,'Maturing receivables'!$J:$J,Vertical_Cash_flow!V$15,'Maturing receivables'!$A:$A,Vertical_Cash_flow!$D$14,'Maturing receivables'!$G:$G,Vertical_Cash_flow!$B42,'Maturing receivables'!$F:$F,Vertical_Cash_flow!$B$39) -> 0 | W42: =SUMIFS('Maturing receivables'!$K:$K,'Maturing receivables'!$S:$S,Vertical_Cash_flow!U$11,'Maturing receivables'!$J:$J,Vertical_Cash_flow!W$15,'Maturing receivables'!$A:$A,Vertical_Cash_flow!$E$14,'Maturing receivables'!$G:$G,Vertical_Cash_flow!$B42,'Maturing receivables'!$F:$F,Vertical_Cash_flow!$B$39) -> 0 | X42: =SUMIFS('Maturing receivables'!$K:$K,'Maturing receivables'!$S:$S,Vertical_Cash_flow!U$11,'Maturing receivables'!$J:$J,Vertical_Cash_flow!X$15,'Maturing receivables'!$A:$A,Vertical_Cash_flow!$F$14,'Maturing receivables'!$G:$G,Vertical_Cash_flow!$B42,'Maturing receivables'!$F:$F,Vertical_Cash_flow!$B$39) -> 0 | Y42: =U42+V42+W42/$C$16+X42/$F$16 -> 0 | Z42: =Y42*$C$16 -> 0 | AA42: =SUMIFS('Maturing receivables'!$K:$K,'Maturing receivables'!$S:$S,Vertical_Cash_flow!AA$11,'Maturing receivables'!$J:$J,Vertical_Cash_flow!AA$15,'Maturing receivables'!$A:$A,Vertical_Cash_flow!$C$14,'Maturing receivables'!$G:$G,Vertical_Cash_flow!$B42,'Maturing receivables'!$F:$F,Vertical_Cash_flow!$B$39) -> 0 | AB42: =SUMIFS('Maturing receivables'!$K:$K,'Maturing receivables'!$S:$S,Vertical_Cash_flow!AA$11,'Maturing receivables'!$J:$J,Vertical_Cash_flow!AB$15,'Maturing receivables'!$A:$A,Vertical_Cash_flow!$D$14,'Maturing receivables'!$G:$G,Vertical_Cash_flow!$B42,'Maturing receivables'!$F:$F,Vertical_Cash_flow!$B$39) -> 0 | AC42: =SUMIFS('Maturing receivables'!$K:$K,'Maturing receivables'!$S:$S,Vertical_Cash_flow!AA$11,'Maturing receivables'!$J:$J,Vertical_Cash_flow!AC$15,'Maturing receivables'!$A:$A,Vertical_Cash_flow!$E$14,'Maturing receivables'!$G:$G,Vertical_Cash_flow!$B42,'Maturing receivables'!$F:$F,Vertical_Cash_flow!$B$39) -> 0 | AD42: =SUMIFS('Maturing receivables'!$K:$K,'Maturing receivables'!$S:$S,Vertical_Cash_flow!AA$11,'Maturing receivables'!$J:$J,Vertical_Cash_flow!AD$15,'Maturing receivables'!$A:$A,Vertical_Cash_flow!$F$14,'Maturing receivables'!$G:$G,Vertical_Cash_flow!$B42,'Maturing receivables'!$F:$F,Vertical_Cash_flow!$B$39) -> 0 | AE42: =AA42+AB42+AC42/$C$16+AD42/$F$16 -> 0 | AF42: =AE42*$C$16 -> 0 | AG42: =SUMIFS('Maturing receivables'!$K:$K,'Maturing receivables'!$S:$S,Vertical_Cash_flow!AG$11,'Maturing receivables'!$J:$J,Vertical_Cash_flow!AG$15,'Maturing receivables'!$A:$A,Vertical_Cash_flow!$C$14,'Maturing receivables'!$G:$G,Vertical_Cash_flow!$B42,'Maturing receivables'!$F:$F,Vertical_Cash_flow!$B$39) -> 0 | AH42: =SUMIFS('Maturing receivables'!$K:$K,'Maturing receivables'!$S:$S,Vertical_Cash_flow!AG$11,'Maturing receivables'!$J:$J,Vertical_Cash_flow!AH$15,'Maturing receivables'!$A:$A,Vertical_Cash_flow!$D$14,'Maturing receivables'!$G:$G,Vertical_Cash_flow!$B42,'Maturing receivables'!$F:$F,Vertical_Cash_flow!$B$39) -> 0 | AI42: =SUMIFS('Maturing receivables'!$K:$K,'Maturing receivables'!$S:$S,Vertical_Cash_flow!AG$11,'Maturing receivables'!$J:$J,Vertical_Cash_flow!AI$15,'Maturing receivables'!$A:$A,Vertical_Cash_flow!$E$14,'Maturing receivables'!$G:$G,Vertical_Cash_flow!$B42,'Maturing receivables'!$F:$F,Vertical_Cash_flow!$B$39) -> 0 | AJ42: =SUMIFS('Maturing receivables'!$K:$K,'Maturing receivables'!$S:$S,Vertical_Cash_flow!AG$11,'Maturing receivables'!$J:$J,Vertical_Cash_flow!AJ$15,'Maturing receivables'!$A:$A,Vertical_Cash_flow!$F$14,'Maturing receivables'!$G:$G,Vertical_Cash_flow!$B42,'Maturing receivables'!$F:$F,Vertical_Cash_flow!$B$39) -> 0 | AK42: =AG42+AH42+AI42/$C$16+AJ42/$F$16 -> 0 | AL42: =AK42*$C$16 -> 0 | AM42: =SUMIFS('Maturing receivables'!$K:$K,'Maturing receivables'!$S:$S,Vertical_Cash_flow!AM$11,'Maturing receivables'!$J:$J,Vertical_Cash_flow!AM$15,'Maturing receivables'!$A:$A,Vertical_Cash_flow!$C$14,'Maturing receivables'!$G:$G,Vertical_Cash_flow!$B42,'Maturing receivables'!$F:$F,Vertical_Cash_flow!$B$39) -> 0 | AN42: =SUMIFS('Maturing receivables'!$K:$K,'Maturing receivables'!$S:$S,Vertical_Cash_flow!AM$11,'Maturing receivables'!$J:$J,Vertical_Cash_flow!AN$15,'Maturing receivables'!$A:$A,Vertical_Cash_flow!$D$14,'Maturing receivables'!$G:$G,Vertical_Cash_flow!$B42,'Maturing receivables'!$F:$F,Vertical_Cash_flow!$B$39) -> 0 | AO42: =SUMIFS('Maturing receivables'!$K:$K,'Maturing receivables'!$S:$S,Vertical_Cash_flow!AM$11,'Maturing receivables'!$J:$J,Vertical_Cash_flow!AO$15,'Maturing receivables'!$A:$A,Vertical_Cash_flow!$E$14,'Maturing receivables'!$G:$G,Vertical_Cash_flow!$B42,'Maturing receivables'!$F:$F,Vertical_Cash_flow!$B$39) -> 0 | AP42: =SUMIFS('Maturing receivables'!$K:$K,'Maturing receivables'!$S:$S,Vertical_Cash_flow!AM$11,'Maturing receivables'!$J:$J,Vertical_Cash_flow!AP$15,'Maturing receivables'!$A:$A,Vertical_Cash_flow!$F$14,'Maturing receivables'!$G:$G,Vertical_Cash_flow!$B42,'Maturing receivables'!$F:$F,Vertical_Cash_flow!$B$39) -> 0 | AQ42: =AM42+AN42+AO42/$C$16+AP42/$F$16 -> 0 | AR42: =AQ42*$C$16 -> 0 | AS42: =SUMIFS('Maturing receivables'!$K:$K,'Maturing receivables'!$S:$S,Vertical_Cash_flow!AS$11,'Maturing receivables'!$J:$J,Vertical_Cash_flow!AS$15,'Maturing receivables'!$A:$A,Vertical_Cash_flow!$C$14,'Maturing receivables'!$G:$G,Vertical_Cash_flow!$B42,'Maturing receivables'!$F:$F,Vertical_Cash_flow!$B$39) -> 0 | AT42: =SUMIFS('Maturing receivables'!$K:$K,'Maturing receivables'!$S:$S,Vertical_Cash_flow!AS$11,'Maturing receivables'!$J:$J,Vertical_Cash_flow!AT$15,'Maturing receivables'!$A:$A,Vertical_Cash_flow!$D$14,'Maturing receivables'!$G:$G,Vertical_Cash_flow!$B42,'Maturing receivables'!$F:$F,Vertical_Cash_flow!$B$39) -> 0 | AU42: =SUMIFS('Maturing receivables'!$K:$K,'Maturing receivables'!$S:$S,Vertical_Cash_flow!AS$11,'Maturing receivables'!$J:$J,Vertical_Cash_flow!AU$15,'Maturing receivables'!$A:$A,Vertical_Cash_flow!$E$14,'Maturing receivables'!$G:$G,Vertical_Cash_flow!$B42,'Maturing receivables'!$F:$F,Vertical_Cash_flow!$B$39) -> 0 | AV42: =SUMIFS('Maturing receivables'!$K:$K,'Maturing receivables'!$S:$S,Vertical_Cash_flow!AS$11,'Maturing receivables'!$J:$J,Vertical_Cash_flow!AV$15,'Maturing receivables'!$A:$A,Vertical_Cash_flow!$F$14,'Maturing receivables'!$G:$G,Vertical_Cash_flow!$B42,'Maturing receivables'!$F:$F,Vertical_Cash_flow!$B$39) -> 0 | AW42: =AS42+AT42+AU42/$C$16+AV42/$F$16 -> 0 | AX42: =AW42*$C$16 -> 0 | AZ42: =SUM(G42,S42,Y42,AE42,AK42,AQ42,AW42,M42) -> 0
B43: Virement | C43: =SUMIFS('Maturing receivables'!$K:$K,'Maturing receivables'!$S:$S,Vertical_Cash_flow!C$11,'Maturing receivables'!$J:$J,Vertical_Cash_flow!C$15,'Maturing receivables'!$A:$A,Vertical_Cash_flow!$C$14,'Maturing receivables'!$G:$G,Vertical_Cash_flow!$B43,'Maturing receivables'!$F:$F,Vertical_Cash_flow!$B$39) -> 0 | D43: =SUMIFS('Maturing receivables'!$K:$K,'Maturing receivables'!$S:$S,Vertical_Cash_flow!C$11,'Maturing receivables'!$J:$J,Vertical_Cash_flow!D$15,'Maturing receivables'!$A:$A,Vertical_Cash_flow!$D$14,'Maturing receivables'!$G:$G,Vertical_Cash_flow!$B43,'Maturing receivables'!$F:$F,Vertical_Cash_flow!$B$39) -> 0 | E43: =SUMIFS('Maturing receivables'!$K:$K,'Maturing receivables'!$S:$S,Vertical_Cash_flow!C$11,'Maturing receivables'!$J:$J,Vertical_Cash_flow!E$15,'Maturing receivables'!$A:$A,Vertical_Cash_flow!$E$14,'Maturing receivables'!$G:$G,Vertical_Cash_flow!$B43,'Maturing receivables'!$F:$F,Vertical_Cash_flow!$B$39) -> 0 | F43: =SUMIFS('Maturing receivables'!$K:$K,'Maturing receivables'!$S:$S,Vertical_Cash_flow!C$11,'Maturing receivables'!$J:$J,Vertical_Cash_flow!F$15,'Maturing receivables'!$A:$A,Vertical_Cash_flow!$F$14,'Maturing receivables'!$G:$G,Vertical_Cash_flow!$B43,'Maturing receivables'!$F:$F,Vertical_Cash_flow!$B$39) -> 0 | G43: =C43+D43+E43/$C$16+F43/$F$16 -> 0 | H43: =G43*$C$16 -> 0 | I43: =SUMIFS('Maturing receivables'!$K:$K,'Maturing receivables'!$S:$S,Vertical_Cash_flow!I$11,'Maturing receivables'!$J:$J,Vertical_Cash_flow!I$15,'Maturing receivables'!$A:$A,Vertical_Cash_flow!$C$14,'Maturing receivables'!$G:$G,Vertical_Cash_flow!$B43,'Maturing receivables'!$F:$F,Vertical_Cash_flow!$B$39) -> 0 | J43: =SUMIFS('Maturing receivables'!$K:$K,'Maturing receivables'!$S:$S,Vertical_Cash_flow!I$11,'Maturing receivables'!$J:$J,Vertical_Cash_flow!J$15,'Maturing receivables'!$A:$A,Vertical_Cash_flow!$D$14,'Maturing receivables'!$G:$G,Vertical_Cash_flow!$B43,'Maturing receivables'!$F:$F,Vertical_Cash_flow!$B$39) -> 0 | K43: =SUMIFS('Maturing receivables'!$K:$K,'Maturing receivables'!$S:$S,Vertical_Cash_flow!I$11,'Maturing receivables'!$J:$J,Vertical_Cash_flow!K$15,'Maturing receivables'!$A:$A,Vertical_Cash_flow!$E$14,'Maturing receivables'!$G:$G,Vertical_Cash_flow!$B43,'Maturing receivables'!$F:$F,Vertical_Cash_flow!$B$39) -> 0 | L43: =SUMIFS('Maturing receivables'!$K:$K,'Maturing receivables'!$S:$S,Vertical_Cash_flow!I$11,'Maturing receivables'!$J:$J,Vertical_Cash_flow!L$15,'Maturing receivables'!$A:$A,Vertical_Cash_flow!$F$14,'Maturing receivables'!$G:$G,Vertical_Cash_flow!$B43,'Maturing receivables'!$F:$F,Vertical_Cash_flow!$B$39) -> 0 | M43: =I43+J43+K43/$C$16+L43/$F$16 -> 0 | N43: =M43*$C$16 -> 0 | O43: =SUMIFS('Maturing receivables'!$K:$K,'Maturing receivables'!$S:$S,Vertical_Cash_flow!O$11,'Maturing receivables'!$J:$J,Vertical_Cash_flow!O$15,'Maturing receivables'!$A:$A,Vertical_Cash_flow!$C$14,'Maturing receivables'!$G:$G,Vertical_Cash_flow!$B43,'Maturing receivables'!$F:$F,Vertical_Cash_flow!$B$39) -> 0 | P43: =SUMIFS('Maturing receivables'!$K:$K,'Maturing receivables'!$S:$S,Vertical_Cash_flow!O$11,'Maturing receivables'!$J:$J,Vertical_Cash_flow!P$15,'Maturing receivables'!$A:$A,Vertical_Cash_flow!$D$14,'Maturing receivables'!$G:$G,Vertical_Cash_flow!$B43,'Maturing receivables'!$F:$F,Vertical_Cash_flow!$B$39) -> 0 | Q43: =SUMIFS('Maturing receivables'!$K:$K,'Maturing receivables'!$S:$S,Vertical_Cash_flow!O$11,'Maturing receivables'!$J:$J,Vertical_Cash_flow!Q$15,'Maturing receivables'!$A:$A,Vertical_Cash_flow!$E$14,'Maturing receivables'!$G:$G,Vertical_Cash_flow!$B43,'Maturing receivables'!$F:$F,Vertical_Cash_flow!$B$39) -> 0 | R43: =SUMIFS('Maturing receivables'!$K:$K,'Maturing receivables'!$S:$S,Vertical_Cash_flow!O$11,'Maturing receivables'!$J:$J,Vertical_Cash_flow!R$15,'Maturing receivables'!$A:$A,Vertical_Cash_flow!$F$14,'Maturing receivables'!$G:$G,Vertical_Cash_flow!$B43,'Maturing receivables'!$F:$F,Vertical_Cash_flow!$B$39) -> 0 | S43: =O43+P43+Q43/$C$16+R43/$F$16 -> 0 | T43: =S43*$C$16 -> 0 | U43: =SUMIFS('Maturing receivables'!$K:$K,'Maturing receivables'!$S:$S,Vertical_Cash_flow!U$11,'Maturing receivables'!$J:$J,Vertical_Cash_flow!U$15,'Maturing receivables'!$A:$A,Vertical_Cash_flow!$C$14,'Maturing receivables'!$G:$G,Vertical_Cash_flow!$B43,'Maturing receivables'!$F:$F,Vertical_Cash_flow!$B$39) -> 0 | V43: =SUMIFS('Maturing receivables'!$K:$K,'Maturing receivables'!$S:$S,Vertical_Cash_flow!U$11,'Maturing receivables'!$J:$J,Vertical_Cash_flow!V$15,'Maturing receivables'!$A:$A,Vertical_Cash_flow!$D$14,'Maturing receivables'!$G:$G,Vertical_Cash_flow!$B43,'Maturing receivables'!$F:$F,Vertical_Cash_flow!$B$39) -> 0 | W43: =SUMIFS('Maturing receivables'!$K:$K,'Maturing receivables'!$S:$S,Vertical_Cash_flow!U$11,'Maturing receivables'!$J:$J,Vertical_Cash_flow!W$15,'Maturing receivables'!$A:$A,Vertical_Cash_flow!$E$14,'Maturing receivables'!$G:$G,Vertical_Cash_flow!$B43,'Maturing receivables'!$F:$F,Vertical_Cash_flow!$B$39) -> 0 | X43: =SUMIFS('Maturing receivables'!$K:$K,'Maturing receivables'!$S:$S,Vertical_Cash_flow!U$11,'Maturing receivables'!$J:$J,Vertical_Cash_flow!X$15,'Maturing receivables'!$A:$A,Vertical_Cash_flow!$F$14,'Maturing receivables'!$G:$G,Vertical_Cash_flow!$B43,'Maturing receivables'!$F:$F,Vertical_Cash_flow!$B$39) -> 0 | Y43: =U43+V43+W43/$C$16+X43/$F$16 -> 0 | Z43: =Y43*$C$16 -> 0 | AA43: =SUMIFS('Maturing receivables'!$K:$K,'Maturing receivables'!$S:$S,Vertical_Cash_flow!AA$11,'Maturing receivables'!$J:$J,Vertical_Cash_flow!AA$15,'Maturing receivables'!$A:$A,Vertical_Cash_flow!$C$14,'Maturing receivables'!$G:$G,Vertical_Cash_flow!$B43,'Maturing receivables'!$F:$F,Vertical_Cash_flow!$B$39) -> 0 | AB43: =SUMIFS('Maturing receivables'!$K:$K,'Maturing receivables'!$S:$S,Vertical_Cash_flow!AA$11,'Maturing receivables'!$J:$J,Vertical_Cash_flow!AB$15,'Maturing receivables'!$A:$A,Vertical_Cash_flow!$D$14,'Maturing receivables'!$G:$G,Vertical_Cash_flow!$B43,'Maturing receivables'!$F:$F,Vertical_Cash_flow!$B$39) -> 0 | AC43: =SUMIFS('Maturing receivables'!$K:$K,'Maturing receivables'!$S:$S,Vertical_Cash_flow!AA$11,'Maturing receivables'!$J:$J,Vertical_Cash_flow!AC$15,'Maturing receivables'!$A:$A,Vertical_Cash_flow!$E$14,'Maturing receivables'!$G:$G,Vertical_Cash_flow!$B43,'Maturing receivables'!$F:$F,Vertical_Cash_flow!$B$39) -> 0 | AD43: =SUMIFS('Maturing receivables'!$K:$K,'Maturing receivables'!$S:$S,Vertical_Cash_flow!AA$11,'Maturing receivables'!$J:$J,Vertical_Cash_flow!AD$15,'Maturing receivables'!$A:$A,Vertical_Cash_flow!$F$14,'Maturing receivables'!$G:$G,Vertical_Cash_flow!$B43,'Maturing receivables'!$F:$F,Vertical_Cash_flow!$B$39) -> 0 | AE43: =AA43+AB43+AC43/$C$16+AD43/$F$16 -> 0 | AF43: =AE43*$C$16 -> 0 | AG43: =SUMIFS('Maturing receivables'!$K:$K,'Maturing receivables'!$S:$S,Vertical_Cash_flow!AG$11,'Maturing receivables'!$J:$J,Vertical_Cash_flow!AG$15,'Maturing receivables'!$A:$A,Vertical_Cash_flow!$C$14,'Maturing receivables'!$G:$G,Vertical_Cash_flow!$B43,'Maturing receivables'!$F:$F,Vertical_Cash_flow!$B$39) -> 0 | AH43: =SUMIFS('Maturing receivables'!$K:$K,'Maturing receivables'!$S:$S,Vertical_Cash_flow!AG$11,'Maturing receivables'!$J:$J,Vertical_Cash_flow!AH$15,'Maturing receivables'!$A:$A,Vertical_Cash_flow!$D$14,'Maturing receivables'!$G:$G,Vertical_Cash_flow!$B43,'Maturing receivables'!$F:$F,Vertical_Cash_flow!$B$39) -> 0 | AI43: =SUMIFS('Maturing receivables'!$K:$K,'Maturing receivables'!$S:$S,Vertical_Cash_flow!AG$11,'Maturing receivables'!$J:$J,Vertical_Cash_flow!AI$15,'Maturing receivables'!$A:$A,Vertical_Cash_flow!$E$14,'Maturing receivables'!$G:$G,Vertical_Cash_flow!$B43,'Maturing receivables'!$F:$F,Vertical_Cash_flow!$B$39) -> 0 | AJ43: =SUMIFS('Maturing receivables'!$K:$K,'Maturing receivables'!$S:$S,Vertical_Cash_flow!AG$11,'Maturing receivables'!$J:$J,Vertical_Cash_flow!AJ$15,'Maturing receivables'!$A:$A,Vertical_Cash_flow!$F$14,'Maturing receivables'!$G:$G,Vertical_Cash_flow!$B43,'Maturing receivables'!$F:$F,Vertical_Cash_flow!$B$39) -> 0 | AK43: =AG43+AH43+AI43/$C$16+AJ43/$F$16 -> 0 | AL43: =AK43*$C$16 -> 0 | AM43: =SUMIFS('Maturing receivables'!$K:$K,'Maturing receivables'!$S:$S,Vertical_Cash_flow!AM$11,'Maturing receivables'!$J:$J,Vertical_Cash_flow!AM$15,'Maturing receivables'!$A:$A,Vertical_Cash_flow!$C$14,'Maturing receivables'!$G:$G,Vertical_Cash_flow!$B43,'Maturing receivables'!$F:$F,Vertical_Cash_flow!$B$39) -> 0 | AN43: =SUMIFS('Maturing receivables'!$K:$K,'Maturing receivables'!$S:$S,Vertical_Cash_flow!AM$11,'Maturing receivables'!$J:$J,Vertical_Cash_flow!AN$15,'Maturing receivables'!$A:$A,Vertical_Cash_flow!$D$14,'Maturing receivables'!$G:$G,Vertical_Cash_flow!$B43,'Maturing receivables'!$F:$F,Vertical_Cash_flow!$B$39) -> 0 | AO43: =SUMIFS('Maturing receivables'!$K:$K,'Maturing receivables'!$S:$S,Vertical_Cash_flow!AM$11,'Maturing receivables'!$J:$J,Vertical_Cash_flow!AO$15,'Maturing receivables'!$A:$A,Vertical_Cash_flow!$E$14,'Maturing receivables'!$G:$G,Vertical_Cash_flow!$B43,'Maturing receivables'!$F:$F,Vertical_Cash_flow!$B$39) -> 0 | AP43: =SUMIFS('Maturing receivables'!$K:$K,'Maturing receivables'!$S:$S,Vertical_Cash_flow!AM$11,'Maturing receivables'!$J:$J,Vertical_Cash_flow!AP$15,'Maturing receivables'!$A:$A,Vertical_Cash_flow!$F$14,'Maturing receivables'!$G:$G,Vertical_Cash_flow!$B43,'Maturing receivables'!$F:$F,Vertical_Cash_flow!$B$39) -> 0 | AQ43: =AM43+AN43+AO43/$C$16+AP43/$F$16 -> 0 | AR43: =AQ43*$C$16 -> 0 | AS43: =SUMIFS('Maturing receivables'!$K:$K,'Maturing receivables'!$S:$S,Vertical_Cash_flow!AS$11,'Maturing receivables'!$J:$J,Vertical_Cash_flow!AS$15,'Maturing receivables'!$A:$A,Vertical_Cash_flow!$C$14,'Maturing receivables'!$G:$G,Vertical_Cash_flow!$B43,'Maturing receivables'!$F:$F,Vertical_Cash_flow!$B$39) -> 0 | AT43: =SUMIFS('Maturing receivables'!$K:$K,'Maturing receivables'!$S:$S,Vertical_Cash_flow!AS$11,'Maturing receivables'!$J:$J,Vertical_Cash_flow!AT$15,'Maturing receivables'!$A:$A,Vertical_Cash_flow!$D$14,'Maturing receivables'!$G:$G,Vertical_Cash_flow!$B43,'Maturing receivables'!$F:$F,Vertical_Cash_flow!$B$39) -> 0 | AU43: =SUMIFS('Maturing receivables'!$K:$K,'Maturing receivables'!$S:$S,Vertical_Cash_flow!AS$11,'Maturing receivables'!$J:$J,Vertical_Cash_flow!AU$15,'Maturing receivables'!$A:$A,Vertical_Cash_flow!$E$14,'Maturing receivables'!$G:$G,Vertical_Cash_flow!$B43,'Maturing receivables'!$F:$F,Vertical_Cash_flow!$B$39) -> 0 | AV43: =SUMIFS('Maturing receivables'!$K:$K,'Maturing receivables'!$S:$S,Vertical_Cash_flow!AS$11,'Maturing receivables'!$J:$J,Vertical_Cash_flow!AV$15,'Maturing receivables'!$A:$A,Vertical_Cash_flow!$F$14,'Maturing receivables'!$G:$G,Vertical_Cash_flow!$B43,'Maturing receivables'!$F:$F,Vertical_Cash_flow!$B$39) -> 0 | AW43: =AS43+AT43+AU43/$C$16+AV43/$F$16 -> 0 | AX43: =AW43*$C$16 -> 0 | AZ43: =SUM(G43,S43,Y43,AE43,AK43,AQ43,AW43,M43) -> 0
B45: ii. Receipts form Clients - non matured | C45: =SUM(C46:C51) -> 658353.83 | D45: =SUM(D46:D51) -> 0 | E45: =SUM(E46:E51) -> 0 | F45: =SUM(F46:F51) -> 0 | G45: =SUM(G46:G51) -> 658353.83 | H45: =SUM(H46:H51) -> 197506.15 | I45: =SUM(I46:I51) -> 1050844.4 | J45: =SUM(J46:J51) -> 0 | ... AX45: =SUM(AX46:AX51) -> 156569.79 | AZ45: =SUM(G45,S45,Y45,AE45,AK45,AQ45,AW45,M45) -> 5531282.3
B46: Cash | C46: =SUMIFS('Maturing receivables'!$K:$K,'Maturing receivables'!$S:$S,Vertical_Cash_flow!C$11,'Maturing receivables'!$J:$J,Vertical_Cash_flow!C$15,'Maturing receivables'!$A:$A,Vertical_Cash_flow!$C$14,'Maturing receivables'!$G:$G,Vertical_Cash_flow!$B46,'Maturing receivables'!$F:$F,Vertical_Cash_flow!$B$45) -> 0 | D46: =SUMIFS('Maturing receivables'!$K:$K,'Maturing receivables'!$S:$S,Vertical_Cash_flow!C$11,'Maturing receivables'!$J:$J,Vertical_Cash_flow!D$15,'Maturing receivables'!$A:$A,Vertical_Cash_flow!$D$14,'Maturing receivables'!$G:$G,Vertical_Cash_flow!$B46,'Maturing receivables'!$F:$F,Vertical_Cash_flow!$B$45) -> 0 | E46: =SUMIFS('Maturing receivables'!$K:$K,'Maturing receivables'!$S:$S,Vertical_Cash_flow!C$11,'Maturing receivables'!$J:$J,Vertical_Cash_flow!E$15,'Maturing receivables'!$A:$A,Vertical_Cash_flow!$E$14,'Maturing receivables'!$G:$G,Vertical_Cash_flow!$B46,'Maturing receivables'!$F:$F,Vertical_Cash_flow!$B$45) -> 0 | F46: =SUMIFS('Maturing receivables'!$K:$K,'Maturing receivables'!$S:$S,Vertical_Cash_flow!C$11,'Maturing receivables'!$J:$J,Vertical_Cash_flow!F$15,'Maturing receivables'!$A:$A,Vertical_Cash_flow!$F$14,'Maturing receivables'!$G:$G,Vertical_Cash_flow!$B46,'Maturing receivables'!$F:$F,Vertical_Cash_flow!$B$45) -> 0 | G46: =C46+D46+E46/$C$16+F46/$F$16 -> 0 | H46: =G46*$C$16 -> 0 | I46: =SUMIFS('Maturing receivables'!$K:$K,'Maturing receivables'!$S:$S,Vertical_Cash_flow!I$11,'Maturing receivables'!$J:$J,Vertical_Cash_flow!I$15,'Maturing receivables'!$A:$A,Vertical_Cash_flow!$C$14,'Maturing receivables'!$G:$G,Vertical_Cash_flow!$B46,'Maturing receivables'!$F:$F,Vertical_Cash_flow!$B$45) -> 0 | J46: =SUMIFS('Maturing receivables'!$K:$K,'Maturing receivables'!$S:$S,Vertical_Cash_flow!I$11,'Maturing receivables'!$J:$J,Vertical_Cash_flow!J$15,'Maturing receivables'!$A:$A,Vertical_Cash_flow!$D$14,'Maturing receivables'!$G:$G,Vertical_Cash_flow!$B46,'Maturing receivables'!$F:$F,Vertical_Cash_flow!$B$45) -> 0 | K46: =SUMIFS('Maturing receivables'!$K:$K,'Maturing receivables'!$S:$S,Vertical_Cash_flow!I$11,'Maturing receivables'!$J:$J,Vertical_Cash_flow!K$15,'Maturing receivables'!$A:$A,Vertical_Cash_flow!$E$14,'Maturing receivables'!$G:$G,Vertical_Cash_flow!$B46,'Maturing receivables'!$F:$F,Vertical_Cash_flow!$B$45) -> 0 | L46: =SUMIFS('Maturing receivables'!$K:$K,'Maturing receivables'!$S:$S,Vertical_Cash_flow!I$11,'Maturing receivables'!$J:$J,Vertical_Cash_flow!L$15,'Maturing receivables'!$A:$A,Vertical_Cash_flow!$F$14,'Maturing receivables'!$G:$G,Vertical_Cash_flow!$B46,'Maturing receivables'!$F:$F,Vertical_Cash_flow!$B$45) -> 0 | M46: =I46+J46+K46/$C$16+L46/$F$16 -> 0 | N46: =M46*$C$16 -> 0 | O46: =SUMIFS('Maturing receivables'!$K:$K,'Maturing receivables'!$S:$S,Vertical_Cash_flow!O$11,'Maturing receivables'!$J:$J,Vertical_Cash_flow!O$15,'Maturing receivables'!$A:$A,Vertical_Cash_flow!$C$14,'Maturing receivables'!$G:$G,Vertical_Cash_flow!$B46,'Maturing receivables'!$F:$F,Vertical_Cash_flow!$B$45) -> 0 | P46: =SUMIFS('Maturing receivables'!$K:$K,'Maturing receivables'!$S:$S,Vertical_Cash_flow!O$11,'Maturing receivables'!$J:$J,Vertical_Cash_flow!P$15,'Maturing receivables'!$A:$A,Vertical_Cash_flow!$D$14,'Maturing receivables'!$G:$G,Vertical_Cash_flow!$B46,'Maturing receivables'!$F:$F,Vertical_Cash_flow!$B$45) -> 0 | Q46: =SUMIFS('Maturing receivables'!$K:$K,'Maturing receivables'!$S:$S,Vertical_Cash_flow!O$11,'Maturing receivables'!$J:$J,Vertical_Cash_flow!Q$15,'Maturing receivables'!$A:$A,Vertical_Cash_flow!$E$14,'Maturing receivables'!$G:$G,Vertical_Cash_flow!$B46,'Maturing receivables'!$F:$F,Vertical_Cash_flow!$B$45) -> 0 | R46: =SUMIFS('Maturing receivables'!$K:$K,'Maturing receivables'!$S:$S,Vertical_Cash_flow!O$11,'Maturing receivables'!$J:$J,Vertical_Cash_flow!R$15,'Maturing receivables'!$A:$A,Vertical_Cash_flow!$F$14,'Maturing receivables'!$G:$G,Vertical_Cash_flow!$B46,'Maturing receivables'!$F:$F,Vertical_Cash_flow!$B$45) -> 0 | S46: =O46+P46+Q46/$C$16+R46/$F$16 -> 0 | T46: =S46*$C$16 -> 0 | U46: =SUMIFS('Maturing receivables'!$K:$K,'Maturing receivables'!$S:$S,Vertical_Cash_flow!U$11,'Maturing receivables'!$J:$J,Vertical_Cash_flow!U$15,'Maturing receivables'!$A:$A,Vertical_Cash_flow!$C$14,'Maturing receivables'!$G:$G,Vertical_Cash_flow!$B46,'Maturing receivables'!$F:$F,Vertical_Cash_flow!$B$45) -> 0 | V46: =SUMIFS('Maturing receivables'!$K:$K,'Maturing receivables'!$S:$S,Vertical_Cash_flow!U$11,'Maturing receivables'!$J:$J,Vertical_Cash_flow!V$15,'Maturing receivables'!$A:$A,Vertical_Cash_flow!$D$14,'Maturing receivables'!$G:$G,Vertical_Cash_flow!$B46,'Maturing receivables'!$F:$F,Vertical_Cash_flow!$B$45) -> 0 | W46: =SUMIFS('Maturing receivables'!$K:$K,'Maturing receivables'!$S:$S,Vertical_Cash_flow!U$11,'Maturing receivables'!$J:$J,Vertical_Cash_flow!W$15,'Maturing receivables'!$A:$A,Vertical_Cash_flow!$E$14,'Maturing receivables'!$G:$G,Vertical_Cash_flow!$B46,'Maturing receivables'!$F:$F,Vertical_Cash_flow!$B$45) -> 0 | X46: =SUMIFS('Maturing receivables'!$K:$K,'Maturing receivables'!$S:$S,Vertical_Cash_flow!U$11,'Maturing receivables'!$J:$J,Vertical_Cash_flow!X$15,'Maturing receivables'!$A:$A,Vertical_Cash_flow!$F$14,'Maturing receivables'!$G:$G,Vertical_Cash_flow!$B46,'Maturing receivables'!$F:$F,Vertical_Cash_flow!$B$45) -> 0 | Y46: =U46+V46+W46/$C$16+X46/$F$16 -> 0 | Z46: =Y46*$C$16 -> 0 | AA46: =SUMIFS('Maturing receivables'!$K:$K,'Maturing receivables'!$S:$S,Vertical_Cash_flow!AA$11,'Maturing receivables'!$J:$J,Vertical_Cash_flow!AA$15,'Maturing receivables'!$A:$A,Vertical_Cash_flow!$C$14,'Maturing receivables'!$G:$G,Vertical_Cash_flow!$B46,'Maturing receivables'!$F:$F,Vertical_Cash_flow!$B$45) -> 0 | AB46: =SUMIFS('Maturing receivables'!$K:$K,'Maturing receivables'!$S:$S,Vertical_Cash_flow!AA$11,'Maturing receivables'!$J:$J,Vertical_Cash_flow!AB$15,'Maturing receivables'!$A:$A,Vertical_Cash_flow!$D$14,'Maturing receivables'!$G:$G,Vertical_Cash_flow!$B46,'Maturing receivables'!$F:$F,Vertical_Cash_flow!$B$45) -> 0 | AC46: =SUMIFS('Maturing receivables'!$K:$K,'Maturing receivables'!$S:$S,Vertical_Cash_flow!AA$11,'Maturing receivables'!$J:$J,Vertical_Cash_flow!AC$15,'Maturing receivables'!$A:$A,Vertical_Cash_flow!$E$14,'Maturing receivables'!$G:$G,Vertical_Cash_flow!$B46,'Maturing receivables'!$F:$F,Vertical_Cash_flow!$B$45) -> 0 | AD46: =SUMIFS('Maturing receivables'!$K:$K,'Maturing receivables'!$S:$S,Vertical_Cash_flow!AA$11,'Maturing receivables'!$J:$J,Vertical_Cash_flow!AD$15,'Maturing receivables'!$A:$A,Vertical_Cash_flow!$F$14,'Maturing receivables'!$G:$G,Vertical_Cash_flow!$B46,'Maturing receivables'!$F:$F,Vertical_Cash_flow!$B$45) -> 0 | AE46: =AA46+AB46+AC46/$C$16+AD46/$F$16 -> 0 | AF46: =AE46*$C$16 -> 0 | AG46: =SUMIFS('Maturing receivables'!$K:$K,'Maturing receivables'!$S:$S,Vertical_Cash_flow!AG$11,'Maturing receivables'!$J:$J,Vertical_Cash_flow!AG$15,'Maturing receivables'!$A:$A,Vertical_Cash_flow!$C$14,'Maturing receivables'!$G:$G,Vertical_Cash_flow!$B46,'Maturing receivables'!$F:$F,Vertical_Cash_flow!$B$45) -> 0 | AH46: =SUMIFS('Maturing receivables'!$K:$K,'Maturing receivables'!$S:$S,Vertical_Cash_flow!AG$11,'Maturing receivables'!$J:$J,Vertical_Cash_flow!AH$15,'Maturing receivables'!$A:$A,Vertical_Cash_flow!$D$14,'Maturing receivables'!$G:$G,Vertical_Cash_flow!$B46,'Maturing receivables'!$F:$F,Vertical_Cash_flow!$B$45) -> 0 | AI46: =SUMIFS('Maturing receivables'!$K:$K,'Maturing receivables'!$S:$S,Vertical_Cash_flow!AG$11,'Maturing receivables'!$J:$J,Vertical_Cash_flow!AI$15,'Maturing receivables'!$A:$A,Vertical_Cash_flow!$E$14,'Maturing receivables'!$G:$G,Vertical_Cash_flow!$B46,'Maturing receivables'!$F:$F,Vertical_Cash_flow!$B$45) -> 0 | AJ46: =SUMIFS('Maturing receivables'!$K:$K,'Maturing receivables'!$S:$S,Vertical_Cash_flow!AG$11,'Maturing receivables'!$J:$J,Vertical_Cash_flow!AJ$15,'Maturing receivables'!$A:$A,Vertical_Cash_flow!$F$14,'Maturing receivables'!$G:$G,Vertical_Cash_flow!$B46,'Maturing receivables'!$F:$F,Vertical_Cash_flow!$B$45) -> 0 | AK46: =AG46+AH46+AI46/$C$16+AJ46/$F$16 -> 0 | AL46: =AK46*$C$16 -> 0 | AM46: =SUMIFS('Maturing receivables'!$K:$K,'Maturing receivables'!$S:$S,Vertical_Cash_flow!AM$11,'Maturing receivables'!$J:$J,Vertical_Cash_flow!AM$15,'Maturing receivables'!$A:$A,Vertical_Cash_flow!$C$14,'Maturing receivables'!$G:$G,Vertical_Cash_flow!$B46,'Maturing receivables'!$F:$F,Vertical_Cash_flow!$B$45) -> 0 | AN46: =SUMIFS('Maturing receivables'!$K:$K,'Maturing receivables'!$S:$S,Vertical_Cash_flow!AM$11,'Maturing receivables'!$J:$J,Vertical_Cash_flow!AN$15,'Maturing receivables'!$A:$A,Vertical_Cash_flow!$D$14,'Maturing receivables'!$G:$G,Vertical_Cash_flow!$B46,'Maturing receivables'!$F:$F,Vertical_Cash_flow!$B$45) -> 0 | AO46: =SUMIFS('Maturing receivables'!$K:$K,'Maturing receivables'!$S:$S,Vertical_Cash_flow!AM$11,'Maturing receivables'!$J:$J,Vertical_Cash_flow!AO$15,'Maturing receivables'!$A:$A,Vertical_Cash_flow!$E$14,'Maturing receivables'!$G:$G,Vertical_Cash_flow!$B46,'Maturing receivables'!$F:$F,Vertical_Cash_flow!$B$45) -> 0 | AP46: =SUMIFS('Maturing receivables'!$K:$K,'Maturing receivables'!$S:$S,Vertical_Cash_flow!AM$11,'Maturing receivables'!$J:$J,Vertical_Cash_flow!AP$15,'Maturing receivables'!$A:$A,Vertical_Cash_flow!$F$14,'Maturing receivables'!$G:$G,Vertical_Cash_flow!$B46,'Maturing receivables'!$F:$F,Vertical_Cash_flow!$B$45) -> 0 | AQ46: =AM46+AN46+AO46/$C$16+AP46/$F$16 -> 0 | AR46: =AQ46*$C$16 -> 0 | AS46: =SUMIFS('Maturing receivables'!$K:$K,'Maturing receivables'!$S:$S,Vertical_Cash_flow!AS$11,'Maturing receivables'!$J:$J,Vertical_Cash_flow!AS$15,'Maturing receivables'!$A:$A,Vertical_Cash_flow!$C$14,'Maturing receivables'!$G:$G,Vertical_Cash_flow!$B46,'Maturing receivables'!$F:$F,Vertical_Cash_flow!$B$45) -> 0 | AT46: =SUMIFS('Maturing receivables'!$K:$K,'Maturing receivables'!$S:$S,Vertical_Cash_flow!AS$11,'Maturing receivables'!$J:$J,Vertical_Cash_flow!AT$15,'Maturing receivables'!$A:$A,Vertical_Cash_flow!$D$14,'Maturing receivables'!$G:$G,Vertical_Cash_flow!$B46,'Maturing receivables'!$F:$F,Vertical_Cash_flow!$B$45) -> 0 | AU46: =SUMIFS('Maturing receivables'!$K:$K,'Maturing receivables'!$S:$S,Vertical_Cash_flow!AS$11,'Maturing receivables'!$J:$J,Vertical_Cash_flow!AU$15,'Maturing receivables'!$A:$A,Vertical_Cash_flow!$E$14,'Maturing receivables'!$G:$G,Vertical_Cash_flow!$B46,'Maturing receivables'!$F:$F,Vertical_Cash_flow!$B$45) -> 0 | AV46: =SUMIFS('Maturing receivables'!$K:$K,'Maturing receivables'!$S:$S,Vertical_Cash_flow!AS$11,'Maturing receivables'!$J:$J,Vertical_Cash_flow!AV$15,'Maturing receivables'!$A:$A,Vertical_Cash_flow!$F$14,'Maturing receivables'!$G:$G,Vertical_Cash_flow!$B46,'Maturing receivables'!$F:$F,Vertical_Cash_flow!$B$45) -> 0 | AW46: =AS46+AT46+AU46/$C$16+AV46/$F$16 -> 0 | AX46: =AW46*$C$16 -> 0 | AZ46: =SUM(G46,S46,Y46,AE46,AK46,AQ46,AW46,M46) -> 0
B47: Cheque PF | C47: =SUMIFS('Maturing receivables'!$K:$K,'Maturing receivables'!$S:$S,Vertical_Cash_flow!C$11,'Maturing receivables'!$J:$J,Vertical_Cash_flow!C$15,'Maturing receivables'!$A:$A,Vertical_Cash_flow!$C$14,'Maturing receivables'!$G:$G,Vertical_Cash_flow!$B47,'Maturing receivables'!$F:$F,Vertical_Cash_flow!$B$45) -> 343220.28 | D47: =SUMIFS('Maturing receivables'!$K:$K,'Maturing receivables'!$S:$S,Vertical_Cash_flow!C$11,'Maturing receivables'!$J:$J,Vertical_Cash_flow!D$15,'Maturing receivables'!$A:$A,Vertical_Cash_flow!$D$14,'Maturing receivables'!$G:$G,Vertical_Cash_flow!$B47,'Maturing receivables'!$F:$F,Vertical_Cash_flow!$B$45) -> 0 | E47: =SUMIFS('Maturing receivables'!$K:$K,'Maturing receivables'!$S:$S,Vertical_Cash_flow!C$11,'Maturing receivables'!$J:$J,Vertical_Cash_flow!E$15,'Maturing receivables'!$A:$A,Vertical_Cash_flow!$E$14,'Maturing receivables'!$G:$G,Vertical_Cash_flow!$B47,'Maturing receivables'!$F:$F,Vertical_Cash_flow!$B$45) -> 0 | F47: =SUMIFS('Maturing receivables'!$K:$K,'Maturing receivables'!$S:$S,Vertical_Cash_flow!C$11,'Maturing receivables'!$J:$J,Vertical_Cash_flow!F$15,'Maturing receivables'!$A:$A,Vertical_Cash_flow!$F$14,'Maturing receivables'!$G:$G,Vertical_Cash_flow!$B47,'Maturing receivables'!$F:$F,Vertical_Cash_flow!$B$45) -> 0 | G47: =C47+D47+E47/$C$16+F47/$F$16 -> 343220.28 | H47: =G47*$C$16 -> 102966.08 | I47: =SUMIFS('Maturing receivables'!$K:$K,'Maturing receivables'!$S:$S,Vertical_Cash_flow!I$11,'Maturing receivables'!$J:$J,Vertical_Cash_flow!I$15,'Maturing receivables'!$A:$A,Vertical_Cash_flow!$C$14,'Maturing receivables'!$G:$G,Vertical_Cash_flow!$B47,'Maturing receivables'!$F:$F,Vertical_Cash_flow!$B$45) -> 694844.36 | J47: =SUMIFS('Maturing receivables'!$K:$K,'Maturing receivables'!$S:$S,Vertical_Cash_flow!I$11,'Maturing receivables'!$J:$J,Vertical_Cash_flow!J$15,'Maturing receivables'!$A:$A,Vertical_Cash_flow!$D$14,'Maturing receivables'!$G:$G,Vertical_Cash_flow!$B47,'Maturing receivables'!$F:$F,Vertical_Cash_flow!$B$45) -> 0 | K47: =SUMIFS('Maturing receivables'!$K:$K,'Maturing receivables'!$S:$S,Vertical_Cash_flow!I$11,'Maturing receivables'!$J:$J,Vertical_Cash_flow!K$15,'Maturing receivables'!$A:$A,Vertical_Cash_flow!$E$14,'Maturing receivables'!$G:$G,Vertical_Cash_flow!$B47,'Maturing receivables'!$F:$F,Vertical_Cash_flow!$B$45) -> 0 | L47: =SUMIFS('Maturing receivables'!$K:$K,'Maturing receivables'!$S:$S,Vertical_Cash_flow!I$11,'Maturing receivables'!$J:$J,Vertical_Cash_flow!L$15,'Maturing receivables'!$A:$A,Vertical_Cash_flow!$F$14,'Maturing receivables'!$G:$G,Vertical_Cash_flow!$B47,'Maturing receivables'!$F:$F,Vertical_Cash_flow!$B$45) -> 0 | M47: =I47+J47+K47/$C$16+L47/$F$16 -> 694844.36 | N47: =M47*$C$16 -> 208453.31 | O47: =SUMIFS('Maturing receivables'!$K:$K,'Maturing receivables'!$S:$S,Vertical_Cash_flow!O$11,'Maturing receivables'!$J:$J,Vertical_Cash_flow!O$15,'Maturing receivables'!$A:$A,Vertical_Cash_flow!$C$14,'Maturing receivables'!$G:$G,Vertical_Cash_flow!$B47,'Maturing receivables'!$F:$F,Vertical_Cash_flow!$B$45) -> 179406.84 | P47: =SUMIFS('Maturing receivables'!$K:$K,'Maturing receivables'!$S:$S,Vertical_Cash_flow!O$11,'Maturing receivables'!$J:$J,Vertical_Cash_flow!P$15,'Maturing receivables'!$A:$A,Vertical_Cash_flow!$D$14,'Maturing receivables'!$G:$G,Vertical_Cash_flow!$B47,'Maturing receivables'!$F:$F,Vertical_Cash_flow!$B$45) -> 0 | Q47: =SUMIFS('Maturing receivables'!$K:$K,'Maturing receivables'!$S:$S,Vertical_Cash_flow!O$11,'Maturing receivables'!$J:$J,Vertical_Cash_flow!Q$15,'Maturing receivables'!$A:$A,Vertical_Cash_flow!$E$14,'Maturing receivables'!$G:$G,Vertical_Cash_flow!$B47,'Maturing receivables'!$F:$F,Vertical_Cash_flow!$B$45) -> 0 | R47: =SUMIFS('Maturing receivables'!$K:$K,'Maturing receivables'!$S:$S,Vertical_Cash_flow!O$11,'Maturing receivables'!$J:$J,Vertical_Cash_flow!R$15,'Maturing receivables'!$A:$A,Vertical_Cash_flow!$F$14,'Maturing receivables'!$G:$G,Vertical_Cash_flow!$B47,'Maturing receivables'!$F:$F,Vertical_Cash_flow!$B$45) -> 0 | S47: =O47+P47+Q47/$C$16+R47/$F$16 -> 179406.84 | T47: =S47*$C$16 -> 53822.052 | U47: =SUMIFS('Maturing receivables'!$K:$K,'Maturing receivables'!$S:$S,Vertical_Cash_flow!U$11,'Maturing receivables'!$J:$J,Vertical_Cash_flow!U$15,'Maturing receivables'!$A:$A,Vertical_Cash_flow!$C$14,'Maturing receivables'!$G:$G,Vertical_Cash_flow!$B47,'Maturing receivables'!$F:$F,Vertical_Cash_flow!$B$45) -> 235203.1 | V47: =SUMIFS('Maturing receivables'!$K:$K,'Maturing receivables'!$S:$S,Vertical_Cash_flow!U$11,'Maturing receivables'!$J:$J,Vertical_Cash_flow!V$15,'Maturing receivables'!$A:$A,Vertical_Cash_flow!$D$14,'Maturing receivables'!$G:$G,Vertical_Cash_flow!$B47,'Maturing receivables'!$F:$F,Vertical_Cash_flow!$B$45) -> 0 | W47: =SUMIFS('Maturing receivables'!$K:$K,'Maturing receivables'!$S:$S,Vertical_Cash_flow!U$11,'Maturing receivables'!$J:$J,Vertical_Cash_flow!W$15,'Maturing receivables'!$A:$A,Vertical_Cash_flow!$E$14,'Maturing receivables'!$G:$G,Vertical_Cash_flow!$B47,'Maturing receivables'!$F:$F,Vertical_Cash_flow!$B$45) -> 0 | X47: =SUMIFS('Maturing receivables'!$K:$K,'Maturing receivables'!$S:$S,Vertical_Cash_flow!U$11,'Maturing receivables'!$J:$J,Vertical_Cash_flow!X$15,'Maturing receivables'!$A:$A,Vertical_Cash_flow!$F$14,'Maturing receivables'!$G:$G,Vertical_Cash_flow!$B47,'Maturing receivables'!$F:$F,Vertical_Cash_flow!$B$45) -> 0 | Y47: =U47+V47+W47/$C$16+X47/$F$16 -> 235203.1 | Z47: =Y47*$C$16 -> 70560.929 | AA47: =SUMIFS('Maturing receivables'!$K:$K,'Maturing receivables'!$S:$S,Vertical_Cash_flow!AA$11,'Maturing receivables'!$J:$J,Vertical_Cash_flow!AA$15,'Maturing receivables'!$A:$A,Vertical_Cash_flow!$C$14,'Maturing receivables'!$G:$G,Vertical_Cash_flow!$B47,'Maturing receivables'!$F:$F,Vertical_Cash_flow!$B$45) -> 442832.96 | AB47: =SUMIFS('Maturing receivables'!$K:$K,'Maturing receivables'!$S:$S,Vertical_Cash_flow!AA$11,'Maturing receivables'!$J:$J,Vertical_Cash_flow!AB$15,'Maturing receivables'!$A:$A,Vertical_Cash_flow!$D$14,'Maturing receivables'!$G:$G,Vertical_Cash_flow!$B47,'Maturing receivables'!$F:$F,Vertical_Cash_flow!$B$45) -> 0 | AC47: =SUMIFS('Maturing receivables'!$K:$K,'Maturing receivables'!$S:$S,Vertical_Cash_flow!AA$11,'Maturing receivables'!$J:$J,Vertical_Cash_flow!AC$15,'Maturing receivables'!$A:$A,Vertical_Cash_flow!$E$14,'Maturing receivables'!$G:$G,Vertical_Cash_flow!$B47,'Maturing receivables'!$F:$F,Vertical_Cash_flow!$B$45) -> 0 | AD47: =SUMIFS('Maturing receivables'!$K:$K,'Maturing receivables'!$S:$S,Vertical_Cash_flow!AA$11,'Maturing receivables'!$J:$J,Vertical_Cash_flow!AD$15,'Maturing receivables'!$A:$A,Vertical_Cash_flow!$F$14,'Maturing receivables'!$G:$G,Vertical_Cash_flow!$B47,'Maturing receivables'!$F:$F,Vertical_Cash_flow!$B$45) -> 0 | AE47: =AA47+AB47+AC47/$C$16+AD47/$F$16 -> 442832.96 | AF47: =AE47*$C$16 -> 132849.89 | AG47: =SUMIFS('Maturing receivables'!$K:$K,'Maturing receivables'!$S:$S,Vertical_Cash_flow!AG$11,'Maturing receivables'!$J:$J,Vertical_Cash_flow!AG$15,'Maturing receivables'!$A:$A,Vertical_Cash_flow!$C$14,'Maturing receivables'!$G:$G,Vertical_Cash_flow!$B47,'Maturing receivables'!$F:$F,Vertical_Cash_flow!$B$45) -> 162245.63 | AH47: =SUMIFS('Maturing receivables'!$K:$K,'Maturing receivables'!$S:$S,Vertical_Cash_flow!AG$11,'Maturing receivables'!$J:$J,Vertical_Cash_flow!AH$15,'Maturing receivables'!$A:$A,Vertical_Cash_flow!$D$14,'Maturing receivables'!$G:$G,Vertical_Cash_flow!$B47,'Maturing receivables'!$F:$F,Vertical_Cash_flow!$B$45) -> 0 | AI47: =SUMIFS('Maturing receivables'!$K:$K,'Maturing receivables'!$S:$S,Vertical_Cash_flow!AG$11,'Maturing receivables'!$J:$J,Vertical_Cash_flow!AI$15,'Maturing receivables'!$A:$A,Vertical_Cash_flow!$E$14,'Maturing receivables'!$G:$G,Vertical_Cash_flow!$B47,'Maturing receivables'!$F:$F,Vertical_Cash_flow!$B$45) -> 0 | AJ47: =SUMIFS('Maturing receivables'!$K:$K,'Maturing receivables'!$S:$S,Vertical_Cash_flow!AG$11,'Maturing receivables'!$J:$J,Vertical_Cash_flow!AJ$15,'Maturing receivables'!$A:$A,Vertical_Cash_flow!$F$14,'Maturing receivables'!$G:$G,Vertical_Cash_flow!$B47,'Maturing receivables'!$F:$F,Vertical_Cash_flow!$B$45) -> 0 | AK47: =AG47+AH47+AI47/$C$16+AJ47/$F$16 -> 162245.63 | AL47: =AK47*$C$16 -> 48673.69 | AM47: =SUMIFS('Maturing receivables'!$K:$K,'Maturing receivables'!$S:$S,Vertical_Cash_flow!AM$11,'Maturing receivables'!$J:$J,Vertical_Cash_flow!AM$15,'Maturing receivables'!$A:$A,Vertical_Cash_flow!$C$14,'Maturing receivables'!$G:$G,Vertical_Cash_flow!$B47,'Maturing receivables'!$F:$F,Vertical_Cash_flow!$B$45) -> 620496.24 | AN47: =SUMIFS('Maturing receivables'!$K:$K,'Maturing receivables'!$S:$S,Vertical_Cash_flow!AM$11,'Maturing receivables'!$J:$J,Vertical_Cash_flow!AN$15,'Maturing receivables'!$A:$A,Vertical_Cash_flow!$D$14,'Maturing receivables'!$G:$G,Vertical_Cash_flow!$B47,'Maturing receivables'!$F:$F,Vertical_Cash_flow!$B$45) -> 0 | AO47: =SUMIFS('Maturing receivables'!$K:$K,'Maturing receivables'!$S:$S,Vertical_Cash_flow!AM$11,'Maturing receivables'!$J:$J,Vertical_Cash_flow!AO$15,'Maturing receivables'!$A:$A,Vertical_Cash_flow!$E$14,'Maturing receivables'!$G:$G,Vertical_Cash_flow!$B47,'Maturing receivables'!$F:$F,Vertical_Cash_flow!$B$45) -> 0 | AP47: =SUMIFS('Maturing receivables'!$K:$K,'Maturing receivables'!$S:$S,Vertical_Cash_flow!AM$11,'Maturing receivables'!$J:$J,Vertical_Cash_flow!AP$15,'Maturing receivables'!$A:$A,Vertical_Cash_flow!$F$14,'Maturing receivables'!$G:$G,Vertical_Cash_flow!$B47,'Maturing receivables'!$F:$F,Vertical_Cash_flow!$B$45) -> 0 | AQ47: =AM47+AN47+AO47/$C$16+AP47/$F$16 -> 620496.24 | AR47: =AQ47*$C$16 -> 186148.87 | AS47: =SUMIFS('Maturing receivables'!$K:$K,'Maturing receivables'!$S:$S,Vertical_Cash_flow!AS$11,'Maturing receivables'!$J:$J,Vertical_Cash_flow!AS$15,'Maturing receivables'!$A:$A,Vertical_Cash_flow!$C$14,'Maturing receivables'!$G:$G,Vertical_Cash_flow!$B47,'Maturing receivables'!$F:$F,Vertical_Cash_flow!$B$45) -> 141899.31 | AT47: =SUMIFS('Maturing receivables'!$K:$K,'Maturing receivables'!$S:$S,Vertical_Cash_flow!AS$11,'Maturing receivables'!$J:$J,Vertical_Cash_flow!AT$15,'Maturing receivables'!$A:$A,Vertical_Cash_flow!$D$14,'Maturing receivables'!$G:$G,Vertical_Cash_flow!$B47,'Maturing receivables'!$F:$F,Vertical_Cash_flow!$B$45) -> 0 | AU47: =SUMIFS('Maturing receivables'!$K:$K,'Maturing receivables'!$S:$S,Vertical_Cash_flow!AS$11,'Maturing receivables'!$J:$J,Vertical_Cash_flow!AU$15,'Maturing receivables'!$A:$A,Vertical_Cash_flow!$E$14,'Maturing receivables'!$G:$G,Vertical_Cash_flow!$B47,'Maturing receivables'!$F:$F,Vertical_Cash_flow!$B$45) -> 0 | AV47: =SUMIFS('Maturing receivables'!$K:$K,'Maturing receivables'!$S:$S,Vertical_Cash_flow!AS$11,'Maturing receivables'!$J:$J,Vertical_Cash_flow!AV$15,'Maturing receivables'!$A:$A,Vertical_Cash_flow!$F$14,'Maturing receivables'!$G:$G,Vertical_Cash_flow!$B47,'Maturing receivables'!$F:$F,Vertical_Cash_flow!$B$45) -> 0 | AW47: =AS47+AT47+AU47/$C$16+AV47/$F$16 -> 141899.31 | AX47: =AW47*$C$16 -> 42569.792 | AZ47: =SUM(G47,S47,Y47,AE47,AK47,AQ47,AW47,M47) -> 2820148.7
B48: Espece | C48: =SUMIFS('Maturing receivables'!$K:$K,'Maturing receivables'!$S:$S,Vertical_Cash_flow!C$11,'Maturing receivables'!$J:$J,Vertical_Cash_flow!C$15,'Maturing receivables'!$A:$A,Vertical_Cash_flow!$C$14,'Maturing receivables'!$G:$G,Vertical_Cash_flow!$B48,'Maturing receivables'!$F:$F,Vertical_Cash_flow!$B$45) -> 124000 | D48: =SUMIFS('Maturing receivables'!$K:$K,'Maturing receivables'!$S:$S,Vertical_Cash_flow!C$11,'Maturing receivables'!$J:$J,Vertical_Cash_flow!D$15,'Maturing receivables'!$A:$A,Vertical_Cash_flow!$D$14,'Maturing receivables'!$G:$G,Vertical_Cash_flow!$B48,'Maturing receivables'!$F:$F,Vertical_Cash_flow!$B$45) -> 0 | E48: =SUMIFS('Maturing receivables'!$K:$K,'Maturing receivables'!$S:$S,Vertical_Cash_flow!C$11,'Maturing receivables'!$J:$J,Vertical_Cash_flow!E$15,'Maturing receivables'!$A:$A,Vertical_Cash_flow!$E$14,'Maturing receivables'!$G:$G,Vertical_Cash_flow!$B48,'Maturing receivables'!$F:$F,Vertical_Cash_flow!$B$45) -> 0 | F48: =SUMIFS('Maturing receivables'!$K:$K,'Maturing receivables'!$S:$S,Vertical_Cash_flow!C$11,'Maturing receivables'!$J:$J,Vertical_Cash_flow!F$15,'Maturing receivables'!$A:$A,Vertical_Cash_flow!$F$14,'Maturing receivables'!$G:$G,Vertical_Cash_flow!$B48,'Maturing receivables'!$F:$F,Vertical_Cash_flow!$B$45) -> 0 | G48: =C48+D48+E48/$C$16+F48/$F$16 -> 124000 | H48: =G48*$C$16 -> 37200 | I48: =SUMIFS('Maturing receivables'!$K:$K,'Maturing receivables'!$S:$S,Vertical_Cash_flow!I$11,'Maturing receivables'!$J:$J,Vertical_Cash_flow!I$15,'Maturing receivables'!$A:$A,Vertical_Cash_flow!$C$14,'Maturing receivables'!$G:$G,Vertical_Cash_flow!$B48,'Maturing receivables'!$F:$F,Vertical_Cash_flow!$B$45) -> 137000 | J48: =SUMIFS('Maturing receivables'!$K:$K,'Maturing receivables'!$S:$S,Vertical_Cash_flow!I$11,'Maturing receivables'!$J:$J,Vertical_Cash_flow!J$15,'Maturing receivables'!$A:$A,Vertical_Cash_flow!$D$14,'Maturing receivables'!$G:$G,Vertical_Cash_flow!$B48,'Maturing receivables'!$F:$F,Vertical_Cash_flow!$B$45) -> 0 | K48: =SUMIFS('Maturing receivables'!$K:$K,'Maturing receivables'!$S:$S,Vertical_Cash_flow!I$11,'Maturing receivables'!$J:$J,Vertical_Cash_flow!K$15,'Maturing receivables'!$A:$A,Vertical_Cash_flow!$E$14,'Maturing receivables'!$G:$G,Vertical_Cash_flow!$B48,'Maturing receivables'!$F:$F,Vertical_Cash_flow!$B$45) -> 0 | L48: =SUMIFS('Maturing receivables'!$K:$K,'Maturing receivables'!$S:$S,Vertical_Cash_flow!I$11,'Maturing receivables'!$J:$J,Vertical_Cash_flow!L$15,'Maturing receivables'!$A:$A,Vertical_Cash_flow!$F$14,'Maturing receivables'!$G:$G,Vertical_Cash_flow!$B48,'Maturing receivables'!$F:$F,Vertical_Cash_flow!$B$45) -> 0 | M48: =I48+J48+K48/$C$16+L48/$F$16 -> 137000 | N48: =M48*$C$16 -> 41100 | O48: =SUMIFS('Maturing receivables'!$K:$K,'Maturing receivables'!$S:$S,Vertical_Cash_flow!O$11,'Maturing receivables'!$J:$J,Vertical_Cash_flow!O$15,'Maturing receivables'!$A:$A,Vertical_Cash_flow!$C$14,'Maturing receivables'!$G:$G,Vertical_Cash_flow!$B48,'Maturing receivables'!$F:$F,Vertical_Cash_flow!$B$45) -> 56000 | P48: =SUMIFS('Maturing receivables'!$K:$K,'Maturing receivables'!$S:$S,Vertical_Cash_flow!O$11,'Maturing receivables'!$J:$J,Vertical_Cash_flow!P$15,'Maturing receivables'!$A:$A,Vertical_Cash_flow!$D$14,'Maturing receivables'!$G:$G,Vertical_Cash_flow!$B48,'Maturing receivables'!$F:$F,Vertical_Cash_flow!$B$45) -> 0 | Q48: =SUMIFS('Maturing receivables'!$K:$K,'Maturing receivables'!$S:$S,Vertical_Cash_flow!O$11,'Maturing receivables'!$J:$J,Vertical_Cash_flow!Q$15,'Maturing receivables'!$A:$A,Vertical_Cash_flow!$E$14,'Maturing receivables'!$G:$G,Vertical_Cash_flow!$B48,'Maturing receivables'!$F:$F,Vertical_Cash_flow!$B$45) -> 0 | R48: =SUMIFS('Maturing receivables'!$K:$K,'Maturing receivables'!$S:$S,Vertical_Cash_flow!O$11,'Maturing receivables'!$J:$J,Vertical_Cash_flow!R$15,'Maturing receivables'!$A:$A,Vertical_Cash_flow!$F$14,'Maturing receivables'!$G:$G,Vertical_Cash_flow!$B48,'Maturing receivables'!$F:$F,Vertical_Cash_flow!$B$45) -> 0 | S48: =O48+P48+Q48/$C$16+R48/$F$16 -> 56000 | T48: =S48*$C$16 -> 16800 | U48: =SUMIFS('Maturing receivables'!$K:$K,'Maturing receivables'!$S:$S,Vertical_Cash_flow!U$11,'Maturing receivables'!$J:$J,Vertical_Cash_flow!U$15,'Maturing receivables'!$A:$A,Vertical_Cash_flow!$C$14,'Maturing receivables'!$G:$G,Vertical_Cash_flow!$B48,'Maturing receivables'!$F:$F,Vertical_Cash_flow!$B$45) -> 167000 | V48: =SUMIFS('Maturing receivables'!$K:$K,'Maturing receivables'!$S:$S,Vertical_Cash_flow!U$11,'Maturing receivables'!$J:$J,Vertical_Cash_flow!V$15,'Maturing receivables'!$A:$A,Vertical_Cash_flow!$D$14,'Maturing receivables'!$G:$G,Vertical_Cash_flow!$B48,'Maturing receivables'!$F:$F,Vertical_Cash_flow!$B$45) -> 0 | W48: =SUMIFS('Maturing receivables'!$K:$K,'Maturing receivables'!$S:$S,Vertical_Cash_flow!U$11,'Maturing receivables'!$J:$J,Vertical_Cash_flow!W$15,'Maturing receivables'!$A:$A,Vertical_Cash_flow!$E$14,'Maturing receivables'!$G:$G,Vertical_Cash_flow!$B48,'Maturing receivables'!$F:$F,Vertical_Cash_flow!$B$45) -> 0 | X48: =SUMIFS('Maturing receivables'!$K:$K,'Maturing receivables'!$S:$S,Vertical_Cash_flow!U$11,'Maturing receivables'!$J:$J,Vertical_Cash_flow!X$15,'Maturing receivables'!$A:$A,Vertical_Cash_flow!$F$14,'Maturing receivables'!$G:$G,Vertical_Cash_flow!$B48,'Maturing receivables'!$F:$F,Vertical_Cash_flow!$B$45) -> 0 | Y48: =U48+V48+W48/$C$16+X48/$F$16 -> 167000 | Z48: =Y48*$C$16 -> 50100 | AA48: =SUMIFS('Maturing receivables'!$K:$K,'Maturing receivables'!$S:$S,Vertical_Cash_flow!AA$11,'Maturing receivables'!$J:$J,Vertical_Cash_flow!AA$15,'Maturing receivables'!$A:$A,Vertical_Cash_flow!$C$14,'Maturing receivables'!$G:$G,Vertical_Cash_flow!$B48,'Maturing receivables'!$F:$F,Vertical_Cash_flow!$B$45) -> 104000 | AB48: =SUMIFS('Maturing receivables'!$K:$K,'Maturing receivables'!$S:$S,Vertical_Cash_flow!AA$11,'Maturing receivables'!$J:$J,Vertical_Cash_flow!AB$15,'Maturing receivables'!$A:$A,Vertical_Cash_flow!$D$14,'Maturing receivables'!$G:$G,Vertical_Cash_flow!$B48,'Maturing receivables'!$F:$F,Vertical_Cash_flow!$B$45) -> 0 | AC48: =SUMIFS('Maturing receivables'!$K:$K,'Maturing receivables'!$S:$S,Vertical_Cash_flow!AA$11,'Maturing receivables'!$J:$J,Vertical_Cash_flow!AC$15,'Maturing receivables'!$A:$A,Vertical_Cash_flow!$E$14,'Maturing receivables'!$G:$G,Vertical_Cash_flow!$B48,'Maturing receivables'!$F:$F,Vertical_Cash_flow!$B$45) -> 0 | AD48: =SUMIFS('Maturing receivables'!$K:$K,'Maturing receivables'!$S:$S,Vertical_Cash_flow!AA$11,'Maturing receivables'!$J:$J,Vertical_Cash_flow!AD$15,'Maturing receivables'!$A:$A,Vertical_Cash_flow!$F$14,'Maturing receivables'!$G:$G,Vertical_Cash_flow!$B48,'Maturing receivables'!$F:$F,Vertical_Cash_flow!$B$45) -> 0 | AE48: =AA48+AB48+AC48/$C$16+AD48/$F$16 -> 104000 | AF48: =AE48*$C$16 -> 31200 | AG48: =SUMIFS('Maturing receivables'!$K:$K,'Maturing receivables'!$S:$S,Vertical_Cash_flow!AG$11,'Maturing receivables'!$J:$J,Vertical_Cash_flow!AG$15,'Maturing receivables'!$A:$A,Vertical_Cash_flow!$C$14,'Maturing receivables'!$G:$G,Vertical_Cash_flow!$B48,'Maturing receivables'!$F:$F,Vertical_Cash_flow!$B$45) -> 85000 | AH48: =SUMIFS('Maturing receivables'!$K:$K,'Maturing receivables'!$S:$S,Vertical_Cash_flow!AG$11,'Maturing receivables'!$J:$J,Vertical_Cash_flow!AH$15,'Maturing receivables'!$A:$A,Vertical_Cash_flow!$D$14,'Maturing receivables'!$G:$G,Vertical_Cash_flow!$B48,'Maturing receivables'!$F:$F,Vertical_Cash_flow!$B$45) -> 0 | AI48: =SUMIFS('Maturing receivables'!$K:$K,'Maturing receivables'!$S:$S,Vertical_Cash_flow!AG$11,'Maturing receivables'!$J:$J,Vertical_Cash_flow!AI$15,'Maturing receivables'!$A:$A,Vertical_Cash_flow!$E$14,'Maturing receivables'!$G:$G,Vertical_Cash_flow!$B48,'Maturing receivables'!$F:$F,Vertical_Cash_flow!$B$45) -> 0 | AJ48: =SUMIFS('Maturing receivables'!$K:$K,'Maturing receivables'!$S:$S,Vertical_Cash_flow!AG$11,'Maturing receivables'!$J:$J,Vertical_Cash_flow!AJ$15,'Maturing receivables'!$A:$A,Vertical_Cash_flow!$F$14,'Maturing receivables'!$G:$G,Vertical_Cash_flow!$B48,'Maturing receivables'!$F:$F,Vertical_Cash_flow!$B$45) -> 0 | AK48: =AG48+AH48+AI48/$C$16+AJ48/$F$16 -> 85000 | AL48: =AK48*$C$16 -> 25500 | AM48: =SUMIFS('Maturing receivables'!$K:$K,'Maturing receivables'!$S:$S,Vertical_Cash_flow!AM$11,'Maturing receivables'!$J:$J,Vertical_Cash_flow!AM$15,'Maturing receivables'!$A:$A,Vertical_Cash_flow!$C$14,'Maturing receivables'!$G:$G,Vertical_Cash_flow!$B48,'Maturing receivables'!$F:$F,Vertical_Cash_flow!$B$45) -> 152000 | AN48: =SUMIFS('Maturing receivables'!$K:$K,'Maturing receivables'!$S:$S,Vertical_Cash_flow!AM$11,'Maturing receivables'!$J:$J,Vertical_Cash_flow!AN$15,'Maturing receivables'!$A:$A,Vertical_Cash_flow!$D$14,'Maturing receivables'!$G:$G,Vertical_Cash_flow!$B48,'Maturing receivables'!$F:$F,Vertical_Cash_flow!$B$45) -> 0 | AO48: =SUMIFS('Maturing receivables'!$K:$K,'Maturing receivables'!$S:$S,Vertical_Cash_flow!AM$11,'Maturing receivables'!$J:$J,Vertical_Cash_flow!AO$15,'Maturing receivables'!$A:$A,Vertical_Cash_flow!$E$14,'Maturing receivables'!$G:$G,Vertical_Cash_flow!$B48,'Maturing receivables'!$F:$F,Vertical_Cash_flow!$B$45) -> 0 | AP48: =SUMIFS('Maturing receivables'!$K:$K,'Maturing receivables'!$S:$S,Vertical_Cash_flow!AM$11,'Maturing receivables'!$J:$J,Vertical_Cash_flow!AP$15,'Maturing receivables'!$A:$A,Vertical_Cash_flow!$F$14,'Maturing receivables'!$G:$G,Vertical_Cash_flow!$B48,'Maturing receivables'!$F:$F,Vertical_Cash_flow!$B$45) -> 0 | AQ48: =AM48+AN48+AO48/$C$16+AP48/$F$16 -> 152000 | AR48: =AQ48*$C$16 -> 45600 | AS48: =SUMIFS('Maturing receivables'!$K:$K,'Maturing receivables'!$S:$S,Vertical_Cash_flow!AS$11,'Maturing receivables'!$J:$J,Vertical_Cash_flow!AS$15,'Maturing receivables'!$A:$A,Vertical_Cash_flow!$C$14,'Maturing receivables'!$G:$G,Vertical_Cash_flow!$B48,'Maturing receivables'!$F:$F,Vertical_Cash_flow!$B$45) -> 170000 | AT48: =SUMIFS('Maturing receivables'!$K:$K,'Maturing receivables'!$S:$S,Vertical_Cash_flow!AS$11,'Maturing receivables'!$J:$J,Vertical_Cash_flow!AT$15,'Maturing receivables'!$A:$A,Vertical_Cash_flow!$D$14,'Maturing receivables'!$G:$G,Vertical_Cash_flow!$B48,'Maturing receivables'!$F:$F,Vertical_Cash_flow!$B$45) -> 0 | AU48: =SUMIFS('Maturing receivables'!$K:$K,'Maturing receivables'!$S:$S,Vertical_Cash_flow!AS$11,'Maturing receivables'!$J:$J,Vertical_Cash_flow!AU$15,'Maturing receivables'!$A:$A,Vertical_Cash_flow!$E$14,'Maturing receivables'!$G:$G,Vertical_Cash_flow!$B48,'Maturing receivables'!$F:$F,Vertical_Cash_flow!$B$45) -> 0 | AV48: =SUMIFS('Maturing receivables'!$K:$K,'Maturing receivables'!$S:$S,Vertical_Cash_flow!AS$11,'Maturing receivables'!$J:$J,Vertical_Cash_flow!AV$15,'Maturing receivables'!$A:$A,Vertical_Cash_flow!$F$14,'Maturing receivables'!$G:$G,Vertical_Cash_flow!$B48,'Maturing receivables'!$F:$F,Vertical_Cash_flow!$B$45) -> 0 | AW48: =AS48+AT48+AU48/$C$16+AV48/$F$16 -> 170000 | AX48: =AW48*$C$16 -> 51000 | AZ48: =SUM(G48,S48,Y48,AE48,AK48,AQ48,AW48,M48) -> 995000
B49: Cheque V | C49: =SUMIFS('Maturing receivables'!$K:$K,'Maturing receivables'!$S:$S,Vertical_Cash_flow!C$11,'Maturing receivables'!$J:$J,Vertical_Cash_flow!C$15,'Maturing receivables'!$A:$A,Vertical_Cash_flow!$C$14,'Maturing receivables'!$G:$G,Vertical_Cash_flow!$B49,'Maturing receivables'!$F:$F,Vertical_Cash_flow!$B$45) -> 0 | D49: =SUMIFS('Maturing receivables'!$K:$K,'Maturing receivables'!$S:$S,Vertical_Cash_flow!C$11,'Maturing receivables'!$J:$J,Vertical_Cash_flow!D$15,'Maturing receivables'!$A:$A,Vertical_Cash_flow!$D$14,'Maturing receivables'!$G:$G,Vertical_Cash_flow!$B49,'Maturing receivables'!$F:$F,Vertical_Cash_flow!$B$45) -> 0 | E49: =SUMIFS('Maturing receivables'!$K:$K,'Maturing receivables'!$S:$S,Vertical_Cash_flow!C$11,'Maturing receivables'!$J:$J,Vertical_Cash_flow!E$15,'Maturing receivables'!$A:$A,Vertical_Cash_flow!$E$14,'Maturing receivables'!$G:$G,Vertical_Cash_flow!$B49,'Maturing receivables'!$F:$F,Vertical_Cash_flow!$B$45) -> 0 | F49: =SUMIFS('Maturing receivables'!$K:$K,'Maturing receivables'!$S:$S,Vertical_Cash_flow!C$11,'Maturing receivables'!$J:$J,Vertical_Cash_flow!F$15,'Maturing receivables'!$A:$A,Vertical_Cash_flow!$F$14,'Maturing receivables'!$G:$G,Vertical_Cash_flow!$B49,'Maturing receivables'!$F:$F,Vertical_Cash_flow!$B$45) -> 0 | G49: =C49+D49+E49/$C$16+F49/$F$16 -> 0 | H49: =G49*$C$16 -> 0 | I49: =SUMIFS('Maturing receivables'!$K:$K,'Maturing receivables'!$S:$S,Vertical_Cash_flow!I$11,'Maturing receivables'!$J:$J,Vertical_Cash_flow!I$15,'Maturing receivables'!$A:$A,Vertical_Cash_flow!$C$14,'Maturing receivables'!$G:$G,Vertical_Cash_flow!$B49,'Maturing receivables'!$F:$F,Vertical_Cash_flow!$B$45) -> 69000 | J49: =SUMIFS('Maturing receivables'!$K:$K,'Maturing receivables'!$S:$S,Vertical_Cash_flow!I$11,'Maturing receivables'!$J:$J,Vertical_Cash_flow!J$15,'Maturing receivables'!$A:$A,Vertical_Cash_flow!$D$14,'Maturing receivables'!$G:$G,Vertical_Cash_flow!$B49,'Maturing receivables'!$F:$F,Vertical_Cash_flow!$B$45) -> 0 | K49: =SUMIFS('Maturing receivables'!$K:$K,'Maturing receivables'!$S:$S,Vertical_Cash_flow!I$11,'Maturing receivables'!$J:$J,Vertical_Cash_flow!K$15,'Maturing receivables'!$A:$A,Vertical_Cash_flow!$E$14,'Maturing receivables'!$G:$G,Vertical_Cash_flow!$B49,'Maturing receivables'!$F:$F,Vertical_Cash_flow!$B$45) -> 0 | L49: =SUMIFS('Maturing receivables'!$K:$K,'Maturing receivables'!$S:$S,Vertical_Cash_flow!I$11,'Maturing receivables'!$J:$J,Vertical_Cash_flow!L$15,'Maturing receivables'!$A:$A,Vertical_Cash_flow!$F$14,'Maturing receivables'!$G:$G,Vertical_Cash_flow!$B49,'Maturing receivables'!$F:$F,Vertical_Cash_flow!$B$45) -> 0 | M49: =I49+J49+K49/$C$16+L49/$F$16 -> 69000 | N49: =M49*$C$16 -> 20700 | O49: =SUMIFS('Maturing receivables'!$K:$K,'Maturing receivables'!$S:$S,Vertical_Cash_flow!O$11,'Maturing receivables'!$J:$J,Vertical_Cash_flow!O$15,'Maturing receivables'!$A:$A,Vertical_Cash_flow!$C$14,'Maturing receivables'!$G:$G,Vertical_Cash_flow!$B49,'Maturing receivables'!$F:$F,Vertical_Cash_flow!$B$45) -> 26000 | P49: =SUMIFS('Maturing receivables'!$K:$K,'Maturing receivables'!$S:$S,Vertical_Cash_flow!O$11,'Maturing receivables'!$J:$J,Vertical_Cash_flow!P$15,'Maturing receivables'!$A:$A,Vertical_Cash_flow!$D$14,'Maturing receivables'!$G:$G,Vertical_Cash_flow!$B49,'Maturing receivables'!$F:$F,Vertical_Cash_flow!$B$45) -> 0 | Q49: =SUMIFS('Maturing receivables'!$K:$K,'Maturing receivables'!$S:$S,Vertical_Cash_flow!O$11,'Maturing receivables'!$J:$J,Vertical_Cash_flow!Q$15,'Maturing receivables'!$A:$A,Vertical_Cash_flow!$E$14,'Maturing receivables'!$G:$G,Vertical_Cash_flow!$B49,'Maturing receivables'!$F:$F,Vertical_Cash_flow!$B$45) -> 0 | R49: =SUMIFS('Maturing receivables'!$K:$K,'Maturing receivables'!$S:$S,Vertical_Cash_flow!O$11,'Maturing receivables'!$J:$J,Vertical_Cash_flow!R$15,'Maturing receivables'!$A:$A,Vertical_Cash_flow!$F$14,'Maturing receivables'!$G:$G,Vertical_Cash_flow!$B49,'Maturing receivables'!$F:$F,Vertical_Cash_flow!$B$45) -> 0 | S49: =O49+P49+Q49/$C$16+R49/$F$16 -> 26000 | T49: =S49*$C$16 -> 7800 | U49: =SUMIFS('Maturing receivables'!$K:$K,'Maturing receivables'!$S:$S,Vertical_Cash_flow!U$11,'Maturing receivables'!$J:$J,Vertical_Cash_flow!U$15,'Maturing receivables'!$A:$A,Vertical_Cash_flow!$C$14,'Maturing receivables'!$G:$G,Vertical_Cash_flow!$B49,'Maturing receivables'!$F:$F,Vertical_Cash_flow!$B$45) -> 90000 | V49: =SUMIFS('Maturing receivables'!$K:$K,'Maturing receivables'!$S:$S,Vertical_Cash_flow!U$11,'Maturing receivables'!$J:$J,Vertical_Cash_flow!V$15,'Maturing receivables'!$A:$A,Vertical_Cash_flow!$D$14,'Maturing receivables'!$G:$G,Vertical_Cash_flow!$B49,'Maturing receivables'!$F:$F,Vertical_Cash_flow!$B$45) -> 0 | W49: =SUMIFS('Maturing receivables'!$K:$K,'Maturing receivables'!$S:$S,Vertical_Cash_flow!U$11,'Maturing receivables'!$J:$J,Vertical_Cash_flow!W$15,'Maturing receivables'!$A:$A,Vertical_Cash_flow!$E$14,'Maturing receivables'!$G:$G,Vertical_Cash_flow!$B49,'Maturing receivables'!$F:$F,Vertical_Cash_flow!$B$45) -> 0 | X49: =SUMIFS('Maturing receivables'!$K:$K,'Maturing receivables'!$S:$S,Vertical_Cash_flow!U$11,'Maturing receivables'!$J:$J,Vertical_Cash_flow!X$15,'Maturing receivables'!$A:$A,Vertical_Cash_flow!$F$14,'Maturing receivables'!$G:$G,Vertical_Cash_flow!$B49,'Maturing receivables'!$F:$F,Vertical_Cash_flow!$B$45) -> 0 | Y49: =U49+V49+W49/$C$16+X49/$F$16 -> 90000 | Z49: =Y49*$C$16 -> 27000 | AA49: =SUMIFS('Maturing receivables'!$K:$K,'Maturing receivables'!$S:$S,Vertical_Cash_flow!AA$11,'Maturing receivables'!$J:$J,Vertical_Cash_flow!AA$15,'Maturing receivables'!$A:$A,Vertical_Cash_flow!$C$14,'Maturing receivables'!$G:$G,Vertical_Cash_flow!$B49,'Maturing receivables'!$F:$F,Vertical_Cash_flow!$B$45) -> 80000 | AB49: =SUMIFS('Maturing receivables'!$K:$K,'Maturing receivables'!$S:$S,Vertical_Cash_flow!AA$11,'Maturing receivables'!$J:$J,Vertical_Cash_flow!AB$15,'Maturing receivables'!$A:$A,Vertical_Cash_flow!$D$14,'Maturing receivables'!$G:$G,Vertical_Cash_flow!$B49,'Maturing receivables'!$F:$F,Vertical_Cash_flow!$B$45) -> 0 | AC49: =SUMIFS('Maturing receivables'!$K:$K,'Maturing receivables'!$S:$S,Vertical_Cash_flow!AA$11,'Maturing receivables'!$J:$J,Vertical_Cash_flow!AC$15,'Maturing receivables'!$A:$A,Vertical_Cash_flow!$E$14,'Maturing receivables'!$G:$G,Vertical_Cash_flow!$B49,'Maturing receivables'!$F:$F,Vertical_Cash_flow!$B$45) -> 0 | AD49: =SUMIFS('Maturing receivables'!$K:$K,'Maturing receivables'!$S:$S,Vertical_Cash_flow!AA$11,'Maturing receivables'!$J:$J,Vertical_Cash_flow!AD$15,'Maturing receivables'!$A:$A,Vertical_Cash_flow!$F$14,'Maturing receivables'!$G:$G,Vertical_Cash_flow!$B49,'Maturing receivables'!$F:$F,Vertical_Cash_flow!$B$45) -> 0 | AE49: =AA49+AB49+AC49/$C$16+AD49/$F$16 -> 80000 | AF49: =AE49*$C$16 -> 24000 | AG49: =SUMIFS('Maturing receivables'!$K:$K,'Maturing receivables'!$S:$S,Vertical_Cash_flow!AG$11,'Maturing receivables'!$J:$J,Vertical_Cash_flow!AG$15,'Maturing receivables'!$A:$A,Vertical_Cash_flow!$C$14,'Maturing receivables'!$G:$G,Vertical_Cash_flow!$B49,'Maturing receivables'!$F:$F,Vertical_Cash_flow!$B$45) -> 110000 | AH49: =SUMIFS('Maturing receivables'!$K:$K,'Maturing receivables'!$S:$S,Vertical_Cash_flow!AG$11,'Maturing receivables'!$J:$J,Vertical_Cash_flow!AH$15,'Maturing receivables'!$A:$A,Vertical_Cash_flow!$D$14,'Maturing receivables'!$G:$G,Vertical_Cash_flow!$B49,'Maturing receivables'!$F:$F,Vertical_Cash_flow!$B$45) -> 0 | AI49: =SUMIFS('Maturing receivables'!$K:$K,'Maturing receivables'!$S:$S,Vertical_Cash_flow!AG$11,'Maturing receivables'!$J:$J,Vertical_Cash_flow!AI$15,'Maturing receivables'!$A:$A,Vertical_Cash_flow!$E$14,'Maturing receivables'!$G:$G,Vertical_Cash_flow!$B49,'Maturing receivables'!$F:$F,Vertical_Cash_flow!$B$45) -> 0 | AJ49: =SUMIFS('Maturing receivables'!$K:$K,'Maturing receivables'!$S:$S,Vertical_Cash_flow!AG$11,'Maturing receivables'!$J:$J,Vertical_Cash_flow!AJ$15,'Maturing receivables'!$A:$A,Vertical_Cash_flow!$F$14,'Maturing receivables'!$G:$G,Vertical_Cash_flow!$B49,'Maturing receivables'!$F:$F,Vertical_Cash_flow!$B$45) -> 0 | AK49: =AG49+AH49+AI49/$C$16+AJ49/$F$16 -> 110000 | AL49: =AK49*$C$16 -> 33000 | AM49: =SUMIFS('Maturing receivables'!$K:$K,'Maturing receivables'!$S:$S,Vertical_Cash_flow!AM$11,'Maturing receivables'!$J:$J,Vertical_Cash_flow!AM$15,'Maturing receivables'!$A:$A,Vertical_Cash_flow!$C$14,'Maturing receivables'!$G:$G,Vertical_Cash_flow!$B49,'Maturing receivables'!$F:$F,Vertical_Cash_flow!$B$45) -> 40000 | AN49: =SUMIFS('Maturing receivables'!$K:$K,'Maturing receivables'!$S:$S,Vertical_Cash_flow!AM$11,'Maturing receivables'!$J:$J,Vertical_Cash_flow!AN$15,'Maturing receivables'!$A:$A,Vertical_Cash_flow!$D$14,'Maturing receivables'!$G:$G,Vertical_Cash_flow!$B49,'Maturing receivables'!$F:$F,Vertical_Cash_flow!$B$45) -> 0 | AO49: =SUMIFS('Maturing receivables'!$K:$K,'Maturing receivables'!$S:$S,Vertical_Cash_flow!AM$11,'Maturing receivables'!$J:$J,Vertical_Cash_flow!AO$15,'Maturing receivables'!$A:$A,Vertical_Cash_flow!$E$14,'Maturing receivables'!$G:$G,Vertical_Cash_flow!$B49,'Maturing receivables'!$F:$F,Vertical_Cash_flow!$B$45) -> 0 | AP49: =SUMIFS('Maturing receivables'!$K:$K,'Maturing receivables'!$S:$S,Vertical_Cash_flow!AM$11,'Maturing receivables'!$J:$J,Vertical_Cash_flow!AP$15,'Maturing receivables'!$A:$A,Vertical_Cash_flow!$F$14,'Maturing receivables'!$G:$G,Vertical_Cash_flow!$B49,'Maturing receivables'!$F:$F,Vertical_Cash_flow!$B$45) -> 0 | AQ49: =AM49+AN49+AO49/$C$16+AP49/$F$16 -> 40000 | AR49: =AQ49*$C$16 -> 12000 | AS49: =SUMIFS('Maturing receivables'!$K:$K,'Maturing receivables'!$S:$S,Vertical_Cash_flow!AS$11,'Maturing receivables'!$J:$J,Vertical_Cash_flow!AS$15,'Maturing receivables'!$A:$A,Vertical_Cash_flow!$C$14,'Maturing receivables'!$G:$G,Vertical_Cash_flow!$B49,'Maturing receivables'!$F:$F,Vertical_Cash_flow!$B$45) -> 60000 | AT49: =SUMIFS('Maturing receivables'!$K:$K,'Maturing receivables'!$S:$S,Vertical_Cash_flow!AS$11,'Maturing receivables'!$J:$J,Vertical_Cash_flow!AT$15,'Maturing receivables'!$A:$A,Vertical_Cash_flow!$D$14,'Maturing receivables'!$G:$G,Vertical_Cash_flow!$B49,'Maturing receivables'!$F:$F,Vertical_Cash_flow!$B$45) -> 0 | AU49: =SUMIFS('Maturing receivables'!$K:$K,'Maturing receivables'!$S:$S,Vertical_Cash_flow!AS$11,'Maturing receivables'!$J:$J,Vertical_Cash_flow!AU$15,'Maturing receivables'!$A:$A,Vertical_Cash_flow!$E$14,'Maturing receivables'!$G:$G,Vertical_Cash_flow!$B49,'Maturing receivables'!$F:$F,Vertical_Cash_flow!$B$45) -> 0 | AV49: =SUMIFS('Maturing receivables'!$K:$K,'Maturing receivables'!$S:$S,Vertical_Cash_flow!AS$11,'Maturing receivables'!$J:$J,Vertical_Cash_flow!AV$15,'Maturing receivables'!$A:$A,Vertical_Cash_flow!$F$14,'Maturing receivables'!$G:$G,Vertical_Cash_flow!$B49,'Maturing receivables'!$F:$F,Vertical_Cash_flow!$B$45) -> 0 | AW49: =AS49+AT49+AU49/$C$16+AV49/$F$16 -> 60000 | AX49: =AW49*$C$16 -> 18000 | AZ49: =SUM(G49,S49,Y49,AE49,AK49,AQ49,AW49,M49) -> 475000
B50: Escompte | C50: =SUMIFS('Maturing receivables'!$K:$K,'Maturing receivables'!$S:$S,Vertical_Cash_flow!C$11,'Maturing receivables'!$J:$J,Vertical_Cash_flow!C$15,'Maturing receivables'!$A:$A,Vertical_Cash_flow!$C$14,'Maturing receivables'!$G:$G,Vertical_Cash_flow!$B50,'Maturing receivables'!$F:$F,Vertical_Cash_flow!$B$45) -> 191133.55 | D50: =SUMIFS('Maturing receivables'!$K:$K,'Maturing receivables'!$S:$S,Vertical_Cash_flow!C$11,'Maturing receivables'!$J:$J,Vertical_Cash_flow!D$15,'Maturing receivables'!$A:$A,Vertical_Cash_flow!$D$14,'Maturing receivables'!$G:$G,Vertical_Cash_flow!$B50,'Maturing receivables'!$F:$F,Vertical_Cash_flow!$B$45) -> 0 | E50: =SUMIFS('Maturing receivables'!$K:$K,'Maturing receivables'!$S:$S,Vertical_Cash_flow!C$11,'Maturing receivables'!$J:$J,Vertical_Cash_flow!E$15,'Maturing receivables'!$A:$A,Vertical_Cash_flow!$E$14,'Maturing receivables'!$G:$G,Vertical_Cash_flow!$B50,'Maturing receivables'!$F:$F,Vertical_Cash_flow!$B$45) -> 0 | F50: =SUMIFS('Maturing receivables'!$K:$K,'Maturing receivables'!$S:$S,Vertical_Cash_flow!C$11,'Maturing receivables'!$J:$J,Vertical_Cash_flow!F$15,'Maturing receivables'!$A:$A,Vertical_Cash_flow!$F$14,'Maturing receivables'!$G:$G,Vertical_Cash_flow!$B50,'Maturing receivables'!$F:$F,Vertical_Cash_flow!$B$45) -> 0 | G50: =C50+D50+E50/$C$16+F50/$F$16 -> 191133.55 | H50: =G50*$C$16 -> 57340.066 | I50: =SUMIFS('Maturing receivables'!$K:$K,'Maturing receivables'!$S:$S,Vertical_Cash_flow!I$11,'Maturing receivables'!$J:$J,Vertical_Cash_flow!I$15,'Maturing receivables'!$A:$A,Vertical_Cash_flow!$C$14,'Maturing receivables'!$G:$G,Vertical_Cash_flow!$B50,'Maturing receivables'!$F:$F,Vertical_Cash_flow!$B$45) -> 150000 | J50: =SUMIFS('Maturing receivables'!$K:$K,'Maturing receivables'!$S:$S,Vertical_Cash_flow!I$11,'Maturing receivables'!$J:$J,Vertical_Cash_flow!J$15,'Maturing receivables'!$A:$A,Vertical_Cash_flow!$D$14,'Maturing receivables'!$G:$G,Vertical_Cash_flow!$B50,'Maturing receivables'!$F:$F,Vertical_Cash_flow!$B$45) -> 0 | K50: =SUMIFS('Maturing receivables'!$K:$K,'Maturing receivables'!$S:$S,Vertical_Cash_flow!I$11,'Maturing receivables'!$J:$J,Vertical_Cash_flow!K$15,'Maturing receivables'!$A:$A,Vertical_Cash_flow!$E$14,'Maturing receivables'!$G:$G,Vertical_Cash_flow!$B50,'Maturing receivables'!$F:$F,Vertical_Cash_flow!$B$45) -> 0 | L50: =SUMIFS('Maturing receivables'!$K:$K,'Maturing receivables'!$S:$S,Vertical_Cash_flow!I$11,'Maturing receivables'!$J:$J,Vertical_Cash_flow!L$15,'Maturing receivables'!$A:$A,Vertical_Cash_flow!$F$14,'Maturing receivables'!$G:$G,Vertical_Cash_flow!$B50,'Maturing receivables'!$F:$F,Vertical_Cash_flow!$B$45) -> 0 | M50: =I50+J50+K50/$C$16+L50/$F$16 -> 150000 | N50: =M50*$C$16 -> 45000 | O50: =SUMIFS('Maturing receivables'!$K:$K,'Maturing receivables'!$S:$S,Vertical_Cash_flow!O$11,'Maturing receivables'!$J:$J,Vertical_Cash_flow!O$15,'Maturing receivables'!$A:$A,Vertical_Cash_flow!$C$14,'Maturing receivables'!$G:$G,Vertical_Cash_flow!$B50,'Maturing receivables'!$F:$F,Vertical_Cash_flow!$B$45) -> 150000 | P50: =SUMIFS('Maturing receivables'!$K:$K,'Maturing receivables'!$S:$S,Vertical_Cash_flow!O$11,'Maturing receivables'!$J:$J,Vertical_Cash_flow!P$15,'Maturing receivables'!$A:$A,Vertical_Cash_flow!$D$14,'Maturing receivables'!$G:$G,Vertical_Cash_flow!$B50,'Maturing receivables'!$F:$F,Vertical_Cash_flow!$B$45) -> 0 | Q50: =SUMIFS('Maturing receivables'!$K:$K,'Maturing receivables'!$S:$S,Vertical_Cash_flow!O$11,'Maturing receivables'!$J:$J,Vertical_Cash_flow!Q$15,'Maturing receivables'!$A:$A,Vertical_Cash_flow!$E$14,'Maturing receivables'!$G:$G,Vertical_Cash_flow!$B50,'Maturing receivables'!$F:$F,Vertical_Cash_flow!$B$45) -> 0 | R50: =SUMIFS('Maturing receivables'!$K:$K,'Maturing receivables'!$S:$S,Vertical_Cash_flow!O$11,'Maturing receivables'!$J:$J,Vertical_Cash_flow!R$15,'Maturing receivables'!$A:$A,Vertical_Cash_flow!$F$14,'Maturing receivables'!$G:$G,Vertical_Cash_flow!$B50,'Maturing receivables'!$F:$F,Vertical_Cash_flow!$B$45) -> 0 | S50: =O50+P50+Q50/$C$16+R50/$F$16 -> 150000 | T50: =S50*$C$16 -> 45000 | U50: =SUMIFS('Maturing receivables'!$K:$K,'Maturing receivables'!$S:$S,Vertical_Cash_flow!U$11,'Maturing receivables'!$J:$J,Vertical_Cash_flow!U$15,'Maturing receivables'!$A:$A,Vertical_Cash_flow!$C$14,'Maturing receivables'!$G:$G,Vertical_Cash_flow!$B50,'Maturing receivables'!$F:$F,Vertical_Cash_flow!$B$45) -> 150000 | V50: =SUMIFS('Maturing receivables'!$K:$K,'Maturing receivables'!$S:$S,Vertical_Cash_flow!U$11,'Maturing receivables'!$J:$J,Vertical_Cash_flow!V$15,'Maturing receivables'!$A:$A,Vertical_Cash_flow!$D$14,'Maturing receivables'!$G:$G,Vertical_Cash_flow!$B50,'Maturing receivables'!$F:$F,Vertical_Cash_flow!$B$45) -> 0 | W50: =SUMIFS('Maturing receivables'!$K:$K,'Maturing receivables'!$S:$S,Vertical_Cash_flow!U$11,'Maturing receivables'!$J:$J,Vertical_Cash_flow!W$15,'Maturing receivables'!$A:$A,Vertical_Cash_flow!$E$14,'Maturing receivables'!$G:$G,Vertical_Cash_flow!$B50,'Maturing receivables'!$F:$F,Vertical_Cash_flow!$B$45) -> 0 | X50: =SUMIFS('Maturing receivables'!$K:$K,'Maturing receivables'!$S:$S,Vertical_Cash_flow!U$11,'Maturing receivables'!$J:$J,Vertical_Cash_flow!X$15,'Maturing receivables'!$A:$A,Vertical_Cash_flow!$F$14,'Maturing receivables'!$G:$G,Vertical_Cash_flow!$B50,'Maturing receivables'!$F:$F,Vertical_Cash_flow!$B$45) -> 0 | Y50: =U50+V50+W50/$C$16+X50/$F$16 -> 150000 | Z50: =Y50*$C$16 -> 45000 | AA50: =SUMIFS('Maturing receivables'!$K:$K,'Maturing receivables'!$S:$S,Vertical_Cash_flow!AA$11,'Maturing receivables'!$J:$J,Vertical_Cash_flow!AA$15,'Maturing receivables'!$A:$A,Vertical_Cash_flow!$C$14,'Maturing receivables'!$G:$G,Vertical_Cash_flow!$B50,'Maturing receivables'!$F:$F,Vertical_Cash_flow!$B$45) -> 150000 | AB50: =SUMIFS('Maturing receivables'!$K:$K,'Maturing receivables'!$S:$S,Vertical_Cash_flow!AA$11,'Maturing receivables'!$J:$J,Vertical_Cash_flow!AB$15,'Maturing receivables'!$A:$A,Vertical_Cash_flow!$D$14,'Maturing receivables'!$G:$G,Vertical_Cash_flow!$B50,'Maturing receivables'!$F:$F,Vertical_Cash_flow!$B$45) -> 0 | AC50: =SUMIFS('Maturing receivables'!$K:$K,'Maturing receivables'!$S:$S,Vertical_Cash_flow!AA$11,'Maturing receivables'!$J:$J,Vertical_Cash_flow!AC$15,'Maturing receivables'!$A:$A,Vertical_Cash_flow!$E$14,'Maturing receivables'!$G:$G,Vertical_Cash_flow!$B50,'Maturing receivables'!$F:$F,Vertical_Cash_flow!$B$45) -> 0 | AD50: =SUMIFS('Maturing receivables'!$K:$K,'Maturing receivables'!$S:$S,Vertical_Cash_flow!AA$11,'Maturing receivables'!$J:$J,Vertical_Cash_flow!AD$15,'Maturing receivables'!$A:$A,Vertical_Cash_flow!$F$14,'Maturing receivables'!$G:$G,Vertical_Cash_flow!$B50,'Maturing receivables'!$F:$F,Vertical_Cash_flow!$B$45) -> 0 | AE50: =AA50+AB50+AC50/$C$16+AD50/$F$16 -> 150000 | AF50: =AE50*$C$16 -> 45000 | AG50: =SUMIFS('Maturing receivables'!$K:$K,'Maturing receivables'!$S:$S,Vertical_Cash_flow!AG$11,'Maturing receivables'!$J:$J,Vertical_Cash_flow!AG$15,'Maturing receivables'!$A:$A,Vertical_Cash_flow!$C$14,'Maturing receivables'!$G:$G,Vertical_Cash_flow!$B50,'Maturing receivables'!$F:$F,Vertical_Cash_flow!$B$45) -> 150000 | AH50: =SUMIFS('Maturing receivables'!$K:$K,'Maturing receivables'!$S:$S,Vertical_Cash_flow!AG$11,'Maturing receivables'!$J:$J,Vertical_Cash_flow!AH$15,'Maturing receivables'!$A:$A,Vertical_Cash_flow!$D$14,'Maturing receivables'!$G:$G,Vertical_Cash_flow!$B50,'Maturing receivables'!$F:$F,Vertical_Cash_flow!$B$45) -> 0 | AI50: =SUMIFS('Maturing receivables'!$K:$K,'Maturing receivables'!$S:$S,Vertical_Cash_flow!AG$11,'Maturing receivables'!$J:$J,Vertical_Cash_flow!AI$15,'Maturing receivables'!$A:$A,Vertical_Cash_flow!$E$14,'Maturing receivables'!$G:$G,Vertical_Cash_flow!$B50,'Maturing receivables'!$F:$F,Vertical_Cash_flow!$B$45) -> 0 | AJ50: =SUMIFS('Maturing receivables'!$K:$K,'Maturing receivables'!$S:$S,Vertical_Cash_flow!AG$11,'Maturing receivables'!$J:$J,Vertical_Cash_flow!AJ$15,'Maturing receivables'!$A:$A,Vertical_Cash_flow!$F$14,'Maturing receivables'!$G:$G,Vertical_Cash_flow!$B50,'Maturing receivables'!$F:$F,Vertical_Cash_flow!$B$45) -> 0 | AK50: =AG50+AH50+AI50/$C$16+AJ50/$F$16 -> 150000 | AL50: =AK50*$C$16 -> 45000 | AM50: =SUMIFS('Maturing receivables'!$K:$K,'Maturing receivables'!$S:$S,Vertical_Cash_flow!AM$11,'Maturing receivables'!$J:$J,Vertical_Cash_flow!AM$15,'Maturing receivables'!$A:$A,Vertical_Cash_flow!$C$14,'Maturing receivables'!$G:$G,Vertical_Cash_flow!$B50,'Maturing receivables'!$F:$F,Vertical_Cash_flow!$B$45) -> 150000 | AN50: =SUMIFS('Maturing receivables'!$K:$K,'Maturing receivables'!$S:$S,Vertical_Cash_flow!AM$11,'Maturing receivables'!$J:$J,Vertical_Cash_flow!AN$15,'Maturing receivables'!$A:$A,Vertical_Cash_flow!$D$14,'Maturing receivables'!$G:$G,Vertical_Cash_flow!$B50,'Maturing receivables'!$F:$F,Vertical_Cash_flow!$B$45) -> 0 | AO50: =SUMIFS('Maturing receivables'!$K:$K,'Maturing receivables'!$S:$S,Vertical_Cash_flow!AM$11,'Maturing receivables'!$J:$J,Vertical_Cash_flow!AO$15,'Maturing receivables'!$A:$A,Vertical_Cash_flow!$E$14,'Maturing receivables'!$G:$G,Vertical_Cash_flow!$B50,'Maturing receivables'!$F:$F,Vertical_Cash_flow!$B$45) -> 0 | AP50: =SUMIFS('Maturing receivables'!$K:$K,'Maturing receivables'!$S:$S,Vertical_Cash_flow!AM$11,'Maturing receivables'!$J:$J,Vertical_Cash_flow!AP$15,'Maturing receivables'!$A:$A,Vertical_Cash_flow!$F$14,'Maturing receivables'!$G:$G,Vertical_Cash_flow!$B50,'Maturing receivables'!$F:$F,Vertical_Cash_flow!$B$45) -> 0 | AQ50: =AM50+AN50+AO50/$C$16+AP50/$F$16 -> 150000 | AR50: =AQ50*$C$16 -> 45000 | AS50: =SUMIFS('Maturing receivables'!$K:$K,'Maturing receivables'!$S:$S,Vertical_Cash_flow!AS$11,'Maturing receivables'!$J:$J,Vertical_Cash_flow!AS$15,'Maturing receivables'!$A:$A,Vertical_Cash_flow!$C$14,'Maturing receivables'!$G:$G,Vertical_Cash_flow!$B50,'Maturing receivables'!$F:$F,Vertical_Cash_flow!$B$45) -> 150000 | AT50: =SUMIFS('Maturing receivables'!$K:$K,'Maturing receivables'!$S:$S,Vertical_Cash_flow!AS$11,'Maturing receivables'!$J:$J,Vertical_Cash_flow!AT$15,'Maturing receivables'!$A:$A,Vertical_Cash_flow!$D$14,'Maturing receivables'!$G:$G,Vertical_Cash_flow!$B50,'Maturing receivables'!$F:$F,Vertical_Cash_flow!$B$45) -> 0 | AU50: =SUMIFS('Maturing receivables'!$K:$K,'Maturing receivables'!$S:$S,Vertical_Cash_flow!AS$11,'Maturing receivables'!$J:$J,Vertical_Cash_flow!AU$15,'Maturing receivables'!$A:$A,Vertical_Cash_flow!$E$14,'Maturing receivables'!$G:$G,Vertical_Cash_flow!$B50,'Maturing receivables'!$F:$F,Vertical_Cash_flow!$B$45) -> 0 | AV50: =SUMIFS('Maturing receivables'!$K:$K,'Maturing receivables'!$S:$S,Vertical_Cash_flow!AS$11,'Maturing receivables'!$J:$J,Vertical_Cash_flow!AV$15,'Maturing receivables'!$A:$A,Vertical_Cash_flow!$F$14,'Maturing receivables'!$G:$G,Vertical_Cash_flow!$B50,'Maturing receivables'!$F:$F,Vertical_Cash_flow!$B$45) -> 0 | AW50: =AS50+AT50+AU50/$C$16+AV50/$F$16 -> 150000 | AX50: =AW50*$C$16 -> 45000 | AZ50: =SUM(G50,S50,Y50,AE50,AK50,AQ50,AW50,M50) -> 1241133.6
B52: iii. Receipts form Clients - Bank transfers | C52: =SUM(C53:C54) -> 0 | D52: =SUM(D53:D54) -> 0 | E52: =SUM(E53:E54) -> 0 | F52: =SUM(F53:F54) -> 0 | G52: =SUM(G53:G54) -> 0 | H52: =SUM(H53:H54) -> 0 | I52: =SUM(I53:I54) -> 0 | J52: =SUM(J53:J54) -> 0 | ... AX52: =SUM(AX53:AX54) -> 0 | AZ52: =SUM(G52,S52,Y52,AE52,AK52,AQ52,AW52,M52) -> 0
B53: Key Accounts | C53: =SUMIFS('Maturing receivables'!$K:$K,'Maturing receivables'!$S:$S,Vertical_Cash_flow!C$11,'Maturing receivables'!$J:$J,Vertical_Cash_flow!C$15,'Maturing receivables'!$A:$A,Vertical_Cash_flow!$C$14,'Maturing receivables'!$G:$G,Vertical_Cash_flow!$B53,'Maturing receivables'!$F:$F,Vertical_Cash_flow!$B$52) -> 0 | D53: =SUMIFS('Maturing receivables'!$K:$K,'Maturing receivables'!$S:$S,Vertical_Cash_flow!C$11,'Maturing receivables'!$J:$J,Vertical_Cash_flow!D$15,'Maturing receivables'!$A:$A,Vertical_Cash_flow!$D$14,'Maturing receivables'!$G:$G,Vertical_Cash_flow!$B53,'Maturing receivables'!$F:$F,Vertical_Cash_flow!$B$52) -> 0 | E53: =SUMIFS('Maturing receivables'!$K:$K,'Maturing receivables'!$S:$S,Vertical_Cash_flow!C$11,'Maturing receivables'!$J:$J,Vertical_Cash_flow!E$15,'Maturing receivables'!$A:$A,Vertical_Cash_flow!$E$14,'Maturing receivables'!$G:$G,Vertical_Cash_flow!$B53,'Maturing receivables'!$F:$F,Vertical_Cash_flow!$B$52) -> 0 | F53: =SUMIFS('Maturing receivables'!$K:$K,'Maturing receivables'!$S:$S,Vertical_Cash_flow!C$11,'Maturing receivables'!$J:$J,Vertical_Cash_flow!F$15,'Maturing receivables'!$A:$A,Vertical_Cash_flow!$F$14,'Maturing receivables'!$G:$G,Vertical_Cash_flow!$B53,'Maturing receivables'!$F:$F,Vertical_Cash_flow!$B$52) -> 0 | G53: =C53+D53+E53/$C$16+F53/$F$16 -> 0 | H53: =G53*$C$16 -> 0 | I53: =SUMIFS('Maturing receivables'!$K:$K,'Maturing receivables'!$S:$S,Vertical_Cash_flow!I$11,'Maturing receivables'!$J:$J,Vertical_Cash_flow!I$15,'Maturing receivables'!$A:$A,Vertical_Cash_flow!$C$14,'Maturing receivables'!$G:$G,Vertical_Cash_flow!$B53,'Maturing receivables'!$F:$F,Vertical_Cash_flow!$B$52) -> 0 | J53: =SUMIFS('Maturing receivables'!$K:$K,'Maturing receivables'!$S:$S,Vertical_Cash_flow!I$11,'Maturing receivables'!$J:$J,Vertical_Cash_flow!J$15,'Maturing receivables'!$A:$A,Vertical_Cash_flow!$D$14,'Maturing receivables'!$G:$G,Vertical_Cash_flow!$B53,'Maturing receivables'!$F:$F,Vertical_Cash_flow!$B$52) -> 0 | K53: =SUMIFS('Maturing receivables'!$K:$K,'Maturing receivables'!$S:$S,Vertical_Cash_flow!I$11,'Maturing receivables'!$J:$J,Vertical_Cash_flow!K$15,'Maturing receivables'!$A:$A,Vertical_Cash_flow!$E$14,'Maturing receivables'!$G:$G,Vertical_Cash_flow!$B53,'Maturing receivables'!$F:$F,Vertical_Cash_flow!$B$52) -> 0 | L53: =SUMIFS('Maturing receivables'!$K:$K,'Maturing receivables'!$S:$S,Vertical_Cash_flow!I$11,'Maturing receivables'!$J:$J,Vertical_Cash_flow!L$15,'Maturing receivables'!$A:$A,Vertical_Cash_flow!$F$14,'Maturing receivables'!$G:$G,Vertical_Cash_flow!$B53,'Maturing receivables'!$F:$F,Vertical_Cash_flow!$B$52) -> 0 | M53: =I53+J53+K53/$C$16+L53/$F$16 -> 0 | N53: =M53*$C$16 -> 0 | O53: =SUMIFS('Maturing receivables'!$K:$K,'Maturing receivables'!$S:$S,Vertical_Cash_flow!O$11,'Maturing receivables'!$J:$J,Vertical_Cash_flow!O$15,'Maturing receivables'!$A:$A,Vertical_Cash_flow!$C$14,'Maturing receivables'!$G:$G,Vertical_Cash_flow!$B53,'Maturing receivables'!$F:$F,Vertical_Cash_flow!$B$52) -> 0 | P53: =SUMIFS('Maturing receivables'!$K:$K,'Maturing receivables'!$S:$S,Vertical_Cash_flow!O$11,'Maturing receivables'!$J:$J,Vertical_Cash_flow!P$15,'Maturing receivables'!$A:$A,Vertical_Cash_flow!$D$14,'Maturing receivables'!$G:$G,Vertical_Cash_flow!$B53,'Maturing receivables'!$F:$F,Vertical_Cash_flow!$B$52) -> 0 | Q53: =SUMIFS('Maturing receivables'!$K:$K,'Maturing receivables'!$S:$S,Vertical_Cash_flow!O$11,'Maturing receivables'!$J:$J,Vertical_Cash_flow!Q$15,'Maturing receivables'!$A:$A,Vertical_Cash_flow!$E$14,'Maturing receivables'!$G:$G,Vertical_Cash_flow!$B53,'Maturing receivables'!$F:$F,Vertical_Cash_flow!$B$52) -> 0 | R53: =SUMIFS('Maturing receivables'!$K:$K,'Maturing receivables'!$S:$S,Vertical_Cash_flow!O$11,'Maturing receivables'!$J:$J,Vertical_Cash_flow!R$15,'Maturing receivables'!$A:$A,Vertical_Cash_flow!$F$14,'Maturing receivables'!$G:$G,Vertical_Cash_flow!$B53,'Maturing receivables'!$F:$F,Vertical_Cash_flow!$B$52) -> 0 | S53: =O53+P53+Q53/$C$16+R53/$F$16 -> 0 | T53: =S53*$C$16 -> 0 | U53: =SUMIFS('Maturing receivables'!$K:$K,'Maturing receivables'!$S:$S,Vertical_Cash_flow!U$11,'Maturing receivables'!$J:$J,Vertical_Cash_flow!U$15,'Maturing receivables'!$A:$A,Vertical_Cash_flow!$C$14,'Maturing receivables'!$G:$G,Vertical_Cash_flow!$B53,'Maturing receivables'!$F:$F,Vertical_Cash_flow!$B$52) -> 0 | V53: =SUMIFS('Maturing receivables'!$K:$K,'Maturing receivables'!$S:$S,Vertical_Cash_flow!U$11,'Maturing receivables'!$J:$J,Vertical_Cash_flow!V$15,'Maturing receivables'!$A:$A,Vertical_Cash_flow!$D$14,'Maturing receivables'!$G:$G,Vertical_Cash_flow!$B53,'Maturing receivables'!$F:$F,Vertical_Cash_flow!$B$52) -> 0 | W53: =SUMIFS('Maturing receivables'!$K:$K,'Maturing receivables'!$S:$S,Vertical_Cash_flow!U$11,'Maturing receivables'!$J:$J,Vertical_Cash_flow!W$15,'Maturing receivables'!$A:$A,Vertical_Cash_flow!$E$14,'Maturing receivables'!$G:$G,Vertical_Cash_flow!$B53,'Maturing receivables'!$F:$F,Vertical_Cash_flow!$B$52) -> 0 | X53: =SUMIFS('Maturing receivables'!$K:$K,'Maturing receivables'!$S:$S,Vertical_Cash_flow!U$11,'Maturing receivables'!$J:$J,Vertical_Cash_flow!X$15,'Maturing receivables'!$A:$A,Vertical_Cash_flow!$F$14,'Maturing receivables'!$G:$G,Vertical_Cash_flow!$B53,'Maturing receivables'!$F:$F,Vertical_Cash_flow!$B$52) -> 0 | Y53: =U53+V53+W53/$C$16+X53/$F$16 -> 0 | Z53: =Y53*$C$16 -> 0 | AA53: =SUMIFS('Maturing receivables'!$K:$K,'Maturing receivables'!$S:$S,Vertical_Cash_flow!AA$11,'Maturing receivables'!$J:$J,Vertical_Cash_flow!AA$15,'Maturing receivables'!$A:$A,Vertical_Cash_flow!$C$14,'Maturing receivables'!$G:$G,Vertical_Cash_flow!$B53,'Maturing receivables'!$F:$F,Vertical_Cash_flow!$B$52) -> 0 | AB53: =SUMIFS('Maturing receivables'!$K:$K,'Maturing receivables'!$S:$S,Vertical_Cash_flow!AA$11,'Maturing receivables'!$J:$J,Vertical_Cash_flow!AB$15,'Maturing receivables'!$A:$A,Vertical_Cash_flow!$D$14,'Maturing receivables'!$G:$G,Vertical_Cash_flow!$B53,'Maturing receivables'!$F:$F,Vertical_Cash_flow!$B$52) -> 0 | AC53: =SUMIFS('Maturing receivables'!$K:$K,'Maturing receivables'!$S:$S,Vertical_Cash_flow!AA$11,'Maturing receivables'!$J:$J,Vertical_Cash_flow!AC$15,'Maturing receivables'!$A:$A,Vertical_Cash_flow!$E$14,'Maturing receivables'!$G:$G,Vertical_Cash_flow!$B53,'Maturing receivables'!$F:$F,Vertical_Cash_flow!$B$52) -> 0 | AD53: =SUMIFS('Maturing receivables'!$K:$K,'Maturing receivables'!$S:$S,Vertical_Cash_flow!AA$11,'Maturing receivables'!$J:$J,Vertical_Cash_flow!AD$15,'Maturing receivables'!$A:$A,Vertical_Cash_flow!$F$14,'Maturing receivables'!$G:$G,Vertical_Cash_flow!$B53,'Maturing receivables'!$F:$F,Vertical_Cash_flow!$B$52) -> 0 | AE53: =AA53+AB53+AC53/$C$16+AD53/$F$16 -> 0 | AF53: =AE53*$C$16 -> 0 | AG53: =SUMIFS('Maturing receivables'!$K:$K,'Maturing receivables'!$S:$S,Vertical_Cash_flow!AG$11,'Maturing receivables'!$J:$J,Vertical_Cash_flow!AG$15,'Maturing receivables'!$A:$A,Vertical_Cash_flow!$C$14,'Maturing receivables'!$G:$G,Vertical_Cash_flow!$B53,'Maturing receivables'!$F:$F,Vertical_Cash_flow!$B$52) -> 0 | AH53: =SUMIFS('Maturing receivables'!$K:$K,'Maturing receivables'!$S:$S,Vertical_Cash_flow!AG$11,'Maturing receivables'!$J:$J,Vertical_Cash_flow!AH$15,'Maturing receivables'!$A:$A,Vertical_Cash_flow!$D$14,'Maturing receivables'!$G:$G,Vertical_Cash_flow!$B53,'Maturing receivables'!$F:$F,Vertical_Cash_flow!$B$52) -> 0 | AI53: =SUMIFS('Maturing receivables'!$K:$K,'Maturing receivables'!$S:$S,Vertical_Cash_flow!AG$11,'Maturing receivables'!$J:$J,Vertical_Cash_flow!AI$15,'Maturing receivables'!$A:$A,Vertical_Cash_flow!$E$14,'Maturing receivables'!$G:$G,Vertical_Cash_flow!$B53,'Maturing receivables'!$F:$F,Vertical_Cash_flow!$B$52) -> 0 | AJ53: =SUMIFS('Maturing receivables'!$K:$K,'Maturing receivables'!$S:$S,Vertical_Cash_flow!AG$11,'Maturing receivables'!$J:$J,Vertical_Cash_flow!AJ$15,'Maturing receivables'!$A:$A,Vertical_Cash_flow!$F$14,'Maturing receivables'!$G:$G,Vertical_Cash_flow!$B53,'Maturing receivables'!$F:$F,Vertical_Cash_flow!$B$52) -> 0 | AK53: =AG53+AH53+AI53/$C$16+AJ53/$F$16 -> 0 | AL53: =AK53*$C$16 -> 0 | AM53: =SUMIFS('Maturing receivables'!$K:$K,'Maturing receivables'!$S:$S,Vertical_Cash_flow!AM$11,'Maturing receivables'!$J:$J,Vertical_Cash_flow!AM$15,'Maturing receivables'!$A:$A,Vertical_Cash_flow!$C$14,'Maturing receivables'!$G:$G,Vertical_Cash_flow!$B53,'Maturing receivables'!$F:$F,Vertical_Cash_flow!$B$52) -> 0 | AN53: =SUMIFS('Maturing receivables'!$K:$K,'Maturing receivables'!$S:$S,Vertical_Cash_flow!AM$11,'Maturing receivables'!$J:$J,Vertical_Cash_flow!AN$15,'Maturing receivables'!$A:$A,Vertical_Cash_flow!$D$14,'Maturing receivables'!$G:$G,Vertical_Cash_flow!$B53,'Maturing receivables'!$F:$F,Vertical_Cash_flow!$B$52) -> 0 | AO53: =SUMIFS('Maturing receivables'!$K:$K,'Maturing receivables'!$S:$S,Vertical_Cash_flow!AM$11,'Maturing receivables'!$J:$J,Vertical_Cash_flow!AO$15,'Maturing receivables'!$A:$A,Vertical_Cash_flow!$E$14,'Maturing receivables'!$G:$G,Vertical_Cash_flow!$B53,'Maturing receivables'!$F:$F,Vertical_Cash_flow!$B$52) -> 0 | AP53: =SUMIFS('Maturing receivables'!$K:$K,'Maturing receivables'!$S:$S,Vertical_Cash_flow!AM$11,'Maturing receivables'!$J:$J,Vertical_Cash_flow!AP$15,'Maturing receivables'!$A:$A,Vertical_Cash_flow!$F$14,'Maturing receivables'!$G:$G,Vertical_Cash_flow!$B53,'Maturing receivables'!$F:$F,Vertical_Cash_flow!$B$52) -> 0 | AQ53: =AM53+AN53+AO53/$C$16+AP53/$F$16 -> 0 | AR53: =AQ53*$C$16 -> 0 | AS53: =SUMIFS('Maturing receivables'!$K:$K,'Maturing receivables'!$S:$S,Vertical_Cash_flow!AS$11,'Maturing receivables'!$J:$J,Vertical_Cash_flow!AS$15,'Maturing receivables'!$A:$A,Vertical_Cash_flow!$C$14,'Maturing receivables'!$G:$G,Vertical_Cash_flow!$B53,'Maturing receivables'!$F:$F,Vertical_Cash_flow!$B$52) -> 0 | AT53: =SUMIFS('Maturing receivables'!$K:$K,'Maturing receivables'!$S:$S,Vertical_Cash_flow!AS$11,'Maturing receivables'!$J:$J,Vertical_Cash_flow!AT$15,'Maturing receivables'!$A:$A,Vertical_Cash_flow!$D$14,'Maturing receivables'!$G:$G,Vertical_Cash_flow!$B53,'Maturing receivables'!$F:$F,Vertical_Cash_flow!$B$52) -> 0 | AU53: =SUMIFS('Maturing receivables'!$K:$K,'Maturing receivables'!$S:$S,Vertical_Cash_flow!AS$11,'Maturing receivables'!$J:$J,Vertical_Cash_flow!AU$15,'Maturing receivables'!$A:$A,Vertical_Cash_flow!$E$14,'Maturing receivables'!$G:$G,Vertical_Cash_flow!$B53,'Maturing receivables'!$F:$F,Vertical_Cash_flow!$B$52) -> 0 | AV53: =SUMIFS('Maturing receivables'!$K:$K,'Maturing receivables'!$S:$S,Vertical_Cash_flow!AS$11,'Maturing receivables'!$J:$J,Vertical_Cash_flow!AV$15,'Maturing receivables'!$A:$A,Vertical_Cash_flow!$F$14,'Maturing receivables'!$G:$G,Vertical_Cash_flow!$B53,'Maturing receivables'!$F:$F,Vertical_Cash_flow!$B$52) -> 0 | AW53: =AS53+AT53+AU53/$C$16+AV53/$F$16 -> 0 | AX53: =AW53*$C$16 -> 0 | AZ53: =SUM(G53,S53,Y53,AE53,AK53,AQ53,AW53,M53) -> 0
B54: Others | C54: =SUMIFS('Maturing receivables'!$K:$K,'Maturing receivables'!$S:$S,Vertical_Cash_flow!C$11,'Maturing receivables'!$J:$J,Vertical_Cash_flow!C$15,'Maturing receivables'!$A:$A,Vertical_Cash_flow!$C$14,'Maturing receivables'!$G:$G,Vertical_Cash_flow!$B54,'Maturing receivables'!$F:$F,Vertical_Cash_flow!$B$52) -> 0 | D54: =SUMIFS('Maturing receivables'!$K:$K,'Maturing receivables'!$S:$S,Vertical_Cash_flow!C$11,'Maturing receivables'!$J:$J,Vertical_Cash_flow!D$15,'Maturing receivables'!$A:$A,Vertical_Cash_flow!$D$14,'Maturing receivables'!$G:$G,Vertical_Cash_flow!$B54,'Maturing receivables'!$F:$F,Vertical_Cash_flow!$B$52) -> 0 | E54: =SUMIFS('Maturing receivables'!$K:$K,'Maturing receivables'!$S:$S,Vertical_Cash_flow!C$11,'Maturing receivables'!$J:$J,Vertical_Cash_flow!E$15,'Maturing receivables'!$A:$A,Vertical_Cash_flow!$E$14,'Maturing receivables'!$G:$G,Vertical_Cash_flow!$B54,'Maturing receivables'!$F:$F,Vertical_Cash_flow!$B$52) -> 0 | F54: =SUMIFS('Maturing receivables'!$K:$K,'Maturing receivables'!$S:$S,Vertical_Cash_flow!C$11,'Maturing receivables'!$J:$J,Vertical_Cash_flow!F$15,'Maturing receivables'!$A:$A,Vertical_Cash_flow!$F$14,'Maturing receivables'!$G:$G,Vertical_Cash_flow!$B54,'Maturing receivables'!$F:$F,Vertical_Cash_flow!$B$52) -> 0 | G54: =C54+D54+E54/$C$16+F54/$F$16 -> 0 | H54: =G54*$C$16 -> 0 | I54: =SUMIFS('Maturing receivables'!$K:$K,'Maturing receivables'!$S:$S,Vertical_Cash_flow!I$11,'Maturing receivables'!$J:$J,Vertical_Cash_flow!I$15,'Maturing receivables'!$A:$A,Vertical_Cash_flow!$C$14,'Maturing receivables'!$G:$G,Vertical_Cash_flow!$B54,'Maturing receivables'!$F:$F,Vertical_Cash_flow!$B$52) -> 0 | J54: =SUMIFS('Maturing receivables'!$K:$K,'Maturing receivables'!$S:$S,Vertical_Cash_flow!I$11,'Maturing receivables'!$J:$J,Vertical_Cash_flow!J$15,'Maturing receivables'!$A:$A,Vertical_Cash_flow!$D$14,'Maturing receivables'!$G:$G,Vertical_Cash_flow!$B54,'Maturing receivables'!$F:$F,Vertical_Cash_flow!$B$52) -> 0 | K54: =SUMIFS('Maturing receivables'!$K:$K,'Maturing receivables'!$S:$S,Vertical_Cash_flow!I$11,'Maturing receivables'!$J:$J,Vertical_Cash_flow!K$15,'Maturing receivables'!$A:$A,Vertical_Cash_flow!$E$14,'Maturing receivables'!$G:$G,Vertical_Cash_flow!$B54,'Maturing receivables'!$F:$F,Vertical_Cash_flow!$B$52) -> 0 | L54: =SUMIFS('Maturing receivables'!$K:$K,'Maturing receivables'!$S:$S,Vertical_Cash_flow!I$11,'Maturing receivables'!$J:$J,Vertical_Cash_flow!L$15,'Maturing receivables'!$A:$A,Vertical_Cash_flow!$F$14,'Maturing receivables'!$G:$G,Vertical_Cash_flow!$B54,'Maturing receivables'!$F:$F,Vertical_Cash_flow!$B$52) -> 0 | M54: =I54+J54+K54/$C$16+L54/$F$16 -> 0 | N54: =M54*$C$16 -> 0 | O54: =SUMIFS('Maturing receivables'!$K:$K,'Maturing receivables'!$S:$S,Vertical_Cash_flow!O$11,'Maturing receivables'!$J:$J,Vertical_Cash_flow!O$15,'Maturing receivables'!$A:$A,Vertical_Cash_flow!$C$14,'Maturing receivables'!$G:$G,Vertical_Cash_flow!$B54,'Maturing receivables'!$F:$F,Vertical_Cash_flow!$B$52) -> 0 | P54: =SUMIFS('Maturing receivables'!$K:$K,'Maturing receivables'!$S:$S,Vertical_Cash_flow!O$11,'Maturing receivables'!$J:$J,Vertical_Cash_flow!P$15,'Maturing receivables'!$A:$A,Vertical_Cash_flow!$D$14,'Maturing receivables'!$G:$G,Vertical_Cash_flow!$B54,'Maturing receivables'!$F:$F,Vertical_Cash_flow!$B$52) -> 0 | Q54: =SUMIFS('Maturing receivables'!$K:$K,'Maturing receivables'!$S:$S,Vertical_Cash_flow!O$11,'Maturing receivables'!$J:$J,Vertical_Cash_flow!Q$15,'Maturing receivables'!$A:$A,Vertical_Cash_flow!$E$14,'Maturing receivables'!$G:$G,Vertical_Cash_flow!$B54,'Maturing receivables'!$F:$F,Vertical_Cash_flow!$B$52) -> 0 | R54: =SUMIFS('Maturing receivables'!$K:$K,'Maturing receivables'!$S:$S,Vertical_Cash_flow!O$11,'Maturing receivables'!$J:$J,Vertical_Cash_flow!R$15,'Maturing receivables'!$A:$A,Vertical_Cash_flow!$F$14,'Maturing receivables'!$G:$G,Vertical_Cash_flow!$B54,'Maturing receivables'!$F:$F,Vertical_Cash_flow!$B$52) -> 0 | S54: =O54+P54+Q54/$C$16+R54/$F$16 -> 0 | T54: =S54*$C$16 -> 0 | U54: =SUMIFS('Maturing receivables'!$K:$K,'Maturing receivables'!$S:$S,Vertical_Cash_flow!U$11,'Maturing receivables'!$J:$J,Vertical_Cash_flow!U$15,'Maturing receivables'!$A:$A,Vertical_Cash_flow!$C$14,'Maturing receivables'!$G:$G,Vertical_Cash_flow!$B54,'Maturing receivables'!$F:$F,Vertical_Cash_flow!$B$52) -> 0 | V54: =SUMIFS('Maturing receivables'!$K:$K,'Maturing receivables'!$S:$S,Vertical_Cash_flow!U$11,'Maturing receivables'!$J:$J,Vertical_Cash_flow!V$15,'Maturing receivables'!$A:$A,Vertical_Cash_flow!$D$14,'Maturing receivables'!$G:$G,Vertical_Cash_flow!$B54,'Maturing receivables'!$F:$F,Vertical_Cash_flow!$B$52) -> 0 | W54: =SUMIFS('Maturing receivables'!$K:$K,'Maturing receivables'!$S:$S,Vertical_Cash_flow!U$11,'Maturing receivables'!$J:$J,Vertical_Cash_flow!W$15,'Maturing receivables'!$A:$A,Vertical_Cash_flow!$E$14,'Maturing receivables'!$G:$G,Vertical_Cash_flow!$B54,'Maturing receivables'!$F:$F,Vertical_Cash_flow!$B$52) -> 0 | X54: =SUMIFS('Maturing receivables'!$K:$K,'Maturing receivables'!$S:$S,Vertical_Cash_flow!U$11,'Maturing receivables'!$J:$J,Vertical_Cash_flow!X$15,'Maturing receivables'!$A:$A,Vertical_Cash_flow!$F$14,'Maturing receivables'!$G:$G,Vertical_Cash_flow!$B54,'Maturing receivables'!$F:$F,Vertical_Cash_flow!$B$52) -> 0 | Y54: =U54+V54+W54/$C$16+X54/$F$16 -> 0 | Z54: =Y54*$C$16 -> 0 | AA54: =SUMIFS('Maturing receivables'!$K:$K,'Maturing receivables'!$S:$S,Vertical_Cash_flow!AA$11,'Maturing receivables'!$J:$J,Vertical_Cash_flow!AA$15,'Maturing receivables'!$A:$A,Vertical_Cash_flow!$C$14,'Maturing receivables'!$G:$G,Vertical_Cash_flow!$B54,'Maturing receivables'!$F:$F,Vertical_Cash_flow!$B$52) -> 0 | AB54: =SUMIFS('Maturing receivables'!$K:$K,'Maturing receivables'!$S:$S,Vertical_Cash_flow!AA$11,'Maturing receivables'!$J:$J,Vertical_Cash_flow!AB$15,'Maturing receivables'!$A:$A,Vertical_Cash_flow!$D$14,'Maturing receivables'!$G:$G,Vertical_Cash_flow!$B54,'Maturing receivables'!$F:$F,Vertical_Cash_flow!$B$52) -> 0 | AC54: =SUMIFS('Maturing receivables'!$K:$K,'Maturing receivables'!$S:$S,Vertical_Cash_flow!AA$11,'Maturing receivables'!$J:$J,Vertical_Cash_flow!AC$15,'Maturing receivables'!$A:$A,Vertical_Cash_flow!$E$14,'Maturing receivables'!$G:$G,Vertical_Cash_flow!$B54,'Maturing receivables'!$F:$F,Vertical_Cash_flow!$B$52) -> 0 | AD54: =SUMIFS('Maturing receivables'!$K:$K,'Maturing receivables'!$S:$S,Vertical_Cash_flow!AA$11,'Maturing receivables'!$J:$J,Vertical_Cash_flow!AD$15,'Maturing receivables'!$A:$A,Vertical_Cash_flow!$F$14,'Maturing receivables'!$G:$G,Vertical_Cash_flow!$B54,'Maturing receivables'!$F:$F,Vertical_Cash_flow!$B$52) -> 0 | AE54: =AA54+AB54+AC54/$C$16+AD54/$F$16 -> 0 | AF54: =AE54*$C$16 -> 0 | AG54: =SUMIFS('Maturing receivables'!$K:$K,'Maturing receivables'!$S:$S,Vertical_Cash_flow!AG$11,'Maturing receivables'!$J:$J,Vertical_Cash_flow!AG$15,'Maturing receivables'!$A:$A,Vertical_Cash_flow!$C$14,'Maturing receivables'!$G:$G,Vertical_Cash_flow!$B54,'Maturing receivables'!$F:$F,Vertical_Cash_flow!$B$52) -> 0 | AH54: =SUMIFS('Maturing receivables'!$K:$K,'Maturing receivables'!$S:$S,Vertical_Cash_flow!AG$11,'Maturing receivables'!$J:$J,Vertical_Cash_flow!AH$15,'Maturing receivables'!$A:$A,Vertical_Cash_flow!$D$14,'Maturing receivables'!$G:$G,Vertical_Cash_flow!$B54,'Maturing receivables'!$F:$F,Vertical_Cash_flow!$B$52) -> 0 | AI54: =SUMIFS('Maturing receivables'!$K:$K,'Maturing receivables'!$S:$S,Vertical_Cash_flow!AG$11,'Maturing receivables'!$J:$J,Vertical_Cash_flow!AI$15,'Maturing receivables'!$A:$A,Vertical_Cash_flow!$E$14,'Maturing receivables'!$G:$G,Vertical_Cash_flow!$B54,'Maturing receivables'!$F:$F,Vertical_Cash_flow!$B$52) -> 0 | AJ54: =SUMIFS('Maturing receivables'!$K:$K,'Maturing receivables'!$S:$S,Vertical_Cash_flow!AG$11,'Maturing receivables'!$J:$J,Vertical_Cash_flow!AJ$15,'Maturing receivables'!$A:$A,Vertical_Cash_flow!$F$14,'Maturing receivables'!$G:$G,Vertical_Cash_flow!$B54,'Maturing receivables'!$F:$F,Vertical_Cash_flow!$B$52) -> 0 | AK54: =AG54+AH54+AI54/$C$16+AJ54/$F$16 -> 0 | AL54: =AK54*$C$16 -> 0 | AM54: =SUMIFS('Maturing receivables'!$K:$K,'Maturing receivables'!$S:$S,Vertical_Cash_flow!AM$11,'Maturing receivables'!$J:$J,Vertical_Cash_flow!AM$15,'Maturing receivables'!$A:$A,Vertical_Cash_flow!$C$14,'Maturing receivables'!$G:$G,Vertical_Cash_flow!$B54,'Maturing receivables'!$F:$F,Vertical_Cash_flow!$B$52) -> 0 | AN54: =SUMIFS('Maturing receivables'!$K:$K,'Maturing receivables'!$S:$S,Vertical_Cash_flow!AM$11,'Maturing receivables'!$J:$J,Vertical_Cash_flow!AN$15,'Maturing receivables'!$A:$A,Vertical_Cash_flow!$D$14,'Maturing receivables'!$G:$G,Vertical_Cash_flow!$B54,'Maturing receivables'!$F:$F,Vertical_Cash_flow!$B$52) -> 0 | AO54: =SUMIFS('Maturing receivables'!$K:$K,'Maturing receivables'!$S:$S,Vertical_Cash_flow!AM$11,'Maturing receivables'!$J:$J,Vertical_Cash_flow!AO$15,'Maturing receivables'!$A:$A,Vertical_Cash_flow!$E$14,'Maturing receivables'!$G:$G,Vertical_Cash_flow!$B54,'Maturing receivables'!$F:$F,Vertical_Cash_flow!$B$52) -> 0 | AP54: =SUMIFS('Maturing receivables'!$K:$K,'Maturing receivables'!$S:$S,Vertical_Cash_flow!AM$11,'Maturing receivables'!$J:$J,Vertical_Cash_flow!AP$15,'Maturing receivables'!$A:$A,Vertical_Cash_flow!$F$14,'Maturing receivables'!$G:$G,Vertical_Cash_flow!$B54,'Maturing receivables'!$F:$F,Vertical_Cash_flow!$B$52) -> 0 | AQ54: =AM54+AN54+AO54/$C$16+AP54/$F$16 -> 0 | AR54: =AQ54*$C$16 -> 0 | AS54: =SUMIFS('Maturing receivables'!$K:$K,'Maturing receivables'!$S:$S,Vertical_Cash_flow!AS$11,'Maturing receivables'!$J:$J,Vertical_Cash_flow!AS$15,'Maturing receivables'!$A:$A,Vertical_Cash_flow!$C$14,'Maturing receivables'!$G:$G,Vertical_Cash_flow!$B54,'Maturing receivables'!$F:$F,Vertical_Cash_flow!$B$52) -> 0 | AT54: =SUMIFS('Maturing receivables'!$K:$K,'Maturing receivables'!$S:$S,Vertical_Cash_flow!AS$11,'Maturing receivables'!$J:$J,Vertical_Cash_flow!AT$15,'Maturing receivables'!$A:$A,Vertical_Cash_flow!$D$14,'Maturing receivables'!$G:$G,Vertical_Cash_flow!$B54,'Maturing receivables'!$F:$F,Vertical_Cash_flow!$B$52) -> 0 | AU54: =SUMIFS('Maturing receivables'!$K:$K,'Maturing receivables'!$S:$S,Vertical_Cash_flow!AS$11,'Maturing receivables'!$J:$J,Vertical_Cash_flow!AU$15,'Maturing receivables'!$A:$A,Vertical_Cash_flow!$E$14,'Maturing receivables'!$G:$G,Vertical_Cash_flow!$B54,'Maturing receivables'!$F:$F,Vertical_Cash_flow!$B$52) -> 0 | AV54: =SUMIFS('Maturing receivables'!$K:$K,'Maturing receivables'!$S:$S,Vertical_Cash_flow!AS$11,'Maturing receivables'!$J:$J,Vertical_Cash_flow!AV$15,'Maturing receivables'!$A:$A,Vertical_Cash_flow!$F$14,'Maturing receivables'!$G:$G,Vertical_Cash_flow!$B54,'Maturing receivables'!$F:$F,Vertical_Cash_flow!$B$52) -> 0 | AW54: =AS54+AT54+AU54/$C$16+AV54/$F$16 -> 0 | AX54: =AW54*$C$16 -> 0 | AZ54: =SUM(G54,S54,Y54,AE54,AK54,AQ54,AW54,M54) -> 0
B56: IV. Receipts from intergroup companies | C56: =SUM(C57:C62) -> 0 | D56: =SUM(D57:D62) -> 1270000 | E56: =SUM(E57:E62) -> 70839.6 | F56: =SUM(F57:F62) -> 0 | G56: =SUM(G57:G62) -> 1506132 | H56: =SUM(H57:H62) -> 451839.6 | I56: =SUM(I57:I62) -> 0 | J56: =SUM(J57:J62) -> 855000 | ... AX56: =SUM(AX57:AX62) -> 212190 | AZ56: =SUM(G56,S56,Y56,AE56,AK56,AQ56,AW56,M56) -> 7326635.2
B57: SNA | G57: =C57+D57+E57/$C$16+F57/$F$16 -> 0 | H57: =G57*$C$16 -> 0 | M57: =I57+J57+K57/$C$16+L57/$F$16 -> 0 | N57: =M57*$C$16 -> 0 | S57: =O57+P57+Q57/$C$16+R57/$F$16 -> 0 | T57: =S57*$C$16 -> 0 | Y57: =U57+V57+W57/$C$16+X57/$F$16 -> 0 | Z57: =Y57*$C$16 -> 0 | AE57: =AA57+AB57+AC57/$C$16+AD57/$F$16 -> 0 | AF57: =AE57*$C$16 -> 0 | AK57: =AG57+AH57+AI57/$C$16+AJ57/$F$16 -> 0 | AL57: =AK57*$C$16 -> 0 | AQ57: =AM57+AN57+AO57/$C$16+AP57/$F$16 -> 0 | AR57: =AQ57*$C$16 -> 0 | AW57: =AS57+AT57+AU57/$C$16+AV57/$F$16 -> 0 | AX57: =AW57*$C$16 -> 0 | AZ57: =SUM(G57,S57,Y57,AE57,AK57,AQ57,AW57,M57) -> 0
B58: SND | D58: =+C112 -> 1270000 | G58: =C58+D58+E58/$C$16+F58/$F$16 -> 1270000 | H58: =G58*$C$16 -> 381000 | J58: =+I112 -> 855000 | M58: =I58+J58+K58/$C$16+L58/$F$16 -> 855000 | N58: =M58*$C$16 -> 256500 | P58: =+O112 -> 400000 | S58: =O58+P58+Q58/$C$16+R58/$F$16 -> 400000 | T58: =S58*$C$16 -> 120000 | V58: =+U112 -> 625000 | Y58: =U58+V58+W58/$C$16+X58/$F$16 -> 625000 | Z58: =Y58*$C$16 -> 187500 | AB58: =+AA112 -> 765000 | AE58: =AA58+AB58+AC58/$C$16+AD58/$F$16 -> 765000 | AF58: =AE58*$C$16 -> 229500 | AH58: =+AG112 -> 350000 | AK58: =AG58+AH58+AI58/$C$16+AJ58/$F$16 -> 350000 | AL58: =AK58*$C$16 -> 105000 | AN58: =+AM112 -> 665000 | AQ58: =AM58+AN58+AO58/$C$16+AP58/$F$16 -> 665000 | AR58: =AQ58*$C$16 -> 199500 | AT58: =+AS112 -> 470000 | AW58: =AS58+AT58+AU58/$C$16+AV58/$F$16 -> 470000 | AX58: =AW58*$C$16 -> 141000 | AZ58: =SUM(G58,S58,Y58,AE58,AK58,AQ58,AW58,M58) -> 5400000
B59: SNR | G59: =C59+D59+E59/$C$16+F59/$F$16 -> 0 | H59: =G59*$C$16 -> 0 | M59: =I59+J59+K59/$C$16+L59/$F$16 -> 0 | N59: =M59*$C$16 -> 0 | S59: =O59+P59+Q59/$C$16+R59/$F$16 -> 0 | T59: =S59*$C$16 -> 0 | Y59: =U59+V59+W59/$C$16+X59/$F$16 -> 0 | Z59: =Y59*$C$16 -> 0 | AE59: =AA59+AB59+AC59/$C$16+AD59/$F$16 -> 0 | AF59: =AE59*$C$16 -> 0 | AK59: =AG59+AH59+AI59/$C$16+AJ59/$F$16 -> 0 | AL59: =AK59*$C$16 -> 0 | AQ59: =AM59+AN59+AO59/$C$16+AP59/$F$16 -> 0 | AR59: =AQ59*$C$16 -> 0 | AW59: =AS59+AT59+AU59/$C$16+AV59/$F$16 -> 0 | AX59: =AW59*$C$16 -> 0 | AZ59: =SUM(G59,S59,Y59,AE59,AK59,AQ59,AW59,M59) -> 0
B60: TIP | G60: =C60+D60+E60/$C$16+F60/$F$16 -> 0 | H60: =G60*$C$16 -> 0 | M60: =I60+J60+K60/$C$16+L60/$F$16 -> 0 | N60: =M60*$C$16 -> 0 | S60: =O60+P60+Q60/$C$16+R60/$F$16 -> 0 | T60: =S60*$C$16 -> 0 | Y60: =U60+V60+W60/$C$16+X60/$F$16 -> 0 | Z60: =Y60*$C$16 -> 0 | AE60: =AA60+AB60+AC60/$C$16+AD60/$F$16 -> 0 | AF60: =AE60*$C$16 -> 0 | AK60: =AG60+AH60+AI60/$C$16+AJ60/$F$16 -> 0 | AL60: =AK60*$C$16 -> 0 | AQ60: =AM60+AN60+AO60/$C$16+AP60/$F$16 -> 0 | AR60: =AQ60*$C$16 -> 0 | AW60: =AS60+AT60+AU60/$C$16+AV60/$F$16 -> 0 | AX60: =AW60*$C$16 -> 0 | AZ60: =SUM(G60,S60,Y60,AE60,AK60,AQ60,AW60,M60) -> 0
B61: NBI | G61: =C61+D61+E61/$C$16+F61/$F$16 -> 0 | H61: =G61*$C$16 -> 0 | M61: =I61+J61+K61/$C$16+L61/$F$16 -> 0 | N61: =M61*$C$16 -> 0 | S61: =O61+P61+Q61/$C$16+R61/$F$16 -> 0 | T61: =S61*$C$16 -> 0 | Y61: =U61+V61+W61/$C$16+X61/$F$16 -> 0 | Z61: =Y61*$C$16 -> 0 | AE61: =AA61+AB61+AC61/$C$16+AD61/$F$16 -> 0 | AF61: =AE61*$C$16 -> 0 | AK61: =AG61+AH61+AI61/$C$16+AJ61/$F$16 -> 0 | AL61: =AK61*$C$16 -> 0 | AQ61: =AM61+AN61+AO61/$C$16+AP61/$F$16 -> 0 | AR61: =AQ61*$C$16 -> 0 | AW61: =AS61+AT61+AU61/$C$16+AV61/$F$16 -> 0 | AX61: =AW61*$C$16 -> 0 | AZ61: =SUM(G61,S61,Y61,AE61,AK61,AQ61,AW61,M61) -> 0
B62: Monbat AD | E62: =SUMIFS('Maturing receivables'!$K:$K,'Maturing receivables'!$S:$S,Vertical_Cash_flow!C$11,'Maturing receivables'!$J:$J,Vertical_Cash_flow!E$15,'Maturing receivables'!$A:$A,Vertical_Cash_flow!$E$14,'Maturing receivables'!$G:$G,Vertical_Cash_flow!$B62,'Maturing receivables'!$F:$F,Vertical_Cash_flow!$B$56) -> 70839.6 | G62: =C62+D62+E62/$C$16+F62/$F$16 -> 236132 | H62: =G62*$C$16 -> 70839.6 | K62: =SUMIFS('Maturing receivables'!$K:$K,'Maturing receivables'!$S:$S,Vertical_Cash_flow!I$11,'Maturing receivables'!$J:$J,Vertical_Cash_flow!K$15,'Maturing receivables'!$A:$A,Vertical_Cash_flow!$E$14,'Maturing receivables'!$G:$G,Vertical_Cash_flow!$B62,'Maturing receivables'!$F:$F,Vertical_Cash_flow!$B$56) -> 72615.48 | M62: =I62+J62+K62/$C$16+L62/$F$16 -> 242051.6 | N62: =M62*$C$16 -> 72615.48 | Q62: =SUMIFS('Maturing receivables'!$K:$K,'Maturing receivables'!$S:$S,Vertical_Cash_flow!O$11,'Maturing receivables'!$J:$J,Vertical_Cash_flow!Q$15,'Maturing receivables'!$A:$A,Vertical_Cash_flow!$E$14,'Maturing receivables'!$G:$G,Vertical_Cash_flow!$B62,'Maturing receivables'!$F:$F,Vertical_Cash_flow!$B$56) -> 72906 | S62: =O62+P62+Q62/$C$16+R62/$F$16 -> 243020 | T62: =S62*$C$16 -> 72906 | W62: =SUMIFS('Maturing receivables'!$K:$K,'Maturing receivables'!$S:$S,Vertical_Cash_flow!U$11,'Maturing receivables'!$J:$J,Vertical_Cash_flow!W$15,'Maturing receivables'!$A:$A,Vertical_Cash_flow!$E$14,'Maturing receivables'!$G:$G,Vertical_Cash_flow!$B62,'Maturing receivables'!$F:$F,Vertical_Cash_flow!$B$56) -> 73062.6 | Y62: =U62+V62+W62/$C$16+X62/$F$16 -> 243542 | Z62: =Y62*$C$16 -> 73062.6 | AC62: =SUMIFS('Maturing receivables'!$K:$K,'Maturing receivables'!$S:$S,Vertical_Cash_flow!AA$11,'Maturing receivables'!$J:$J,Vertical_Cash_flow!AC$15,'Maturing receivables'!$A:$A,Vertical_Cash_flow!$E$14,'Maturing receivables'!$G:$G,Vertical_Cash_flow!$B62,'Maturing receivables'!$F:$F,Vertical_Cash_flow!$B$56) -> 70856.1 | AE62: =AA62+AB62+AC62/$C$16+AD62/$F$16 -> 236187 | AF62: =AE62*$C$16 -> 70856.1 | AI62: =SUMIFS('Maturing receivables'!$K:$K,'Maturing receivables'!$S:$S,Vertical_Cash_flow!AG$11,'Maturing receivables'!$J:$J,Vertical_Cash_flow!AI$15,'Maturing receivables'!$A:$A,Vertical_Cash_flow!$E$14,'Maturing receivables'!$G:$G,Vertical_Cash_flow!$B62,'Maturing receivables'!$F:$F,Vertical_Cash_flow!$B$56) -> 73260.39 | AK62: =AG62+AH62+AI62/$C$16+AJ62/$F$16 -> 244201.3 | AL62: =AK62*$C$16 -> 73260.39 | AO62: =SUMIFS('Maturing receivables'!$K:$K,'Maturing receivables'!$S:$S,Vertical_Cash_flow!AM$11,'Maturing receivables'!$J:$J,Vertical_Cash_flow!AO$15,'Maturing receivables'!$A:$A,Vertical_Cash_flow!$E$14,'Maturing receivables'!$G:$G,Vertical_Cash_flow!$B62,'Maturing receivables'!$F:$F,Vertical_Cash_flow!$B$56) -> 73260.39 | AQ62: =AM62+AN62+AO62/$C$16+AP62/$F$16 -> 244201.3 | AR62: =AQ62*$C$16 -> 73260.39 | AU62: =SUMIFS('Maturing receivables'!$K:$K,'Maturing receivables'!$S:$S,Vertical_Cash_flow!AS$11,'Maturing receivables'!$J:$J,Vertical_Cash_flow!AU$15,'Maturing receivables'!$A:$A,Vertical_Cash_flow!$E$14,'Maturing receivables'!$G:$G,Vertical_Cash_flow!$B62,'Maturing receivables'!$F:$F,Vertical_Cash_flow!$B$56) -> 71190 | AW62: =AS62+AT62+AU62/$C$16+AV62/$F$16 -> 237300 | AX62: =AW62*$C$16 -> 71190 | AZ62: =SUM(G62,S62,Y62,AE62,AK62,AQ62,AW62,M62) -> 1926635.2
AZ63: =SUM(G63,S63,Y63,AE63,AK63,AQ63,AW63,M63) -> 0
B64: v. Receipts from the tax administration | C64: =SUMIFS('Maturing receivables'!$K:$K,'Maturing receivables'!$F:$F,Vertical_Cash_flow!$B$64,'Maturing receivables'!$A:$A,Vertical_Cash_flow!C14,'Maturing receivables'!$J:$J,Vertical_Cash_flow!C15,'Maturing receivables'!$S:$S,Vertical_Cash_flow!C$11) -> 0 | D64: =SUMIFS('Maturing receivables'!$K:$K,'Maturing receivables'!$F:$F,Vertical_Cash_flow!$B$64,'Maturing receivables'!$A:$A,Vertical_Cash_flow!D14,'Maturing receivables'!$J:$J,Vertical_Cash_flow!D15,'Maturing receivables'!$S:$S,Vertical_Cash_flow!C$11) -> 0 | E64: =SUMIFS('Maturing receivables'!$K:$K,'Maturing receivables'!$F:$F,Vertical_Cash_flow!$B$64,'Maturing receivables'!$A:$A,Vertical_Cash_flow!E14,'Maturing receivables'!$J:$J,Vertical_Cash_flow!E15,'Maturing receivables'!$S:$S,Vertical_Cash_flow!C$11) -> 0 | F64: =SUMIFS('Maturing receivables'!$K:$K,'Maturing receivables'!$F:$F,Vertical_Cash_flow!$B$64,'Maturing receivables'!$A:$A,Vertical_Cash_flow!F14,'Maturing receivables'!$J:$J,Vertical_Cash_flow!F15,'Maturing receivables'!$S:$S,Vertical_Cash_flow!C$11) -> 0 | G64: =C64+D64+E64/$C$16+F64/$F$16 -> 0 | H64: =G64*$C$16 -> 0 | I64: =SUMIFS('Maturing receivables'!$K:$K,'Maturing receivables'!$F:$F,Vertical_Cash_flow!$B$64,'Maturing receivables'!$A:$A,Vertical_Cash_flow!I14,'Maturing receivables'!$J:$J,Vertical_Cash_flow!I15,'Maturing receivables'!$S:$S,Vertical_Cash_flow!I$11) -> 0 | J64: =SUMIFS('Maturing receivables'!$K:$K,'Maturing receivables'!$F:$F,Vertical_Cash_flow!$B$64,'Maturing receivables'!$A:$A,Vertical_Cash_flow!J14,'Maturing receivables'!$J:$J,Vertical_Cash_flow!J15,'Maturing receivables'!$S:$S,Vertical_Cash_flow!I$11) -> 0 | K64: =SUMIFS('Maturing receivables'!$K:$K,'Maturing receivables'!$F:$F,Vertical_Cash_flow!$B$64,'Maturing receivables'!$A:$A,Vertical_Cash_flow!K14,'Maturing receivables'!$J:$J,Vertical_Cash_flow!K15,'Maturing receivables'!$S:$S,Vertical_Cash_flow!I$11) -> 0 | L64: =SUMIFS('Maturing receivables'!$K:$K,'Maturing receivables'!$F:$F,Vertical_Cash_flow!$B$64,'Maturing receivables'!$A:$A,Vertical_Cash_flow!L14,'Maturing receivables'!$J:$J,Vertical_Cash_flow!L15,'Maturing receivables'!$S:$S,Vertical_Cash_flow!I$11) -> 0 | M64: =I64+J64+K64/$C$16+L64/$F$16 -> 0 | N64: =M64*$C$16 -> 0 | O64: =SUMIFS('Maturing receivables'!$K:$K,'Maturing receivables'!$F:$F,Vertical_Cash_flow!$B$64,'Maturing receivables'!$A:$A,Vertical_Cash_flow!O14,'Maturing receivables'!$J:$J,Vertical_Cash_flow!O15,'Maturing receivables'!$S:$S,Vertical_Cash_flow!O$11) -> 0 | P64: =SUMIFS('Maturing receivables'!$K:$K,'Maturing receivables'!$F:$F,Vertical_Cash_flow!$B$64,'Maturing receivables'!$A:$A,Vertical_Cash_flow!P14,'Maturing receivables'!$J:$J,Vertical_Cash_flow!P15,'Maturing receivables'!$S:$S,Vertical_Cash_flow!O$11) -> 0 | Q64: =SUMIFS('Maturing receivables'!$K:$K,'Maturing receivables'!$F:$F,Vertical_Cash_flow!$B$64,'Maturing receivables'!$A:$A,Vertical_Cash_flow!Q14,'Maturing receivables'!$J:$J,Vertical_Cash_flow!Q15,'Maturing receivables'!$S:$S,Vertical_Cash_flow!O$11) -> 0 | R64: =SUMIFS('Maturing receivables'!$K:$K,'Maturing receivables'!$F:$F,Vertical_Cash_flow!$B$64,'Maturing receivables'!$A:$A,Vertical_Cash_flow!R14,'Maturing receivables'!$J:$J,Vertical_Cash_flow!R15,'Maturing receivables'!$S:$S,Vertical_Cash_flow!O$11) -> 0 | S64: =O64+P64+Q64/$C$16+R64/$F$16 -> 0 | T64: =S64*$C$16 -> 0 | U64: =SUMIFS('Maturing receivables'!$K:$K,'Maturing receivables'!$F:$F,Vertical_Cash_flow!$B$64,'Maturing receivables'!$A:$A,Vertical_Cash_flow!U14,'Maturing receivables'!$J:$J,Vertical_Cash_flow!U15,'Maturing receivables'!$S:$S,Vertical_Cash_flow!U$11) -> 0 | V64: =SUMIFS('Maturing receivables'!$K:$K,'Maturing receivables'!$F:$F,Vertical_Cash_flow!$B$64,'Maturing receivables'!$A:$A,Vertical_Cash_flow!V14,'Maturing receivables'!$J:$J,Vertical_Cash_flow!V15,'Maturing receivables'!$S:$S,Vertical_Cash_flow!U$11) -> 0 | W64: =SUMIFS('Maturing receivables'!$K:$K,'Maturing receivables'!$F:$F,Vertical_Cash_flow!$B$64,'Maturing receivables'!$A:$A,Vertical_Cash_flow!W14,'Maturing receivables'!$J:$J,Vertical_Cash_flow!W15,'Maturing receivables'!$S:$S,Vertical_Cash_flow!U$11) -> 0 | X64: =SUMIFS('Maturing receivables'!$K:$K,'Maturing receivables'!$F:$F,Vertical_Cash_flow!$B$64,'Maturing receivables'!$A:$A,Vertical_Cash_flow!X14,'Maturing receivables'!$J:$J,Vertical_Cash_flow!X15,'Maturing receivables'!$S:$S,Vertical_Cash_flow!U$11) -> 0 | Y64: =U64+V64+W64/$C$16+X64/$F$16 -> 0 | Z64: =Y64*$C$16 -> 0 | AA64: =SUMIFS('Maturing receivables'!$K:$K,'Maturing receivables'!$F:$F,Vertical_Cash_flow!$B$64,'Maturing receivables'!$A:$A,Vertical_Cash_flow!AA14,'Maturing receivables'!$J:$J,Vertical_Cash_flow!AA15,'Maturing receivables'!$S:$S,Vertical_Cash_flow!AA$11) -> 0 | AB64: =SUMIFS('Maturing receivables'!$K:$K,'Maturing receivables'!$F:$F,Vertical_Cash_flow!$B$64,'Maturing receivables'!$A:$A,Vertical_Cash_flow!AB14,'Maturing receivables'!$J:$J,Vertical_Cash_flow!AB15,'Maturing receivables'!$S:$S,Vertical_Cash_flow!AA$11) -> 0 | AC64: =SUMIFS('Maturing receivables'!$K:$K,'Maturing receivables'!$F:$F,Vertical_Cash_flow!$B$64,'Maturing receivables'!$A:$A,Vertical_Cash_flow!AC14,'Maturing receivables'!$J:$J,Vertical_Cash_flow!AC15,'Maturing receivables'!$S:$S,Vertical_Cash_flow!AA$11) -> 0 | AD64: =SUMIFS('Maturing receivables'!$K:$K,'Maturing receivables'!$F:$F,Vertical_Cash_flow!$B$64,'Maturing receivables'!$A:$A,Vertical_Cash_flow!AD14,'Maturing receivables'!$J:$J,Vertical_Cash_flow!AD15,'Maturing receivables'!$S:$S,Vertical_Cash_flow!AA$11) -> 0 | AE64: =AA64+AB64+AC64/$C$16+AD64/$F$16 -> 0 | AF64: =AE64*$C$16 -> 0 | AG64: =SUMIFS('Maturing receivables'!$K:$K,'Maturing receivables'!$F:$F,Vertical_Cash_flow!$B$64,'Maturing receivables'!$A:$A,Vertical_Cash_flow!AG14,'Maturing receivables'!$J:$J,Vertical_Cash_flow!AG15,'Maturing receivables'!$S:$S,Vertical_Cash_flow!AG$11) -> 0 | AH64: =SUMIFS('Maturing receivables'!$K:$K,'Maturing receivables'!$F:$F,Vertical_Cash_flow!$B$64,'Maturing receivables'!$A:$A,Vertical_Cash_flow!AH14,'Maturing receivables'!$J:$J,Vertical_Cash_flow!AH15,'Maturing receivables'!$S:$S,Vertical_Cash_flow!AG$11) -> 0 | AI64: =SUMIFS('Maturing receivables'!$K:$K,'Maturing receivables'!$F:$F,Vertical_Cash_flow!$B$64,'Maturing receivables'!$A:$A,Vertical_Cash_flow!AI14,'Maturing receivables'!$J:$J,Vertical_Cash_flow!AI15,'Maturing receivables'!$S:$S,Vertical_Cash_flow!AG$11) -> 0 | AJ64: =SUMIFS('Maturing receivables'!$K:$K,'Maturing receivables'!$F:$F,Vertical_Cash_flow!$B$64,'Maturing receivables'!$A:$A,Vertical_Cash_flow!AJ14,'Maturing receivables'!$J:$J,Vertical_Cash_flow!AJ15,'Maturing receivables'!$S:$S,Vertical_Cash_flow!AG$11) -> 0 | AK64: =AG64+AH64+AI64/$C$16+AJ64/$F$16 -> 0 | AL64: =AK64*$C$16 -> 0 | AM64: =SUMIFS('Maturing receivables'!$K:$K,'Maturing receivables'!$F:$F,Vertical_Cash_flow!$B$64,'Maturing receivables'!$A:$A,Vertical_Cash_flow!AM14,'Maturing receivables'!$J:$J,Vertical_Cash_flow!AM15,'Maturing receivables'!$S:$S,Vertical_Cash_flow!AM$11) -> 0 | AN64: =SUMIFS('Maturing receivables'!$K:$K,'Maturing receivables'!$F:$F,Vertical_Cash_flow!$B$64,'Maturing receivables'!$A:$A,Vertical_Cash_flow!AN14,'Maturing receivables'!$J:$J,Vertical_Cash_flow!AN15,'Maturing receivables'!$S:$S,Vertical_Cash_flow!AM$11) -> 0 | AO64: =SUMIFS('Maturing receivables'!$K:$K,'Maturing receivables'!$F:$F,Vertical_Cash_flow!$B$64,'Maturing receivables'!$A:$A,Vertical_Cash_flow!AO14,'Maturing receivables'!$J:$J,Vertical_Cash_flow!AO15,'Maturing receivables'!$S:$S,Vertical_Cash_flow!AM$11) -> 0 | AP64: =SUMIFS('Maturing receivables'!$K:$K,'Maturing receivables'!$F:$F,Vertical_Cash_flow!$B$64,'Maturing receivables'!$A:$A,Vertical_Cash_flow!AP14,'Maturing receivables'!$J:$J,Vertical_Cash_flow!AP15,'Maturing receivables'!$S:$S,Vertical_Cash_flow!AM$11) -> 0 | AQ64: =AM64+AN64+AO64/$C$16+AP64/$F$16 -> 0 | AR64: =AQ64*$C$16 -> 0 | AS64: =SUMIFS('Maturing receivables'!$K:$K,'Maturing receivables'!$F:$F,Vertical_Cash_flow!$B$64,'Maturing receivables'!$A:$A,Vertical_Cash_flow!AS14,'Maturing receivables'!$J:$J,Vertical_Cash_flow!AS15,'Maturing receivables'!$S:$S,Vertical_Cash_flow!AS$11) -> 0 | AT64: =SUMIFS('Maturing receivables'!$K:$K,'Maturing receivables'!$F:$F,Vertical_Cash_flow!$B$64,'Maturing receivables'!$A:$A,Vertical_Cash_flow!AT14,'Maturing receivables'!$J:$J,Vertical_Cash_flow!AT15,'Maturing receivables'!$S:$S,Vertical_Cash_flow!AS$11) -> 0 | AU64: =SUMIFS('Maturing receivables'!$K:$K,'Maturing receivables'!$F:$F,Vertical_Cash_flow!$B$64,'Maturing receivables'!$A:$A,Vertical_Cash_flow!AU14,'Maturing receivables'!$J:$J,Vertical_Cash_flow!AU15,'Maturing receivables'!$S:$S,Vertical_Cash_flow!AS$11) -> 0 | AV64: =SUMIFS('Maturing receivables'!$K:$K,'Maturing receivables'!$F:$F,Vertical_Cash_flow!$B$64,'Maturing receivables'!$A:$A,Vertical_Cash_flow!AV14,'Maturing receivables'!$J:$J,Vertical_Cash_flow!AV15,'Maturing receivables'!$S:$S,Vertical_Cash_flow!AS$11) -> 0 | AW64: =AS64+AT64+AU64/$C$16+AV64/$F$16 -> 0 | AX64: =AW64*$C$16 -> 0 | AZ64: =SUM(G64,S64,Y64,AE64,AK64,AQ64,AW64,M64) -> 0
AZ65: =SUM(G65,S65,Y65,AE65,AK65,AQ65,AW65,M65) -> 0
B66: vi. Other receipts | C66: =SUMIFS('Maturing receivables'!$K:$K,'Maturing receivables'!$F:$F,Vertical_Cash_flow!$B$66,'Maturing receivables'!$A:$A,Vertical_Cash_flow!C14,'Maturing receivables'!$J:$J,Vertical_Cash_flow!C15,'Maturing receivables'!$S:$S,Vertical_Cash_flow!C$11) -> 0 | D66: =SUMIFS('Maturing receivables'!$K:$K,'Maturing receivables'!$F:$F,Vertical_Cash_flow!$B$66,'Maturing receivables'!$A:$A,Vertical_Cash_flow!D14,'Maturing receivables'!$J:$J,Vertical_Cash_flow!D15,'Maturing receivables'!$S:$S,Vertical_Cash_flow!C$11) -> 0 | E66: =SUM(E67:E72) -> 272141.57 | F66: =SUMIFS('Maturing receivables'!$K:$K,'Maturing receivables'!$F:$F,Vertical_Cash_flow!$B$66,'Maturing receivables'!$A:$A,Vertical_Cash_flow!F14,'Maturing receivables'!$J:$J,Vertical_Cash_flow!F15,'Maturing receivables'!$S:$S,Vertical_Cash_flow!C$11) -> 0 | G66: =C66+D66+E66/$C$16+F66/$F$16 -> 907138.57 | H66: =G66*$C$16 -> 272141.57 | I66: =SUMIFS('Maturing receivables'!$K:$K,'Maturing receivables'!$F:$F,Vertical_Cash_flow!$B$66,'Maturing receivables'!$A:$A,Vertical_Cash_flow!I14,'Maturing receivables'!$J:$J,Vertical_Cash_flow!I15,'Maturing receivables'!$S:$S,Vertical_Cash_flow!I$11) -> 0 | J66: =SUMIFS('Maturing receivables'!$K:$K,'Maturing receivables'!$F:$F,Vertical_Cash_flow!$B$66,'Maturing receivables'!$A:$A,Vertical_Cash_flow!J14,'Maturing receivables'!$J:$J,Vertical_Cash_flow!J15,'Maturing receivables'!$S:$S,Vertical_Cash_flow!I$11) -> 0 | K66: =SUM(K67:K72) -> 53529.09 | L66: =SUMIFS('Maturing receivables'!$K:$K,'Maturing receivables'!$F:$F,Vertical_Cash_flow!$B$66,'Maturing receivables'!$A:$A,Vertical_Cash_flow!L14,'Maturing receivables'!$J:$J,Vertical_Cash_flow!L15,'Maturing receivables'!$S:$S,Vertical_Cash_flow!I$11) -> 0 | M66: =I66+J66+K66/$C$16+L66/$F$16 -> 178430.3 | N66: =M66*$C$16 -> 53529.09 | O66: =SUMIFS('Maturing receivables'!$K:$K,'Maturing receivables'!$F:$F,Vertical_Cash_flow!$B$66,'Maturing receivables'!$A:$A,Vertical_Cash_flow!O14,'Maturing receivables'!$J:$J,Vertical_Cash_flow!O15,'Maturing receivables'!$S:$S,Vertical_Cash_flow!O$11) -> 0 | P66: =SUMIFS('Maturing receivables'!$K:$K,'Maturing receivables'!$F:$F,Vertical_Cash_flow!$B$66,'Maturing receivables'!$A:$A,Vertical_Cash_flow!P14,'Maturing receivables'!$J:$J,Vertical_Cash_flow!P15,'Maturing receivables'!$S:$S,Vertical_Cash_flow!O$11) -> 0 | Q66: =SUM(Q67:Q72) -> 168711.9 | R66: =SUMIFS('Maturing receivables'!$K:$K,'Maturing receivables'!$F:$F,Vertical_Cash_flow!$B$66,'Maturing receivables'!$A:$A,Vertical_Cash_flow!R14,'Maturing receivables'!$J:$J,Vertical_Cash_flow!R15,'Maturing receivables'!$S:$S,Vertical_Cash_flow!O$11) -> 0 | S66: =O66+P66+Q66/$C$16+R66/$F$16 -> 562373 | T66: =S66*$C$16 -> 168711.9 | U66: =SUMIFS('Maturing receivables'!$K:$K,'Maturing receivables'!$F:$F,Vertical_Cash_flow!$B$66,'Maturing receivables'!$A:$A,Vertical_Cash_flow!U14,'Maturing receivables'!$J:$J,Vertical_Cash_flow!U15,'Maturing receivables'!$S:$S,Vertical_Cash_flow!U$11) -> 0 | V66: =SUMIFS('Maturing receivables'!$K:$K,'Maturing receivables'!$F:$F,Vertical_Cash_flow!$B$66,'Maturing receivables'!$A:$A,Vertical_Cash_flow!V14,'Maturing receivables'!$J:$J,Vertical_Cash_flow!V15,'Maturing receivables'!$S:$S,Vertical_Cash_flow!U$11) -> 0 | W66: =SUM(W67:W72) -> 0 | X66: =SUMIFS('Maturing receivables'!$K:$K,'Maturing receivables'!$F:$F,Vertical_Cash_flow!$B$66,'Maturing receivables'!$A:$A,Vertical_Cash_flow!X14,'Maturing receivables'!$J:$J,Vertical_Cash_flow!X15,'Maturing receivables'!$S:$S,Vertical_Cash_flow!U$11) -> 0 | Y66: =U66+V66+W66/$C$16+X66/$F$16 -> 0 | Z66: =Y66*$C$16 -> 0 | AA66: =SUMIFS('Maturing receivables'!$K:$K,'Maturing receivables'!$F:$F,Vertical_Cash_flow!$B$66,'Maturing receivables'!$A:$A,Vertical_Cash_flow!AA14,'Maturing receivables'!$J:$J,Vertical_Cash_flow!AA15,'Maturing receivables'!$S:$S,Vertical_Cash_flow!AA$11) -> 0 | AB66: =SUMIFS('Maturing receivables'!$K:$K,'Maturing receivables'!$F:$F,Vertical_Cash_flow!$B$66,'Maturing receivables'!$A:$A,Vertical_Cash_flow!AB14,'Maturing receivables'!$J:$J,Vertical_Cash_flow!AB15,'Maturing receivables'!$S:$S,Vertical_Cash_flow!AA$11) -> 0 | AC66: =SUM(AC67:AC72) -> 271508.34 | AD66: =SUMIFS('Maturing receivables'!$K:$K,'Maturing receivables'!$F:$F,Vertical_Cash_flow!$B$66,'Maturing receivables'!$A:$A,Vertical_Cash_flow!AD14,'Maturing receivables'!$J:$J,Vertical_Cash_flow!AD15,'Maturing receivables'!$S:$S,Vertical_Cash_flow!AA$11) -> 0 | AE66: =AA66+AB66+AC66/$C$16+AD66/$F$16 -> 905027.8 | AF66: =AE66*$C$16 -> 271508.34 | AG66: =SUMIFS('Maturing receivables'!$K:$K,'Maturing receivables'!$F:$F,Vertical_Cash_flow!$B$66,'Maturing receivables'!$A:$A,Vertical_Cash_flow!AG14,'Maturing receivables'!$J:$J,Vertical_Cash_flow!AG15,'Maturing receivables'!$S:$S,Vertical_Cash_flow!AG$11) -> 0 | AH66: =SUMIFS('Maturing receivables'!$K:$K,'Maturing receivables'!$F:$F,Vertical_Cash_flow!$B$66,'Maturing receivables'!$A:$A,Vertical_Cash_flow!AH14,'Maturing receivables'!$J:$J,Vertical_Cash_flow!AH15,'Maturing receivables'!$S:$S,Vertical_Cash_flow!AG$11) -> 0 | AI66: =SUM(AI67:AI72) -> 255443.34 | AJ66: =SUMIFS('Maturing receivables'!$K:$K,'Maturing receivables'!$F:$F,Vertical_Cash_flow!$B$66,'Maturing receivables'!$A:$A,Vertical_Cash_flow!AJ14,'Maturing receivables'!$J:$J,Vertical_Cash_flow!AJ15,'Maturing receivables'!$S:$S,Vertical_Cash_flow!AG$11) -> 0 | AK66: =AG66+AH66+AI66/$C$16+AJ66/$F$16 -> 851477.8 | AL66: =AK66*$C$16 -> 255443.34 | AM66: =SUMIFS('Maturing receivables'!$K:$K,'Maturing receivables'!$F:$F,Vertical_Cash_flow!$B$66,'Maturing receivables'!$A:$A,Vertical_Cash_flow!AM14,'Maturing receivables'!$J:$J,Vertical_Cash_flow!AM15,'Maturing receivables'!$S:$S,Vertical_Cash_flow!AM$11) -> 0 | AN66: =SUMIFS('Maturing receivables'!$K:$K,'Maturing receivables'!$F:$F,Vertical_Cash_flow!$B$66,'Maturing receivables'!$A:$A,Vertical_Cash_flow!AN14,'Maturing receivables'!$J:$J,Vertical_Cash_flow!AN15,'Maturing receivables'!$S:$S,Vertical_Cash_flow!AM$11) -> 0 | AO66: =SUM(AO67:AO72) -> 166765.8 | AP66: =SUMIFS('Maturing receivables'!$K:$K,'Maturing receivables'!$F:$F,Vertical_Cash_flow!$B$66,'Maturing receivables'!$A:$A,Vertical_Cash_flow!AP14,'Maturing receivables'!$J:$J,Vertical_Cash_flow!AP15,'Maturing receivables'!$S:$S,Vertical_Cash_flow!AM$11) -> 0 | AQ66: =AM66+AN66+AO66/$C$16+AP66/$F$16 -> 555886 | AR66: =AQ66*$C$16 -> 166765.8 | AS66: =SUMIFS('Maturing receivables'!$K:$K,'Maturing receivables'!$F:$F,Vertical_Cash_flow!$B$66,'Maturing receivables'!$A:$A,Vertical_Cash_flow!AS14,'Maturing receivables'!$J:$J,Vertical_Cash_flow!AS15,'Maturing receivables'!$S:$S,Vertical_Cash_flow!AS$11) -> 0 | AT66: =SUMIFS('Maturing receivables'!$K:$K,'Maturing receivables'!$F:$F,Vertical_Cash_flow!$B$66,'Maturing receivables'!$A:$A,Vertical_Cash_flow!AT14,'Maturing receivables'!$J:$J,Vertical_Cash_flow!AT15,'Maturing receivables'!$S:$S,Vertical_Cash_flow!AS$11) -> 0 | AU66: =SUM(AU67:AU72) -> 0 | AV66: =SUMIFS('Maturing receivables'!$K:$K,'Maturing receivables'!$F:$F,Vertical_Cash_flow!$B$66,'Maturing receivables'!$A:$A,Vertical_Cash_flow!AV14,'Maturing receivables'!$J:$J,Vertical_Cash_flow!AV15,'Maturing receivables'!$S:$S,Vertical_Cash_flow!AS$11) -> 0 | AW66: =AS66+AT66+AU66/$C$16+AV66/$F$16 -> 0 | AX66: =AW66*$C$16 -> 0 | AZ66: =SUM(G66,S66,Y66,AE66,AK66,AQ66,AW66,M66) -> 3960333.5
B67: MATADOR | C67: =SUMIFS('Maturing receivables'!$K:$K,'Maturing receivables'!$F:$F,Vertical_Cash_flow!$B$66,'Maturing receivables'!$A:$A,Vertical_Cash_flow!C15,'Maturing receivables'!$J:$J,Vertical_Cash_flow!C16,'Maturing receivables'!$S:$S,Vertical_Cash_flow!C$11) -> 0 | D67: =SUMIFS('Maturing receivables'!$K:$K,'Maturing receivables'!$F:$F,Vertical_Cash_flow!$B$66,'Maturing receivables'!$A:$A,Vertical_Cash_flow!D15,'Maturing receivables'!$J:$J,Vertical_Cash_flow!D16,'Maturing receivables'!$S:$S,Vertical_Cash_flow!C$11) -> 0 | E67: =SUMIFS('Maturing receivables'!$K:$K,'Maturing receivables'!$S:$S,Vertical_Cash_flow!C$11,'Maturing receivables'!$J:$J,Vertical_Cash_flow!E$15,'Maturing receivables'!$A:$A,Vertical_Cash_flow!$E$14,'Maturing receivables'!$G:$G,Vertical_Cash_flow!$B67,'Maturing receivables'!$F:$F,Vertical_Cash_flow!$B$66) -> 169388.1 | F67: =SUMIFS('Maturing receivables'!$K:$K,'Maturing receivables'!$F:$F,Vertical_Cash_flow!$B$66,'Maturing receivables'!$A:$A,Vertical_Cash_flow!F15,'Maturing receivables'!$J:$J,Vertical_Cash_flow!F16,'Maturing receivables'!$S:$S,Vertical_Cash_flow!C$11) -> 0 | G67: =C67+D67+E67/$C$16+F67/$F$16 -> 564627 | H67: =G67*$C$16 -> 169388.1 | I67: =SUMIFS('Maturing receivables'!$K:$K,'Maturing receivables'!$F:$F,Vertical_Cash_flow!$B$66,'Maturing receivables'!$A:$A,Vertical_Cash_flow!I15,'Maturing receivables'!$J:$J,Vertical_Cash_flow!I16,'Maturing receivables'!$S:$S,Vertical_Cash_flow!I$11) -> 0 | J67: =SUMIFS('Maturing receivables'!$K:$K,'Maturing receivables'!$F:$F,Vertical_Cash_flow!$B$66,'Maturing receivables'!$A:$A,Vertical_Cash_flow!J15,'Maturing receivables'!$J:$J,Vertical_Cash_flow!J16,'Maturing receivables'!$S:$S,Vertical_Cash_flow!I$11) -> 0 | K67: =SUMIFS('Maturing receivables'!$K:$K,'Maturing receivables'!$S:$S,Vertical_Cash_flow!I$11,'Maturing receivables'!$J:$J,Vertical_Cash_flow!K$15,'Maturing receivables'!$A:$A,Vertical_Cash_flow!$E$14,'Maturing receivables'!$G:$G,Vertical_Cash_flow!$B67,'Maturing receivables'!$F:$F,Vertical_Cash_flow!$B$66) -> 0 | L67: =SUMIFS('Maturing receivables'!$K:$K,'Maturing receivables'!$F:$F,Vertical_Cash_flow!$B$66,'Maturing receivables'!$A:$A,Vertical_Cash_flow!L15,'Maturing receivables'!$J:$J,Vertical_Cash_flow!L16,'Maturing receivables'!$S:$S,Vertical_Cash_flow!I$11) -> 0 | M67: =I67+J67+K67/$C$16+L67/$F$16 -> 0 | N67: =M67*$C$16 -> 0 | O67: =SUMIFS('Maturing receivables'!$K:$K,'Maturing receivables'!$F:$F,Vertical_Cash_flow!$B$66,'Maturing receivables'!$A:$A,Vertical_Cash_flow!O15,'Maturing receivables'!$J:$J,Vertical_Cash_flow!O16,'Maturing receivables'!$S:$S,Vertical_Cash_flow!O$11) -> 0 | P67: =SUMIFS('Maturing receivables'!$K:$K,'Maturing receivables'!$F:$F,Vertical_Cash_flow!$B$66,'Maturing receivables'!$A:$A,Vertical_Cash_flow!P15,'Maturing receivables'!$J:$J,Vertical_Cash_flow!P16,'Maturing receivables'!$S:$S,Vertical_Cash_flow!O$11) -> 0 | Q67: =SUMIFS('Maturing receivables'!$K:$K,'Maturing receivables'!$S:$S,Vertical_Cash_flow!O$11,'Maturing receivables'!$J:$J,Vertical_Cash_flow!Q$15,'Maturing receivables'!$A:$A,Vertical_Cash_flow!$E$14,'Maturing receivables'!$G:$G,Vertical_Cash_flow!$B67,'Maturing receivables'!$F:$F,Vertical_Cash_flow!$B$66) -> 168711.9 | R67: =SUMIFS('Maturing receivables'!$K:$K,'Maturing receivables'!$F:$F,Vertical_Cash_flow!$B$66,'Maturing receivables'!$A:$A,Vertical_Cash_flow!R15,'Maturing receivables'!$J:$J,Vertical_Cash_flow!R16,'Maturing receivables'!$S:$S,Vertical_Cash_flow!O$11) -> 0 | S67: =O67+P67+Q67/$C$16+R67/$F$16 -> 562373 | T67: =S67*$C$16 -> 168711.9 | U67: =SUMIFS('Maturing receivables'!$K:$K,'Maturing receivables'!$F:$F,Vertical_Cash_flow!$B$66,'Maturing receivables'!$A:$A,Vertical_Cash_flow!U15,'Maturing receivables'!$J:$J,Vertical_Cash_flow!U16,'Maturing receivables'!$S:$S,Vertical_Cash_flow!U$11) -> 0 | V67: =SUMIFS('Maturing receivables'!$K:$K,'Maturing receivables'!$F:$F,Vertical_Cash_flow!$B$66,'Maturing receivables'!$A:$A,Vertical_Cash_flow!V15,'Maturing receivables'!$J:$J,Vertical_Cash_flow!V16,'Maturing receivables'!$S:$S,Vertical_Cash_flow!U$11) -> 0 | W67: =SUMIFS('Maturing receivables'!$K:$K,'Maturing receivables'!$S:$S,Vertical_Cash_flow!U$11,'Maturing receivables'!$J:$J,Vertical_Cash_flow!W$15,'Maturing receivables'!$A:$A,Vertical_Cash_flow!$E$14,'Maturing receivables'!$G:$G,Vertical_Cash_flow!$B67,'Maturing receivables'!$F:$F,Vertical_Cash_flow!$B$66) -> 0 | X67: =SUMIFS('Maturing receivables'!$K:$K,'Maturing receivables'!$F:$F,Vertical_Cash_flow!$B$66,'Maturing receivables'!$A:$A,Vertical_Cash_flow!X15,'Maturing receivables'!$J:$J,Vertical_Cash_flow!X16,'Maturing receivables'!$S:$S,Vertical_Cash_flow!U$11) -> 0 | Y67: =U67+V67+W67/$C$16+X67/$F$16 -> 0 | Z67: =Y67*$C$16 -> 0 | AA67: =SUMIFS('Maturing receivables'!$K:$K,'Maturing receivables'!$F:$F,Vertical_Cash_flow!$B$66,'Maturing receivables'!$A:$A,Vertical_Cash_flow!AA15,'Maturing receivables'!$J:$J,Vertical_Cash_flow!AA16,'Maturing receivables'!$S:$S,Vertical_Cash_flow!AA$11) -> 0 | AB67: =SUMIFS('Maturing receivables'!$K:$K,'Maturing receivables'!$F:$F,Vertical_Cash_flow!$B$66,'Maturing receivables'!$A:$A,Vertical_Cash_flow!AB15,'Maturing receivables'!$J:$J,Vertical_Cash_flow!AB16,'Maturing receivables'!$S:$S,Vertical_Cash_flow!AA$11) -> 0 | AC67: =SUMIFS('Maturing receivables'!$K:$K,'Maturing receivables'!$S:$S,Vertical_Cash_flow!AA$11,'Maturing receivables'!$J:$J,Vertical_Cash_flow!AC$15,'Maturing receivables'!$A:$A,Vertical_Cash_flow!$E$14,'Maturing receivables'!$G:$G,Vertical_Cash_flow!$B67,'Maturing receivables'!$F:$F,Vertical_Cash_flow!$B$66) -> 167434.2 | AD67: =SUMIFS('Maturing receivables'!$K:$K,'Maturing receivables'!$F:$F,Vertical_Cash_flow!$B$66,'Maturing receivables'!$A:$A,Vertical_Cash_flow!AD15,'Maturing receivables'!$J:$J,Vertical_Cash_flow!AD16,'Maturing receivables'!$S:$S,Vertical_Cash_flow!AA$11) -> 0 | AE67: =AA67+AB67+AC67/$C$16+AD67/$F$16 -> 558114 | AF67: =AE67*$C$16 -> 167434.2 | AG67: =SUMIFS('Maturing receivables'!$K:$K,'Maturing receivables'!$F:$F,Vertical_Cash_flow!$B$66,'Maturing receivables'!$A:$A,Vertical_Cash_flow!AG15,'Maturing receivables'!$J:$J,Vertical_Cash_flow!AG16,'Maturing receivables'!$S:$S,Vertical_Cash_flow!AG$11) -> 0 | AH67: =SUMIFS('Maturing receivables'!$K:$K,'Maturing receivables'!$F:$F,Vertical_Cash_flow!$B$66,'Maturing receivables'!$A:$A,Vertical_Cash_flow!AH15,'Maturing receivables'!$J:$J,Vertical_Cash_flow!AH16,'Maturing receivables'!$S:$S,Vertical_Cash_flow!AG$11) -> 0 | AI67: =SUMIFS('Maturing receivables'!$K:$K,'Maturing receivables'!$S:$S,Vertical_Cash_flow!AG$11,'Maturing receivables'!$J:$J,Vertical_Cash_flow!AI$15,'Maturing receivables'!$A:$A,Vertical_Cash_flow!$E$14,'Maturing receivables'!$G:$G,Vertical_Cash_flow!$B67,'Maturing receivables'!$F:$F,Vertical_Cash_flow!$B$66) -> 0 | AJ67: =SUMIFS('Maturing receivables'!$K:$K,'Maturing receivables'!$F:$F,Vertical_Cash_flow!$B$66,'Maturing receivables'!$A:$A,Vertical_Cash_flow!AJ15,'Maturing receivables'!$J:$J,Vertical_Cash_flow!AJ16,'Maturing receivables'!$S:$S,Vertical_Cash_flow!AG$11) -> 0 | AK67: =AG67+AH67+AI67/$C$16+AJ67/$F$16 -> 0 | AL67: =AK67*$C$16 -> 0 | AM67: =SUMIFS('Maturing receivables'!$K:$K,'Maturing receivables'!$F:$F,Vertical_Cash_flow!$B$66,'Maturing receivables'!$A:$A,Vertical_Cash_flow!AM15,'Maturing receivables'!$J:$J,Vertical_Cash_flow!AM16,'Maturing receivables'!$S:$S,Vertical_Cash_flow!AM$11) -> 0 | AN67: =SUMIFS('Maturing receivables'!$K:$K,'Maturing receivables'!$F:$F,Vertical_Cash_flow!$B$66,'Maturing receivables'!$A:$A,Vertical_Cash_flow!AN15,'Maturing receivables'!$J:$J,Vertical_Cash_flow!AN16,'Maturing receivables'!$S:$S,Vertical_Cash_flow!AM$11) -> 0 | AO67: =SUMIFS('Maturing receivables'!$K:$K,'Maturing receivables'!$S:$S,Vertical_Cash_flow!AM$11,'Maturing receivables'!$J:$J,Vertical_Cash_flow!AO$15,'Maturing receivables'!$A:$A,Vertical_Cash_flow!$E$14,'Maturing receivables'!$G:$G,Vertical_Cash_flow!$B67,'Maturing receivables'!$F:$F,Vertical_Cash_flow!$B$66) -> 166765.8 | AP67: =SUMIFS('Maturing receivables'!$K:$K,'Maturing receivables'!$F:$F,Vertical_Cash_flow!$B$66,'Maturing receivables'!$A:$A,Vertical_Cash_flow!AP15,'Maturing receivables'!$J:$J,Vertical_Cash_flow!AP16,'Maturing receivables'!$S:$S,Vertical_Cash_flow!AM$11) -> 0 | AQ67: =AM67+AN67+AO67/$C$16+AP67/$F$16 -> 555886 | AR67: =AQ67*$C$16 -> 166765.8 | AS67: =SUMIFS('Maturing receivables'!$K:$K,'Maturing receivables'!$F:$F,Vertical_Cash_flow!$B$66,'Maturing receivables'!$A:$A,Vertical_Cash_flow!AS15,'Maturing receivables'!$J:$J,Vertical_Cash_flow!AS16,'Maturing receivables'!$S:$S,Vertical_Cash_flow!AS$11) -> 0 | AT67: =SUMIFS('Maturing receivables'!$K:$K,'Maturing receivables'!$F:$F,Vertical_Cash_flow!$B$66,'Maturing receivables'!$A:$A,Vertical_Cash_flow!AT15,'Maturing receivables'!$J:$J,Vertical_Cash_flow!AT16,'Maturing receivables'!$S:$S,Vertical_Cash_flow!AS$11) -> 0 | AU67: =SUMIFS('Maturing receivables'!$K:$K,'Maturing receivables'!$S:$S,Vertical_Cash_flow!AS$11,'Maturing receivables'!$J:$J,Vertical_Cash_flow!AU$15,'Maturing receivables'!$A:$A,Vertical_Cash_flow!$E$14,'Maturing receivables'!$G:$G,Vertical_Cash_flow!$B67,'Maturing receivables'!$F:$F,Vertical_Cash_flow!$B$66) -> 0 | AV67: =SUMIFS('Maturing receivables'!$K:$K,'Maturing receivables'!$F:$F,Vertical_Cash_flow!$B$66,'Maturing receivables'!$A:$A,Vertical_Cash_flow!AV15,'Maturing receivables'!$J:$J,Vertical_Cash_flow!AV16,'Maturing receivables'!$S:$S,Vertical_Cash_flow!AS$11) -> 0 | AW67: =AS67+AT67+AU67/$C$16+AV67/$F$16 -> 0 | AX67: =AW67*$C$16 -> 0
B68: PROXITECH | C68: =SUMIFS('Maturing receivables'!$K:$K,'Maturing receivables'!$F:$F,Vertical_Cash_flow!$B$66,'Maturing receivables'!$A:$A,Vertical_Cash_flow!C16,'Maturing receivables'!$J:$J,Vertical_Cash_flow!C17,'Maturing receivables'!$S:$S,Vertical_Cash_flow!C$11) -> 0 | D68: =SUMIFS('Maturing receivables'!$K:$K,'Maturing receivables'!$F:$F,Vertical_Cash_flow!$B$66,'Maturing receivables'!$A:$A,Vertical_Cash_flow!D16,'Maturing receivables'!$J:$J,Vertical_Cash_flow!D17,'Maturing receivables'!$S:$S,Vertical_Cash_flow!C$11) -> 0 | E68: =SUMIFS('Maturing receivables'!$K:$K,'Maturing receivables'!$S:$S,Vertical_Cash_flow!C$11,'Maturing receivables'!$J:$J,Vertical_Cash_flow!E$15,'Maturing receivables'!$A:$A,Vertical_Cash_flow!$E$14,'Maturing receivables'!$G:$G,Vertical_Cash_flow!$B68,'Maturing receivables'!$F:$F,Vertical_Cash_flow!$B$66) -> 50904.72 | F68: =SUMIFS('Maturing receivables'!$K:$K,'Maturing receivables'!$F:$F,Vertical_Cash_flow!$B$66,'Maturing receivables'!$A:$A,Vertical_Cash_flow!F16,'Maturing receivables'!$J:$J,Vertical_Cash_flow!F17,'Maturing receivables'!$S:$S,Vertical_Cash_flow!C$11) -> 0 | G68: =C68+D68+E68/$C$16+F68/$F$16 -> 169682.4 | H68: =G68*$C$16 -> 50904.72 | I68: =SUMIFS('Maturing receivables'!$K:$K,'Maturing receivables'!$F:$F,Vertical_Cash_flow!$B$66,'Maturing receivables'!$A:$A,Vertical_Cash_flow!I16,'Maturing receivables'!$J:$J,Vertical_Cash_flow!I17,'Maturing receivables'!$S:$S,Vertical_Cash_flow!I$11) -> 0 | J68: =SUMIFS('Maturing receivables'!$K:$K,'Maturing receivables'!$F:$F,Vertical_Cash_flow!$B$66,'Maturing receivables'!$A:$A,Vertical_Cash_flow!J16,'Maturing receivables'!$J:$J,Vertical_Cash_flow!J17,'Maturing receivables'!$S:$S,Vertical_Cash_flow!I$11) -> 0 | K68: =SUMIFS('Maturing receivables'!$K:$K,'Maturing receivables'!$S:$S,Vertical_Cash_flow!I$11,'Maturing receivables'!$J:$J,Vertical_Cash_flow!K$15,'Maturing receivables'!$A:$A,Vertical_Cash_flow!$E$14,'Maturing receivables'!$G:$G,Vertical_Cash_flow!$B68,'Maturing receivables'!$F:$F,Vertical_Cash_flow!$B$66) -> 0 | L68: =SUMIFS('Maturing receivables'!$K:$K,'Maturing receivables'!$F:$F,Vertical_Cash_flow!$B$66,'Maturing receivables'!$A:$A,Vertical_Cash_flow!L16,'Maturing receivables'!$J:$J,Vertical_Cash_flow!L17,'Maturing receivables'!$S:$S,Vertical_Cash_flow!I$11) -> 0 | M68: =I68+J68+K68/$C$16+L68/$F$16 -> 0 | N68: =M68*$C$16 -> 0 | O68: =SUMIFS('Maturing receivables'!$K:$K,'Maturing receivables'!$F:$F,Vertical_Cash_flow!$B$66,'Maturing receivables'!$A:$A,Vertical_Cash_flow!O16,'Maturing receivables'!$J:$J,Vertical_Cash_flow!O17,'Maturing receivables'!$S:$S,Vertical_Cash_flow!O$11) -> 0 | P68: =SUMIFS('Maturing receivables'!$K:$K,'Maturing receivables'!$F:$F,Vertical_Cash_flow!$B$66,'Maturing receivables'!$A:$A,Vertical_Cash_flow!P16,'Maturing receivables'!$J:$J,Vertical_Cash_flow!P17,'Maturing receivables'!$S:$S,Vertical_Cash_flow!O$11) -> 0 | Q68: =SUMIFS('Maturing receivables'!$K:$K,'Maturing receivables'!$S:$S,Vertical_Cash_flow!O$11,'Maturing receivables'!$J:$J,Vertical_Cash_flow!Q$15,'Maturing receivables'!$A:$A,Vertical_Cash_flow!$E$14,'Maturing receivables'!$G:$G,Vertical_Cash_flow!$B68,'Maturing receivables'!$F:$F,Vertical_Cash_flow!$B$66) -> 0 | R68: =SUMIFS('Maturing receivables'!$K:$K,'Maturing receivables'!$F:$F,Vertical_Cash_flow!$B$66,'Maturing receivables'!$A:$A,Vertical_Cash_flow!R16,'Maturing receivables'!$J:$J,Vertical_Cash_flow!R17,'Maturing receivables'!$S:$S,Vertical_Cash_flow!O$11) -> 0 | S68: =O68+P68+Q68/$C$16+R68/$F$16 -> 0 | T68: =S68*$C$16 -> 0 | U68: =SUMIFS('Maturing receivables'!$K:$K,'Maturing receivables'!$F:$F,Vertical_Cash_flow!$B$66,'Maturing receivables'!$A:$A,Vertical_Cash_flow!U16,'Maturing receivables'!$J:$J,Vertical_Cash_flow!U17,'Maturing receivables'!$S:$S,Vertical_Cash_flow!U$11) -> 0 | V68: =SUMIFS('Maturing receivables'!$K:$K,'Maturing receivables'!$F:$F,Vertical_Cash_flow!$B$66,'Maturing receivables'!$A:$A,Vertical_Cash_flow!V16,'Maturing receivables'!$J:$J,Vertical_Cash_flow!V17,'Maturing receivables'!$S:$S,Vertical_Cash_flow!U$11) -> 0 | W68: =SUMIFS('Maturing receivables'!$K:$K,'Maturing receivables'!$S:$S,Vertical_Cash_flow!U$11,'Maturing receivables'!$J:$J,Vertical_Cash_flow!W$15,'Maturing receivables'!$A:$A,Vertical_Cash_flow!$E$14,'Maturing receivables'!$G:$G,Vertical_Cash_flow!$B68,'Maturing receivables'!$F:$F,Vertical_Cash_flow!$B$66) -> 0 | X68: =SUMIFS('Maturing receivables'!$K:$K,'Maturing receivables'!$F:$F,Vertical_Cash_flow!$B$66,'Maturing receivables'!$A:$A,Vertical_Cash_flow!X16,'Maturing receivables'!$J:$J,Vertical_Cash_flow!X17,'Maturing receivables'!$S:$S,Vertical_Cash_flow!U$11) -> 0 | Y68: =U68+V68+W68/$C$16+X68/$F$16 -> 0 | Z68: =Y68*$C$16 -> 0 | AA68: =SUMIFS('Maturing receivables'!$K:$K,'Maturing receivables'!$F:$F,Vertical_Cash_flow!$B$66,'Maturing receivables'!$A:$A,Vertical_Cash_flow!AA16,'Maturing receivables'!$J:$J,Vertical_Cash_flow!AA17,'Maturing receivables'!$S:$S,Vertical_Cash_flow!AA$11) -> 0 | AB68: =SUMIFS('Maturing receivables'!$K:$K,'Maturing receivables'!$F:$F,Vertical_Cash_flow!$B$66,'Maturing receivables'!$A:$A,Vertical_Cash_flow!AB16,'Maturing receivables'!$J:$J,Vertical_Cash_flow!AB17,'Maturing receivables'!$S:$S,Vertical_Cash_flow!AA$11) -> 0 | AC68: =SUMIFS('Maturing receivables'!$K:$K,'Maturing receivables'!$S:$S,Vertical_Cash_flow!AA$11,'Maturing receivables'!$J:$J,Vertical_Cash_flow!AC$15,'Maturing receivables'!$A:$A,Vertical_Cash_flow!$E$14,'Maturing receivables'!$G:$G,Vertical_Cash_flow!$B68,'Maturing receivables'!$F:$F,Vertical_Cash_flow!$B$66) -> 104074.14 | AD68: =SUMIFS('Maturing receivables'!$K:$K,'Maturing receivables'!$F:$F,Vertical_Cash_flow!$B$66,'Maturing receivables'!$A:$A,Vertical_Cash_flow!AD16,'Maturing receivables'!$J:$J,Vertical_Cash_flow!AD17,'Maturing receivables'!$S:$S,Vertical_Cash_flow!AA$11) -> 0 | AE68: =AA68+AB68+AC68/$C$16+AD68/$F$16 -> 346913.8 | AF68: =AE68*$C$16 -> 104074.14 | AG68: =SUMIFS('Maturing receivables'!$K:$K,'Maturing receivables'!$F:$F,Vertical_Cash_flow!$B$66,'Maturing receivables'!$A:$A,Vertical_Cash_flow!AG16,'Maturing receivables'!$J:$J,Vertical_Cash_flow!AG17,'Maturing receivables'!$S:$S,Vertical_Cash_flow!AG$11) -> 0 | AH68: =SUMIFS('Maturing receivables'!$K:$K,'Maturing receivables'!$F:$F,Vertical_Cash_flow!$B$66,'Maturing receivables'!$A:$A,Vertical_Cash_flow!AH16,'Maturing receivables'!$J:$J,Vertical_Cash_flow!AH17,'Maturing receivables'!$S:$S,Vertical_Cash_flow!AG$11) -> 0 | AI68: =SUMIFS('Maturing receivables'!$K:$K,'Maturing receivables'!$S:$S,Vertical_Cash_flow!AG$11,'Maturing receivables'!$J:$J,Vertical_Cash_flow!AI$15,'Maturing receivables'!$A:$A,Vertical_Cash_flow!$E$14,'Maturing receivables'!$G:$G,Vertical_Cash_flow!$B68,'Maturing receivables'!$F:$F,Vertical_Cash_flow!$B$66) -> 0 | AJ68: =SUMIFS('Maturing receivables'!$K:$K,'Maturing receivables'!$F:$F,Vertical_Cash_flow!$B$66,'Maturing receivables'!$A:$A,Vertical_Cash_flow!AJ16,'Maturing receivables'!$J:$J,Vertical_Cash_flow!AJ17,'Maturing receivables'!$S:$S,Vertical_Cash_flow!AG$11) -> 0 | AK68: =AG68+AH68+AI68/$C$16+AJ68/$F$16 -> 0 | AL68: =AK68*$C$16 -> 0 | AM68: =SUMIFS('Maturing receivables'!$K:$K,'Maturing receivables'!$F:$F,Vertical_Cash_flow!$B$66,'Maturing receivables'!$A:$A,Vertical_Cash_flow!AM16,'Maturing receivables'!$J:$J,Vertical_Cash_flow!AM17,'Maturing receivables'!$S:$S,Vertical_Cash_flow!AM$11) -> 0 | AN68: =SUMIFS('Maturing receivables'!$K:$K,'Maturing receivables'!$F:$F,Vertical_Cash_flow!$B$66,'Maturing receivables'!$A:$A,Vertical_Cash_flow!AN16,'Maturing receivables'!$J:$J,Vertical_Cash_flow!AN17,'Maturing receivables'!$S:$S,Vertical_Cash_flow!AM$11) -> 0 | AO68: =SUMIFS('Maturing receivables'!$K:$K,'Maturing receivables'!$S:$S,Vertical_Cash_flow!AM$11,'Maturing receivables'!$J:$J,Vertical_Cash_flow!AO$15,'Maturing receivables'!$A:$A,Vertical_Cash_flow!$E$14,'Maturing receivables'!$G:$G,Vertical_Cash_flow!$B68,'Maturing receivables'!$F:$F,Vertical_Cash_flow!$B$66) -> 0 | AP68: =SUMIFS('Maturing receivables'!$K:$K,'Maturing receivables'!$F:$F,Vertical_Cash_flow!$B$66,'Maturing receivables'!$A:$A,Vertical_Cash_flow!AP16,'Maturing receivables'!$J:$J,Vertical_Cash_flow!AP17,'Maturing receivables'!$S:$S,Vertical_Cash_flow!AM$11) -> 0 | AQ68: =AM68+AN68+AO68/$C$16+AP68/$F$16 -> 0 | AR68: =AQ68*$C$16 -> 0 | AS68: =SUMIFS('Maturing receivables'!$K:$K,'Maturing receivables'!$F:$F,Vertical_Cash_flow!$B$66,'Maturing receivables'!$A:$A,Vertical_Cash_flow!AS16,'Maturing receivables'!$J:$J,Vertical_Cash_flow!AS17,'Maturing receivables'!$S:$S,Vertical_Cash_flow!AS$11) -> 0 | AT68: =SUMIFS('Maturing receivables'!$K:$K,'Maturing receivables'!$F:$F,Vertical_Cash_flow!$B$66,'Maturing receivables'!$A:$A,Vertical_Cash_flow!AT16,'Maturing receivables'!$J:$J,Vertical_Cash_flow!AT17,'Maturing receivables'!$S:$S,Vertical_Cash_flow!AS$11) -> 0 | AU68: =SUMIFS('Maturing receivables'!$K:$K,'Maturing receivables'!$S:$S,Vertical_Cash_flow!AS$11,'Maturing receivables'!$J:$J,Vertical_Cash_flow!AU$15,'Maturing receivables'!$A:$A,Vertical_Cash_flow!$E$14,'Maturing receivables'!$G:$G,Vertical_Cash_flow!$B68,'Maturing receivables'!$F:$F,Vertical_Cash_flow!$B$66) -> 0 | AV68: =SUMIFS('Maturing receivables'!$K:$K,'Maturing receivables'!$F:$F,Vertical_Cash_flow!$B$66,'Maturing receivables'!$A:$A,Vertical_Cash_flow!AV16,'Maturing receivables'!$J:$J,Vertical_Cash_flow!AV17,'Maturing receivables'!$S:$S,Vertical_Cash_flow!AS$11) -> 0 | AW68: =AS68+AT68+AU68/$C$16+AV68/$F$16 -> 0 | AX68: =AW68*$C$16 -> 0
B69: LITTORAL BATTERIES | C69: =SUMIFS('Maturing receivables'!$K:$K,'Maturing receivables'!$F:$F,Vertical_Cash_flow!$B$66,'Maturing receivables'!$A:$A,Vertical_Cash_flow!C17,'Maturing receivables'!$J:$J,Vertical_Cash_flow!C18,'Maturing receivables'!$S:$S,Vertical_Cash_flow!C$11) -> 0 | D69: =SUMIFS('Maturing receivables'!$K:$K,'Maturing receivables'!$F:$F,Vertical_Cash_flow!$B$66,'Maturing receivables'!$A:$A,Vertical_Cash_flow!D17,'Maturing receivables'!$J:$J,Vertical_Cash_flow!D18,'Maturing receivables'!$S:$S,Vertical_Cash_flow!C$11) -> 0 | E69: =SUMIFS('Maturing receivables'!$K:$K,'Maturing receivables'!$S:$S,Vertical_Cash_flow!C$11,'Maturing receivables'!$J:$J,Vertical_Cash_flow!E$15,'Maturing receivables'!$A:$A,Vertical_Cash_flow!$E$14,'Maturing receivables'!$G:$G,Vertical_Cash_flow!$B69,'Maturing receivables'!$F:$F,Vertical_Cash_flow!$B$66) -> 51848.75 | F69: =SUMIFS('Maturing receivables'!$K:$K,'Maturing receivables'!$F:$F,Vertical_Cash_flow!$B$66,'Maturing receivables'!$A:$A,Vertical_Cash_flow!F17,'Maturing receivables'!$J:$J,Vertical_Cash_flow!F18,'Maturing receivables'!$S:$S,Vertical_Cash_flow!C$11) -> 0 | G69: =C69+D69+E69/$C$16+F69/$F$16 -> 172829.17 | H69: =G69*$C$16 -> 51848.75 | I69: =SUMIFS('Maturing receivables'!$K:$K,'Maturing receivables'!$F:$F,Vertical_Cash_flow!$B$66,'Maturing receivables'!$A:$A,Vertical_Cash_flow!I17,'Maturing receivables'!$J:$J,Vertical_Cash_flow!I18,'Maturing receivables'!$S:$S,Vertical_Cash_flow!I$11) -> 0 | J69: =SUMIFS('Maturing receivables'!$K:$K,'Maturing receivables'!$F:$F,Vertical_Cash_flow!$B$66,'Maturing receivables'!$A:$A,Vertical_Cash_flow!J17,'Maturing receivables'!$J:$J,Vertical_Cash_flow!J18,'Maturing receivables'!$S:$S,Vertical_Cash_flow!I$11) -> 0 | K69: =SUMIFS('Maturing receivables'!$K:$K,'Maturing receivables'!$S:$S,Vertical_Cash_flow!I$11,'Maturing receivables'!$J:$J,Vertical_Cash_flow!K$15,'Maturing receivables'!$A:$A,Vertical_Cash_flow!$E$14,'Maturing receivables'!$G:$G,Vertical_Cash_flow!$B69,'Maturing receivables'!$F:$F,Vertical_Cash_flow!$B$66) -> 0 | L69: =SUMIFS('Maturing receivables'!$K:$K,'Maturing receivables'!$F:$F,Vertical_Cash_flow!$B$66,'Maturing receivables'!$A:$A,Vertical_Cash_flow!L17,'Maturing receivables'!$J:$J,Vertical_Cash_flow!L18,'Maturing receivables'!$S:$S,Vertical_Cash_flow!I$11) -> 0 | M69: =I69+J69+K69/$C$16+L69/$F$16 -> 0 | N69: =M69*$C$16 -> 0 | O69: =SUMIFS('Maturing receivables'!$K:$K,'Maturing receivables'!$F:$F,Vertical_Cash_flow!$B$66,'Maturing receivables'!$A:$A,Vertical_Cash_flow!O17,'Maturing receivables'!$J:$J,Vertical_Cash_flow!O18,'Maturing receivables'!$S:$S,Vertical_Cash_flow!O$11) -> 0 | P69: =SUMIFS('Maturing receivables'!$K:$K,'Maturing receivables'!$F:$F,Vertical_Cash_flow!$B$66,'Maturing receivables'!$A:$A,Vertical_Cash_flow!P17,'Maturing receivables'!$J:$J,Vertical_Cash_flow!P18,'Maturing receivables'!$S:$S,Vertical_Cash_flow!O$11) -> 0 | Q69: =SUMIFS('Maturing receivables'!$K:$K,'Maturing receivables'!$S:$S,Vertical_Cash_flow!O$11,'Maturing receivables'!$J:$J,Vertical_Cash_flow!Q$15,'Maturing receivables'!$A:$A,Vertical_Cash_flow!$E$14,'Maturing receivables'!$G:$G,Vertical_Cash_flow!$B69,'Maturing receivables'!$F:$F,Vertical_Cash_flow!$B$66) -> 0 | R69: =SUMIFS('Maturing receivables'!$K:$K,'Maturing receivables'!$F:$F,Vertical_Cash_flow!$B$66,'Maturing receivables'!$A:$A,Vertical_Cash_flow!R17,'Maturing receivables'!$J:$J,Vertical_Cash_flow!R18,'Maturing receivables'!$S:$S,Vertical_Cash_flow!O$11) -> 0 | S69: =O69+P69+Q69/$C$16+R69/$F$16 -> 0 | T69: =S69*$C$16 -> 0 | U69: =SUMIFS('Maturing receivables'!$K:$K,'Maturing receivables'!$F:$F,Vertical_Cash_flow!$B$66,'Maturing receivables'!$A:$A,Vertical_Cash_flow!U17,'Maturing receivables'!$J:$J,Vertical_Cash_flow!U18,'Maturing receivables'!$S:$S,Vertical_Cash_flow!U$11) -> 0 | V69: =SUMIFS('Maturing receivables'!$K:$K,'Maturing receivables'!$F:$F,Vertical_Cash_flow!$B$66,'Maturing receivables'!$A:$A,Vertical_Cash_flow!V17,'Maturing receivables'!$J:$J,Vertical_Cash_flow!V18,'Maturing receivables'!$S:$S,Vertical_Cash_flow!U$11) -> 0 | W69: =SUMIFS('Maturing receivables'!$K:$K,'Maturing receivables'!$S:$S,Vertical_Cash_flow!U$11,'Maturing receivables'!$J:$J,Vertical_Cash_flow!W$15,'Maturing receivables'!$A:$A,Vertical_Cash_flow!$E$14,'Maturing receivables'!$G:$G,Vertical_Cash_flow!$B69,'Maturing receivables'!$F:$F,Vertical_Cash_flow!$B$66) -> 0 | X69: =SUMIFS('Maturing receivables'!$K:$K,'Maturing receivables'!$F:$F,Vertical_Cash_flow!$B$66,'Maturing receivables'!$A:$A,Vertical_Cash_flow!X17,'Maturing receivables'!$J:$J,Vertical_Cash_flow!X18,'Maturing receivables'!$S:$S,Vertical_Cash_flow!U$11) -> 0 | Y69: =U69+V69+W69/$C$16+X69/$F$16 -> 0 | Z69: =Y69*$C$16 -> 0 | AA69: =SUMIFS('Maturing receivables'!$K:$K,'Maturing receivables'!$F:$F,Vertical_Cash_flow!$B$66,'Maturing receivables'!$A:$A,Vertical_Cash_flow!AA17,'Maturing receivables'!$J:$J,Vertical_Cash_flow!AA18,'Maturing receivables'!$S:$S,Vertical_Cash_flow!AA$11) -> 0 | AB69: =SUMIFS('Maturing receivables'!$K:$K,'Maturing receivables'!$F:$F,Vertical_Cash_flow!$B$66,'Maturing receivables'!$A:$A,Vertical_Cash_flow!AB17,'Maturing receivables'!$J:$J,Vertical_Cash_flow!AB18,'Maturing receivables'!$S:$S,Vertical_Cash_flow!AA$11) -> 0 | AC69: =SUMIFS('Maturing receivables'!$K:$K,'Maturing receivables'!$S:$S,Vertical_Cash_flow!AA$11,'Maturing receivables'!$J:$J,Vertical_Cash_flow!AC$15,'Maturing receivables'!$A:$A,Vertical_Cash_flow!$E$14,'Maturing receivables'!$G:$G,Vertical_Cash_flow!$B69,'Maturing receivables'!$F:$F,Vertical_Cash_flow!$B$66) -> 0 | AD69: =SUMIFS('Maturing receivables'!$K:$K,'Maturing receivables'!$F:$F,Vertical_Cash_flow!$B$66,'Maturing receivables'!$A:$A,Vertical_Cash_flow!AD17,'Maturing receivables'!$J:$J,Vertical_Cash_flow!AD18,'Maturing receivables'!$S:$S,Vertical_Cash_flow!AA$11) -> 0 | AE69: =AA69+AB69+AC69/$C$16+AD69/$F$16 -> 0 | AF69: =AE69*$C$16 -> 0 | AG69: =SUMIFS('Maturing receivables'!$K:$K,'Maturing receivables'!$F:$F,Vertical_Cash_flow!$B$66,'Maturing receivables'!$A:$A,Vertical_Cash_flow!AG17,'Maturing receivables'!$J:$J,Vertical_Cash_flow!AG18,'Maturing receivables'!$S:$S,Vertical_Cash_flow!AG$11) -> 0 | AH69: =SUMIFS('Maturing receivables'!$K:$K,'Maturing receivables'!$F:$F,Vertical_Cash_flow!$B$66,'Maturing receivables'!$A:$A,Vertical_Cash_flow!AH17,'Maturing receivables'!$J:$J,Vertical_Cash_flow!AH18,'Maturing receivables'!$S:$S,Vertical_Cash_flow!AG$11) -> 0 | AI69: =SUMIFS('Maturing receivables'!$K:$K,'Maturing receivables'!$S:$S,Vertical_Cash_flow!AG$11,'Maturing receivables'!$J:$J,Vertical_Cash_flow!AI$15,'Maturing receivables'!$A:$A,Vertical_Cash_flow!$E$14,'Maturing receivables'!$G:$G,Vertical_Cash_flow!$B69,'Maturing receivables'!$F:$F,Vertical_Cash_flow!$B$66) -> 0 | AJ69: =SUMIFS('Maturing receivables'!$K:$K,'Maturing receivables'!$F:$F,Vertical_Cash_flow!$B$66,'Maturing receivables'!$A:$A,Vertical_Cash_flow!AJ17,'Maturing receivables'!$J:$J,Vertical_Cash_flow!AJ18,'Maturing receivables'!$S:$S,Vertical_Cash_flow!AG$11) -> 0 | AK69: =AG69+AH69+AI69/$C$16+AJ69/$F$16 -> 0 | AL69: =AK69*$C$16 -> 0 | AM69: =SUMIFS('Maturing receivables'!$K:$K,'Maturing receivables'!$F:$F,Vertical_Cash_flow!$B$66,'Maturing receivables'!$A:$A,Vertical_Cash_flow!AM17,'Maturing receivables'!$J:$J,Vertical_Cash_flow!AM18,'Maturing receivables'!$S:$S,Vertical_Cash_flow!AM$11) -> 0 | AN69: =SUMIFS('Maturing receivables'!$K:$K,'Maturing receivables'!$F:$F,Vertical_Cash_flow!$B$66,'Maturing receivables'!$A:$A,Vertical_Cash_flow!AN17,'Maturing receivables'!$J:$J,Vertical_Cash_flow!AN18,'Maturing receivables'!$S:$S,Vertical_Cash_flow!AM$11) -> 0 | AO69: =SUMIFS('Maturing receivables'!$K:$K,'Maturing receivables'!$S:$S,Vertical_Cash_flow!AM$11,'Maturing receivables'!$J:$J,Vertical_Cash_flow!AO$15,'Maturing receivables'!$A:$A,Vertical_Cash_flow!$E$14,'Maturing receivables'!$G:$G,Vertical_Cash_flow!$B69,'Maturing receivables'!$F:$F,Vertical_Cash_flow!$B$66) -> 0 | AP69: =SUMIFS('Maturing receivables'!$K:$K,'Maturing receivables'!$F:$F,Vertical_Cash_flow!$B$66,'Maturing receivables'!$A:$A,Vertical_Cash_flow!AP17,'Maturing receivables'!$J:$J,Vertical_Cash_flow!AP18,'Maturing receivables'!$S:$S,Vertical_Cash_flow!AM$11) -> 0 | AQ69: =AM69+AN69+AO69/$C$16+AP69/$F$16 -> 0 | AR69: =AQ69*$C$16 -> 0 | AS69: =SUMIFS('Maturing receivables'!$K:$K,'Maturing receivables'!$F:$F,Vertical_Cash_flow!$B$66,'Maturing receivables'!$A:$A,Vertical_Cash_flow!AS17,'Maturing receivables'!$J:$J,Vertical_Cash_flow!AS18,'Maturing receivables'!$S:$S,Vertical_Cash_flow!AS$11) -> 0 | AT69: =SUMIFS('Maturing receivables'!$K:$K,'Maturing receivables'!$F:$F,Vertical_Cash_flow!$B$66,'Maturing receivables'!$A:$A,Vertical_Cash_flow!AT17,'Maturing receivables'!$J:$J,Vertical_Cash_flow!AT18,'Maturing receivables'!$S:$S,Vertical_Cash_flow!AS$11) -> 0 | AU69: =SUMIFS('Maturing receivables'!$K:$K,'Maturing receivables'!$S:$S,Vertical_Cash_flow!AS$11,'Maturing receivables'!$J:$J,Vertical_Cash_flow!AU$15,'Maturing receivables'!$A:$A,Vertical_Cash_flow!$E$14,'Maturing receivables'!$G:$G,Vertical_Cash_flow!$B69,'Maturing receivables'!$F:$F,Vertical_Cash_flow!$B$66) -> 0 | AV69: =SUMIFS('Maturing receivables'!$K:$K,'Maturing receivables'!$F:$F,Vertical_Cash_flow!$B$66,'Maturing receivables'!$A:$A,Vertical_Cash_flow!AV17,'Maturing receivables'!$J:$J,Vertical_Cash_flow!AV18,'Maturing receivables'!$S:$S,Vertical_Cash_flow!AS$11) -> 0 | AW69: =AS69+AT69+AU69/$C$16+AV69/$F$16 -> 0 | AX69: =AW69*$C$16 -> 0
B70: ALPHADEAL | E70: =SUMIFS('Maturing receivables'!$K:$K,'Maturing receivables'!$S:$S,Vertical_Cash_flow!C$11,'Maturing receivables'!$J:$J,Vertical_Cash_flow!E$15,'Maturing receivables'!$A:$A,Vertical_Cash_flow!$E$14,'Maturing receivables'!$G:$G,Vertical_Cash_flow!$B70,'Maturing receivables'!$F:$F,Vertical_Cash_flow!$B$66) -> 0 | G70: =C70+D70+E70/$C$16+F70/$F$16 -> 0 | K70: =SUMIFS('Maturing receivables'!$K:$K,'Maturing receivables'!$S:$S,Vertical_Cash_flow!I$11,'Maturing receivables'!$J:$J,Vertical_Cash_flow!K$15,'Maturing receivables'!$A:$A,Vertical_Cash_flow!$E$14,'Maturing receivables'!$G:$G,Vertical_Cash_flow!$B70,'Maturing receivables'!$F:$F,Vertical_Cash_flow!$B$66) -> 0 | M70: =I70+J70+K70/$C$16+L70/$F$16 -> 0 | Q70: =SUMIFS('Maturing receivables'!$K:$K,'Maturing receivables'!$S:$S,Vertical_Cash_flow!O$11,'Maturing receivables'!$J:$J,Vertical_Cash_flow!Q$15,'Maturing receivables'!$A:$A,Vertical_Cash_flow!$E$14,'Maturing receivables'!$G:$G,Vertical_Cash_flow!$B70,'Maturing receivables'!$F:$F,Vertical_Cash_flow!$B$66) -> 0 | S70: =O70+P70+Q70/$C$16+R70/$F$16 -> 0 | W70: =SUMIFS('Maturing receivables'!$K:$K,'Maturing receivables'!$S:$S,Vertical_Cash_flow!U$11,'Maturing receivables'!$J:$J,Vertical_Cash_flow!W$15,'Maturing receivables'!$A:$A,Vertical_Cash_flow!$E$14,'Maturing receivables'!$G:$G,Vertical_Cash_flow!$B70,'Maturing receivables'!$F:$F,Vertical_Cash_flow!$B$66) -> 0 | Y70: =U70+V70+W70/$C$16+X70/$F$16 -> 0 | AC70: =SUMIFS('Maturing receivables'!$K:$K,'Maturing receivables'!$S:$S,Vertical_Cash_flow!AA$11,'Maturing receivables'!$J:$J,Vertical_Cash_flow!AC$15,'Maturing receivables'!$A:$A,Vertical_Cash_flow!$E$14,'Maturing receivables'!$G:$G,Vertical_Cash_flow!$B70,'Maturing receivables'!$F:$F,Vertical_Cash_flow!$B$66) -> 0 | AE70: =AA70+AB70+AC70/$C$16+AD70/$F$16 -> 0 | AI70: =SUMIFS('Maturing receivables'!$K:$K,'Maturing receivables'!$S:$S,Vertical_Cash_flow!AG$11,'Maturing receivables'!$J:$J,Vertical_Cash_flow!AI$15,'Maturing receivables'!$A:$A,Vertical_Cash_flow!$E$14,'Maturing receivables'!$G:$G,Vertical_Cash_flow!$B70,'Maturing receivables'!$F:$F,Vertical_Cash_flow!$B$66) -> 255443.34 | AK70: =AG70+AH70+AI70/$C$16+AJ70/$F$16 -> 851477.8 | AO70: =SUMIFS('Maturing receivables'!$K:$K,'Maturing receivables'!$S:$S,Vertical_Cash_flow!AM$11,'Maturing receivables'!$J:$J,Vertical_Cash_flow!AO$15,'Maturing receivables'!$A:$A,Vertical_Cash_flow!$E$14,'Maturing receivables'!$G:$G,Vertical_Cash_flow!$B70,'Maturing receivables'!$F:$F,Vertical_Cash_flow!$B$66) -> 0 | AQ70: =AM70+AN70+AO70/$C$16+AP70/$F$16 -> 0 | AU70: =SUMIFS('Maturing receivables'!$K:$K,'Maturing receivables'!$S:$S,Vertical_Cash_flow!AS$11,'Maturing receivables'!$J:$J,Vertical_Cash_flow!AU$15,'Maturing receivables'!$A:$A,Vertical_Cash_flow!$E$14,'Maturing receivables'!$G:$G,Vertical_Cash_flow!$B70,'Maturing receivables'!$F:$F,Vertical_Cash_flow!$B$66) -> 0 | AW70: =AS70+AT70+AU70/$C$16+AV70/$F$16 -> 0
